Workbook

Sheet 1、部门收支总表
H1: 表-01
A2: 部门收支总表
A3: 单位：岳阳县教育体育局(汇总) | H3: 单位:万元
A4: 收 入 | C4: 支 出
A5: 项 目 | B5: 本年预算 | C5: 功能分类科目 | D5: 本年预算 | E5: 部门预算经济分类 | F5: 本年预算 | G5: 政府预算经济分类 | H5: 本年预算
A6: 一、一般预算拨款(补助) | B6: =B7+B8 -> 96720 | C6: 一、一般公共服务支出 | E6: 一、基本支出 | F6: =F7+F8+F9 -> 95452.03 | G6: 一、机关工资福利支出 | H6: 1288.96
A7: 经费拨款(补助) | B7: 96720 | C7: 二、国防支出 | E7: 工资福利支出 | F7: 64447.87 | G7: 二、机关商品和服务支出 | H7: 306.72
A8: 纳入一般公共预算管理的非税收入拨款 | C8: 三、公共安全支出 | E8: 商品和服务支出 | F8: 15336.17 | G8: 三、机关资本性支出（一） | H8: 41.95
A9: 二、纳入专户管理的非税收入拨款 | B9: 10167 | C9: 四、教育支出 | D9: =B28 -> 121286 | E9: 对个人和家庭的补助 | F9: 15667.99 | G9: 四、机关资本性支出（二）
A10: 三、政府性基金拨款 | C10: 五、科学技术支出 | E10: 二、项目支出 | F10: =F11+F12+F13+F14+F15+F16+F17 -> 25833.97 | G10: 五、对事业单位经常性补助 | H10: 117656.26
A11: 四、事业单位经营服务收入 | C11: 六、文化体育与传媒支出 | E11: 专项商品和服务支出 | F11: 8358.14 | G11: 六、对事业单位资本性补助
A12: 五、上级补助收入 | C12: 七、社会保障和就业支出 | E12: 对企业补助 | G12: 七、对企业补助
A13: 六、附属单位上缴收入 | C13: 八、医疗卫生与计划生育支出 | E13: 债务利息及费用支出 | G13: 八、对企业资本性支出
A14: 七、其他收入 | B14: 14399 | C14: 九、节能环保支出 | E14: 对社会保障基金补助 | G14: 九、对个人和家庭的补助
C15: 十、城乡社区支出 | E15: 资本性支出(基本建设) | G15: 十、对社会保障基金补助
C16: 十一、农林水支出 | E16: 资本性支出 | F16: 4195.08 | G16: 十一、债务利息及费用支出
C17: 十二、交通运输支出 | E17: 其他支出 | F17: 13280.75 | G17: 十二、债务还本支出
C18: 十三、资源勘探信息等支出 | E18: 三、事业单位经营支出 | G18: 十三、转移性支出
C19: 十四、商业服务业等支出 | E19: 四、对附属单位补助支出 | G19: 十四、预备费及预留
C20: 十五、国土海洋气象等支出 | E20: 五、上级上缴支出 | G20: 十五、其他支出 | H20: 1992.11
C21: 十六、住房保障支出
C22: 十七、粮油物资储备支出
C23: 十八、预备费
C24: 十九、其他支出
C25: 二十、债务还本支出
A26: 本 年 收 入 合 计 | B26: =B6+B14+B9+B10 -> 121286 | C26: 本 年 支 出 合 计 | D26: =D9 -> 121286 | E26: 本 年 支 出 合 计 | F26: =F6+F10 -> 121286 | G26: 本 年 支 出 合 计 | H26: =SUM(H6:H20) -> 121286
A27: 八、上年结转
A28: 收 入 总 计 | B28: =B26 -> 121286 | C28: 支 出 总 计 | D28: =D26 -> 121286 | E28: 支 出 总 计 | F28: =F26 -> 121286 | G28: 支 出 总 计 | H28: =H26 -> 121286

Sheet 2、部门收入总表
M1: 表-02
A2: 部门收入总表
A3: 单位：岳阳县教育体育局(汇总) | L3: 单位：万元
A4: 单位代码 | B4: 单位名称 | C4: 合计 | D4: 一般预算拨款（补助） | G4: 纳入专户管理的非税收入拨款 | H4: 政府性基金拨款 | I4: 事业单位经营收入 | J4: 上级补助收入 | K4: 附属单位上缴收入 | L4: 其他收入 | M4: 上年结转
D5: 小计 | E5: 经费拨款 | F5: 纳入预算管理的非税收入拨款
A6: ** | B6: ** | C6: 1 | D6: 2 | E6: 3 | F6: 4 | G6: 5 | H6: 6 | I6: 7 | J6: 8 | K6: 9 | L6: 10 | M6: 11
B7: 合计 | C7: =C8 -> 121286 | D7: =D8 -> 96720 | E7: =E8 -> 96720 | F7: =F8 -> 0 | G7: =G8 -> 10167 | H7: =H8 -> 0 | I7: =I8 -> 0 | J7: =J8 -> 0 | ... M7: =M8 -> 0
A8: 084 | B8: 岳阳县教育体育局(汇总) | C8: =D8+G8+H8+I8+J8+K8+L8+M8 -> 121286 | D8: =E8+F8 -> 96720 | E8: ='1、部门收支总表'!B7 -> 96720 | G8: ='1、部门收支总表'!B9 -> 10167 | L8: ='1、部门收支总表'!B14 -> 14399

Sheet 3、部门支出总表 
P1: 表-03
A2: 部门支出总表
A3: 单位：岳阳县教育体育局(汇总) | O3: 单位：万元
A4: 科目编码 | D4: 单位代码 | E4: 单位名称（功能科目） | F4: 总 计 | G4: 一般预算拨款（补助） | J4: 纳入专户管理的非税收入拨款 | K4: 政府性基金拨款 | L4: 事业单位经营收入 | M4: 上级补助收入 | N4: 附属单位上缴收入 | O4: 其他收入 | P4: 上年结转
A5: 类 | B5: 款 | C5: 项 | G5: 小计 | H5: 经费拨款 | I5: 纳入预算管理的非税收入拨款
A6: ** | B6: ** | C6: ** | D6: ** | E6: ** | F6: 1 | G6: 2 | H6: 3 | I6: 4 | J6: 5 | K6: 6 | L6: 7 | M6: 8 | N6: 9 | O6: 10 | P6: 11
A7: 合计 | D7: 084 | E7: 岳阳县教育体育局(汇总) | F7: =F8 -> 121286 | G7: =G8 -> 96720 | H7: =H8 -> 96720 | I7: =I8 -> 0 | J7: =J8 -> 10167 | K7: =K8 -> 0 | L7: =L8 -> 0 | M7: =M8 -> 0 | ... P7: =P8 -> 0
A8: 205 | E8: 教育支出 | F8: =F9+F11+F16+F18 -> 121286 | G8: =G9+G11+G16+G18 -> 96720 | H8: =H9+H11+H16+H18 -> 96720 | I8: =I9+I11+I16+I18 -> 0 | J8: =J9+J11+J16+J18 -> 10167 | K8: =K9+K11+K16+K18 -> 0 | L8: =L9+L11+L16+L18 -> 0 | M8: =M9+M11+M16+M18 -> 0 | ... P8: =P9+P11+P16+P18 -> 0
A9: 205 | B9: 01 | E9: 教育管理事务 | F9: =SUM(G9,J9:P9) -> 2885.92 | G9: =H9+I9 -> 1973.92 | H9: =H10 -> 1973.92 | I9: =I10 -> 0 | J9: =J10 -> 767 | K9: =K10 -> 0 | L9: =L10 -> 0 | M9: =M10 -> 0 | N9: =N10 -> 0 | O9: =O10 -> 145 | P9: =P10 -> 0
A10: 205 | B10: 01 | C10: 02 | D10: 084 | E10: 一般行政管理事务 | F10: =SUM(G10,J10:P10) -> 2885.92 | G10: =H10+I10 -> 1973.92 | H10: 1973.92 | J10: 767 | O10: 145
A11: 205 | B11: 02 | E11: 普通教育 | F11: =SUM(G11,J11:P11) -> 109741.43 | G11: =G12+G13+G14+G15 -> 88046.68 | H11: =H12+H13+H14+H15 -> 88046.68 | I11: =I12+I13+I14+I15 -> 0 | J11: =J12+J13+J14+J15 -> 7766.75 | K11: =K12+K13+K14+K15 -> 0 | L11: =L12+L13+L14+L15 -> 0 | M11: =M12+M13+M14+M15 -> 0 | N11: =N12+N13+N14+N15 -> 0 | ... P11: =P12+P13+P14+P15 -> 0
A12: 205 | B12: 02 | C12: 01 | D12: 084 | E12: 学前教育 | F12: =SUM(G12,J12:P12) -> 9662.33 | G12: =H12+I12 -> 4402.33 | H12: 4402.33 | O12: 5260
A13: 205 | B13: 02 | C13: 02 | D13: 084 | E13: 小学教育 | F13: =SUM(G13,J13:P13) -> 13094.8 | G13: =H13+I13 -> 8804.67 | H13: 8804.67 | J13: 1886.13 | O13: 2404
A14: 205 | B14: 02 | C14: 03 | D14: 084 | E14: 初中教育 | F14: =SUM(G14,J14:P14) -> 45395.63 | G14: =H14+I14 -> 39621.01 | H14: 39621.01 | J14: 2363.62 | O14: 3411
A15: 205 | B15: 02 | C15: 04 | D15: 084 | E15: 高中教育 | F15: =SUM(G15,J15:P15) -> 41588.67 | G15: =H15+I15 -> 35218.67 | H15: 35218.67 | J15: 3517 | O15: 2853
A16: 205 | B16: 03 | D16: 084 | E16: 职业教育 | F16: =SUM(G16,J16:P16) -> 7392.88 | G16: =G17 -> 5729.88 | H16: =H17 -> 5729.88 | I16: =I17 -> 0 | J16: =J17 -> 1337 | K16: =K17 -> 0 | L16: =L17 -> 0 | M16: =M17 -> 0 | N16: =N17 -> 0 | ... P16: =P17 -> 0
A17: 205 | B17: 03 | C17: 02 | D17: 084 | E17: 中职业教育 | F17: =SUM(G17,J17:P17) -> 7392.88 | G17: =H17+I17 -> 5729.88 | H17: 5729.88 | J17: 1337 | O17: 326
A18: 205 | B18: 07 | D18: 084 | E18: 特殊教育 | F18: =SUM(G18,J18:P18) -> 1265.77 | G18: =G19 -> 969.52 | H18: =H19 -> 969.52 | I18: =I19 -> 0 | J18: =J19 -> 296.25 | K18: =K19 -> 0 | L18: =L19 -> 0 | M18: =M19 -> 0 | N18: =N19 -> 0 | ... P18: =P19 -> 0
A19: 205 | B19: 07 | C19: 01 | D19: 084 | E19: 特殊学校教育 | F19: =SUM(G19,J19:P19) -> 1265.77 | G19: =H19+I19 -> 969.52 | H19: 969.52 | J19: 296.25
H22: 88745 | J22: 7374 | K22: 1000 | O22: 1407

Sheet 4、部门支出总表（分类）
T1: 表-04
A2: 部门支出总表（分类）
A3: 单位：岳阳县教育体育局(汇总) | T3: 单位：万元
A4: 功能科目 | D4: 单位代码 | E4: 单位名称（功能科目） | F4: 经济科目 | G4: 基本支出 | K4: 项目支出 | S4: 事业单位经营支出 | T4: 对附属单位补助支出 | U4: 上缴上级支出
A5: 类 | B5: 款 | C5: 项 | G5: 合计 | H5: 工资福利支出 | I5: 一般商品和服务支出 | J5: 对个人和家庭的补助 | K5: 合计 | L5: 专项商品和服务支出 | M5: 对企业补助 | N5: 债务利息及费用支出 | O5: 对社会保障基金补助 | P5: 资本性支出(基本建设) | Q5: 资本性支出 | R5: 其他支出
F6: 总 计
A7: ** | B7: ** | C7: ** | D7: ** | E7: ** | F7: 1 | G7: 2 | H7: 3 | I7: 4 | J7: 5 | K7: 6 | L7: 7 | M7: 8 | N7: 9 | O7: 10 | P7: 11 | Q7: 12 | R7: 13 | S7: 14 | T7: 15 | U7: 16
A8: 合计 | D8: 084 | E8: 岳阳县教育体育局(汇总) 教育支出 | F8: =F9 -> 121286 | G8: =G9 -> 95452.03 | H8: =H9 -> 64447.87 | I8: =I9 -> 15336.17 | J8: =J9 -> 15667.99 | K8: =K9 -> 25833.97 | L8: =L9 -> 8358.14 | M8: =M9 -> 0 | ... U8: =U9 -> 0
A9: 205 | D9: 084 | E9: 教育支出 | F9: =F10+F12+F17+F19 -> 121286 | G9: =G10+G12+G17+G19 -> 95452.03 | H9: =H10+H12+H17+H19 -> 64447.87 | I9: =I10+I12+I17+I19 -> 15336.17 | J9: =J10+J12+J17+J19 -> 15667.99 | K9: =K10+K12+K17+K19 -> 25833.97 | L9: =L10+L12+L17+L19 -> 8358.14 | M9: =M10+M12+M17+M19 -> 0 | ... U9: =U10+U12+U17+U19 -> 0
A10: 205 | B10: 01 | D10: 084 | E10: 教育管理事务 | F10: =F11 -> 2820.92 | G10: =G11 -> 2433.9 | H10: =H11 -> 1598.18 | I10: =I11 -> 520.65 | J10: =J11 -> 315.07 | K10: =K11 -> 387.02 | L10: =L11 -> 78 | M10: =M11 -> 0 | ... U10: =U11 -> 0
A11: 205 | B11: 01 | C11: 02 | D11: 084 | E11: 一般行政管理事务 | F11: =G11+K11 -> 2820.92 | G11: =H11+I11+J11 -> 2433.9 | H11: 1598.18 | I11: 520.65 | J11: 315.07 | K11: =SUM(L11:U11) -> 387.02 | L11: 78 | M11: 0 | N11: 0 | O11: 0 | P11: 0 | Q11: 150 | R11: 159.02
A12: 205 | B12: 02 | D12: 084 | E12: 普通教育 | F12: =F13+F14+F15+F16 -> 109612.43 | G12: =G13+G14+G15+G16 -> 85404.3 | H12: =H13+H14+H15+H16 -> 57765.38 | I12: =I13+I14+I15+I16 -> 13450.23 | J12: =J13+J14+J15+J16 -> 14188.69 | K12: =SUM(L12:U12) -> 24208.13 | L12: =L13+L14+L15+L16 -> 7986.09 | M12: =M13+M14+M15+M16 -> 0 | N12: =N13+N14+N15+N16 -> 0 | O12: =O13+O14+O15+O16 -> 0 | P12: =P13+P14+P15+P16 -> 0 | Q12: =Q13+Q14+Q15+Q16 -> 3779.33 | R12: =R13+R14+R15+R16 -> 12442.71 | S12: =S13+S14+S15+S16 -> 0 | ... U12: =U13+U14+U15+U16 -> 0
A13: 205 | B13: 02 | C13: 01 | D13: 084 | E13: 学前教育 | F13: =G13+K13 -> 7982.33 | G13: =H13+I13+J13 -> 3940.62 | H13: 2712.38 | I13: 525.56 | J13: 702.68 | K13: =SUM(L13:U13) -> 4041.71 | L13: 1529.35 | M13: 0 | N13: 0 | O13: 0 | P13: 0 | Q13: 144.97 | R13: 2367.39
A14: 205 | B14: 02 | C14: 02 | D14: 084 | E14: 小学教育 | F14: =G14+K14 -> 14489.8 | G14: =H14+I14+J14 -> 9487.39 | H14: 6313.9 | I14: 1733.12 | J14: 1440.37 | K14: =SUM(L14:U14) -> 5002.41 | L14: 1657.71 | M14: 0 | N14: 0 | O14: 0 | P14: 0 | Q14: 504.93 | R14: 2839.77
A15: 205 | B15: 02 | C15: 03 | D15: 084 | E15: 初中教育 | F15: =G15+K15 -> 45734.62 | G15: =H15+I15+J15 -> 37379.26 | H15: 25425.02 | I15: 5585.08 | J15: 6369.16 | K15: =SUM(L15:U15) -> 8355.36 | L15: 2564.19 | M15: 0 | N15: 0 | O15: 0 | P15: 0 | Q15: 1649.7 | R15: 4141.47
A16: 205 | B16: 02 | C16: 04 | D16: 084 | E16: 高中教育 | F16: =G16+K16 -> 41405.68 | G16: =H16+I16+J16 -> 34597.03 | H16: 23314.08 | I16: 5606.47 | J16: 5676.48 | K16: =SUM(L16:U16) -> 6808.65 | L16: 2234.84 | M16: 0 | N16: 0 | O16: 0 | P16: 0 | Q16: 1479.73 | R16: 3094.08
A17: 205 | B17: 03 | D17: 084 | E17: 职业教育 | F17: =F18 -> 7456.88 | G17: =G18 -> 6482.38 | H17: =H18 -> 4337.22 | I17: =I18 -> 1156.96 | J17: =J18 -> 988.2 | K17: =SUM(L17:U17) -> 974.5 | L17: =L18 -> 232 | M17: =M18 -> 0 | N17: =N18 -> 0 | O17: =O18 -> 0 | P17: =P18 -> 0 | Q17: =Q18 -> 188.5 | R17: =R18 -> 554 | S17: =S18 -> 0 | ... U17: =U18 -> 0
A18: 205 | B18: 03 | C18: 02 | D18: 084 | E18: 中职业教育 | F18: =G18+K18 -> 7456.88 | G18: =SUM(H18:J18) -> 6482.38 | H18: 4337.22 | I18: 1156.96 | J18: 988.2 | K18: =SUM(L18:U18) -> 974.5 | L18: 232 | Q18: 188.5 | R18: 554
A19: 205 | B19: 07 | D19: 084 | E19: 特殊教育 | F19: =G19+K19 -> 1395.77 | G19: =G20 -> 1131.45 | H19: =H20 -> 747.09 | I19: =I20 -> 208.33 | J19: =J20 -> 176.03 | K19: =SUM(L19:U19) -> 264.32 | L19: =L20 -> 62.05 | M19: =M20 -> 0 | N19: =N20 -> 0 | O19: =O20 -> 0 | P19: =P20 -> 0 | Q19: =Q20 -> 77.25 | R19: =R20 -> 125.02 | S19: =S20 -> 0
A20: 205 | B20: 07 | C20: 01 | D20: 084 | E20: 特殊学校教育 | F20: =G20+K20 -> 1395.77 | G20: =H20+I20+J20 -> 1131.45 | H20: 747.09 | I20: 208.33 | J20: 176.03 | K20: =SUM(L20:U20) -> 264.32 | L20: 62.05 | Q20: 77.25 | R20: 125.02
H22: =H11/$F$11 -> 0.56654567 | I22: =I11/$F$11 -> 0.18456745 | J22: =J11/$F$11 -> 0.11169051 | L22: =L11/$F$11 -> 0.027650554 | M22: =M11/$F$11 -> 0 | N22: =N11/$F$11 -> 0 | O22: =O11/$F$11 -> 0 | P22: =P11/$F$11 -> 0 | Q22: =Q11/$F$11 -> 0.053174142 | R22: =R11/$F$11 -> 0.05637168
A23: 205 | C23: 084 | D23: 教育支出 | E23: =F23+#REF! -> #REF! | F23: =SUM(F24:F27) -> 88745 | G23: =SUM(G24:G27) -> 60809.039 | H23: =SUM(H24:H27) -> 11832.641 | I23: =SUM(I24:I27) -> 16103.32 | J23: =SUM(J24:J27) -> 519.13088 | K23: =SUM(K24:K27) -> 0 | L23: =SUM(L24:L27) -> 0 | M23: =SUM(M24:M27) -> 0 | ... P23: =SUM(P24:P27) -> 1207.04 | R23: =SUM(R24:R27) -> 0 | S23: =SUM(S24:S27) -> 0 | T23: =SUM(T24:T27) -> 6176.1504 | U23: =SUM(U24:U27) -> 1207.04
A24: 205 | B24: 01 | C24: 084 | D24: 教育管理事务 | E24: =F24+#REF! -> #REF! | F24: =SUM(G24:I24) -> 1774.9006 | G24: 1216.1812 | H24: 236.65291 | I24: 322.06651 | J24: 45 | K24: 0 | L24: 0 | M24: 0 | N24: 0 | O24: 50 | P24: 74.02 | R24: 0 | S24: 0 | T24: 50 | U24: 74.02
A25: 205 | B25: 02 | C25: 084 | D25: 普通教育 | E25: =F25+#REF! -> #REF! | F25: =SUM(G25:I25) -> 80757.947 | G25: 55336.224 | H25: 10767.703 | I25: 14654.02 | J25: 380.08088 | O25: 6020.6504 | P25: 850 | T25: 6020.6504 | U25: 850
A26: 205 | B26: 03 | C26: 084 | D26: 职业教育 | E26: =F26+#REF! -> #REF! | F26: =SUM(G26:I26) -> 5324.7019 | G26: 3648.5437 | H26: 709.95872 | I26: 966.19954 | J26: 82 | O26: 60.5 | P26: 260 | T26: 60.5 | U26: 260
A27: 205 | B27: 07 | C27: 084 | D27: 特殊教育 | E27: =F27+#REF! -> #REF! | F27: =SUM(G27:I27) -> 887.45032 | G27: 608.09061 | H27: 118.32645 | I27: 161.03326 | J27: 12.05 | O27: 45 | P27: 23.02 | T27: 45 | U27: 23.02
C29: 教育管理事务 | D29: 0.020000007
A30: 02 | B30: 084 | C30: 一般行政管理事务
C31: 普通教育 | D31: 0.90999997 | E31: =E23*D31 -> #REF!
A32: 01 | B32: 084 | C32: 学前教育 | D32: 0.076923108 | E32: =$E$43*D32 -> #REF! | G32: =$E$43*D32 -> #REF! | H32: =$G$32*H22 -> #REF! | I32: =$G$32*I22 -> #REF! | J32: =$G$32*J22 -> #REF! | K32: =$G$32*K22 -> #REF! | L32: =$G$32*L22 -> #REF! | M32: =$G$32*M22 -> #REF! | N32: =$G$32*N22 -> #REF! | O32: =$G$32*O22 -> #REF! | ... V32: =$G$32*V22 -> #REF!
A33: 02 | B33: 084 | C33: 小学教育 | D33: 0.47252746 | E33: =$E$43*D33 -> #REF! | G33: =$E$43*D33 -> #REF! | H33: =$G$33*H22 -> #REF! | I33: =$G$33*I22 -> #REF! | J33: =$G$33*J22 -> #REF! | K33: =$G$33*K22 -> #REF! | L33: =$G$33*L22 -> #REF! | M33: =$G$33*M22 -> #REF! | N33: =$G$33*N22 -> #REF! | O33: =$G$33*O22 -> #REF! | ... R33: =$G$33*R22 -> #REF! | T33: =$E$33*T22 -> #REF! | U33: =$E$33*U22 -> #REF!
A34: 03 | B34: 084 | C34: 初中教育 | D34: 0.2857142 | E34: =$E$43*D34 -> #REF! | G34: =$E$43*D34 -> #REF! | H34: =$G$34*H22 -> #REF! | I34: =$G$34*I22 -> #REF! | J34: =$G$34*J22 -> #REF! | K34: =$G$34*K22 -> #REF! | L34: =$G$34*L22 -> #REF! | M34: =$G$34*M22 -> #REF! | N34: =$G$34*N22 -> #REF! | O34: =$G$34*O22 -> #REF! | ... R34: =$G$34*R22 -> #REF!
A35: 04 | B35: 084 | C35: 高中教育 | D35: 0.16483523 | E35: =$E$43*D35 -> #REF! | G35: =$E$43*D35 -> #REF! | H35: =$G$35*H22 -> #REF! | I35: =$G$35*I22 -> #REF! | J35: =$G$35*J22 -> #REF! | K35: =$G$35*K22 -> #REF! | L35: =$G$35*L22 -> #REF! | M35: =$G$35*M22 -> #REF! | N35: =$G$35*N22 -> #REF! | O35: =$G$35*O22 -> #REF! | ... R35: =$G$35*R22 -> #REF!
B36: 084 | C36: 职业教育 | D36: 0.060000022
A37: 02 | B37: 084 | C37: 中职业教育
B38: 084 | C38: 特殊教育 | D38: 0.010000004
A39: 01 | B39: 084 | C39: 特殊学校教育
A42: 205 | B42: 01 | C42: 084 | D42: 教育管理事务 | E42: =F42+#REF! -> #REF! | F42: =SUM(G42:I42) -> 1774.9006 | G42: 1216.1812 | H42: 236.65291 | I42: 322.06651 | J42: 45 | K42: 0 | L42: 0 | M42: 0 | N42: 0 | O42: 50 | P42: 74.02
A43: 205 | B43: 02 | C43: 084 | D43: 普通教育 | E43: =F43+#REF! -> #REF! | F43: =SUM(G43:I43) -> 80757.947 | G43: 55336.224 | H43: 10767.703 | I43: 14654.02 | J43: 380.08088 | O43: 6020.6504 | P43: 850
A44: 205 | B44: 03 | C44: 084 | D44: 职业教育 | E44: =F44+#REF! -> #REF! | F44: =SUM(G44:I44) -> 5324.7019 | G44: 3648.5437 | H44: 709.95872 | I44: 966.19954 | J44: 82 | O44: 60.5 | P44: 260
A45: 205 | B45: 07 | C45: 084 | D45: 特殊教育 | E45: =F45+#REF! -> #REF! | F45: =SUM(G45:I45) -> 887.45032 | G45: 608.09061 | H45: 118.32645 | I45: 161.03326 | J45: 12.05 | O45: 45 | P45: 23.02
K49: =L13+Q13 -> 1674.32
K50: =L14+Q14 -> 2162.64
K51: =L15+Q15 -> 4213.89
K52: =L16+Q16 -> 3714.57
I116: 非税收入
J129: =H13+I13 -> 3237.94 | L129: =L13+Q13 -> 1674.32
J130: =H14+I14 -> 8047.02 | L130: =L14+Q14 -> 2162.64
J131: =H15+I15 -> 31010.1 | L131: =L15+Q15 -> 4213.89
J132: =H16+I16 -> 28920.55 | L132: =L16+Q16 -> 3714.57

Sheet 5、支出分类(政府预算)
T1: 表-05
A2: 部门支出总表(按政府预算经济分类)
A3: 单位：岳阳县教育体育局(汇总) | T3: 单位：万元
A4: 功能科目 | D4: 单位编码 | E4: 功能科目名称 | F4: 总 计 | G4: 机关工资福利支出 | H4: 机关商品和服务支出 | I4: 机关资本性支出(一) | J4: 机关资本性支出(二) | K4: 对事业单位经常性补助 | L4: 对事业单位资本性补助 | M4: 对企业补助 | N4: 对企业资本性支出 | O4: 对个人和家庭的补助 | P4: 对社会保障基金补助 | Q4: 债务利息及费用支出 | R4: 债务还本支出 | S4: 转移性支出 | T4: 预备费及预留 | U4: 其他支出
A5: 类 | B5: 款 | C5: 项
A7: 合计 | D7: 084 | E7: 岳阳县教育体育局(汇总) | F7: =F8 -> 121286 | G7: =G8 -> 1288.9574 | H7: =H8 -> 306.7234 | I7: =I8 -> 41.9508 | J7: =J8 -> 0 | K7: =K8 -> 117656.26 | L7: =L8 -> 0 | M7: =M8 -> 0 | ... U7: =U8 -> 1992.1125
A8: 205 | D8: 084 | E8: 教育支出 | F8: =F9+F11+F16+F18 -> 121286 | G8: =G9+G11+G16+G18 -> 1288.9574 | H8: =H9+H11+H16+H18 -> 306.7234 | I8: =I9+I11+I16+I18 -> 41.9508 | J8: =J9+J11+J16+J18 -> 0 | K8: =K9+K11+K16+K18 -> 117656.26 | L8: =L9+L11+L16+L18 -> 0 | M8: =M9+M11+M16+M18 -> 0 | N8: =N9+N11+N16+N18 -> 0 | O8: =O9+O11+O16+O19 -> 0 | P8: =P9+P11+P16+P18 -> 0 | Q8: =Q9+Q11+Q16+Q18 -> 0 | R8: =R9+R11+R16+R18 -> 0 | S8: =S9+S11+S16+S18 -> 0 | T8: =T9+T11+T16+T18 -> 0 | U8: =U9+U11+U16+U18 -> 1992.1125
A9: 205 | B9: 01 | D9: 084 | E9: 教育管理事务 | F9: =F10 -> 2820.92 | G9: =G10 -> 31.9636 | H9: =H10 -> 10.413 | I9: =I10 -> 1.5 | J9: =J10 -> 0 | K9: =K10 -> 2753.1904 | L9: =L10 -> 0 | M9: =M10 -> 0 | ... U9: =U10 -> 23.853 | V9: 2820.92
A10: 205 | B10: 01 | C10: 02 | D10: 084 | E10: 一般行政管理事务 | F10: =SUM(G10:U10) -> 2820.92 | G10: ='4、部门支出总表（分类）'!H11*0.02 -> 31.9636 | H10: ='4、部门支出总表（分类）'!I11*0.02 -> 10.413 | I10: ='4、部门支出总表（分类）'!Q11*0.01 -> 1.5 | K10: =V9-SUM(G10:I10)-U10 -> 2753.1904 | U10: ='4、部门支出总表（分类）'!R11*0.15 -> 23.853 | V10: 109612.43
A11: 205 | B11: 02 | D11: 084 | E11: 普通教育 | F11: =F12+F13+F14+F15 -> 109612.43 | G11: ='4、部门支出总表（分类）'!H12*0.02 -> 1155.3076 | H11: ='4、部门支出总表（分类）'!I12*0.02 -> 269.0046 | I11: ='4、部门支出总表（分类）'!Q12*0.01 -> 37.7933 | J11: =J12+J13+J14+J15 -> 0 | K11: =V10-SUM(G11:I11)-U11 -> 106283.92 | L11: =L12+L13+L14+L15 -> 0 | M11: =M12+M13+M14+M15 -> 0 | N11: =N12+N13+N14+N15 -> 0 | O11: =O12+O13+O14+O15 -> 0 | P11: =P12+P13+P14+P15 -> 0 | Q11: =Q12+Q13+Q14+Q15 -> 0 | R11: =R12+R13+R14+R15 -> 0 | S11: =S12+S13+S14+S15 -> 0 | T11: =T12+T13+T14+T15 -> 0 | U11: ='4、部门支出总表（分类）'!R12*0.15 -> 1866.4065 | V11: 7982.33
A12: 205 | B12: 02 | C12: 01 | D12: 084 | E12: 学前教育 | F12: =SUM(G12:U12) -> 7982.33 | G12: ='4、部门支出总表（分类）'!H13*0.02 -> 54.2476 | H12: ='4、部门支出总表（分类）'!I13*0.02 -> 10.5112 | I12: ='4、部门支出总表（分类）'!Q13*0.01 -> 1.4497 | K12: =V11-SUM(G12:I12)-U12 -> 7561.013 | U12: ='4、部门支出总表（分类）'!R13*0.15 -> 355.1085 | V12: 14489.8
A13: 205 | B13: 02 | C13: 02 | D13: 084 | E13: 小学教育 | F13: =SUM(G13:U13) -> 14489.8 | G13: ='4、部门支出总表（分类）'!H14*0.02 -> 126.278 | H13: ='4、部门支出总表（分类）'!I14*0.02 -> 34.6624 | I13: ='4、部门支出总表（分类）'!Q14*0.01 -> 5.0493 | K13: =V12-SUM(G13:I13)-U13 -> 13897.845 | U13: ='4、部门支出总表（分类）'!R14*0.15 -> 425.9655 | V13: 45734.62
A14: 205 | B14: 02 | C14: 03 | D14: 084 | E14: 初中教育 | F14: =SUM(G14:U14) -> 45734.62 | G14: ='4、部门支出总表（分类）'!H15*0.02 -> 508.5004 | H14: ='4、部门支出总表（分类）'!I15*0.02 -> 111.7016 | I14: ='4、部门支出总表（分类）'!Q15*0.01 -> 16.497 | K14: =V13-SUM(G14:I14)-U14 -> 44476.7 | U14: ='4、部门支出总表（分类）'!R15*0.15 -> 621.2205 | V14: 41405.68
A15: 205 | B15: 02 | C15: 04 | D15: 084 | E15: 高中教育 | F15: =SUM(G15:U15) -> 41405.68 | G15: ='4、部门支出总表（分类）'!H16*0.02 -> 466.2816 | H15: ='4、部门支出总表（分类）'!I16*0.02 -> 112.1294 | I15: ='4、部门支出总表（分类）'!Q16*0.01 -> 14.7973 | K15: =V14-SUM(G15:I15)-U15 -> 40348.36 | U15: ='4、部门支出总表（分类）'!R16*0.15 -> 464.112 | V15: 7456.88
A16: 205 | B16: 03 | D16: 084 | E16: 职业教育 | F16: =F17 -> 7456.88 | G16: ='4、部门支出总表（分类）'!H17*0.02 -> 86.7444 | H16: ='4、部门支出总表（分类）'!I17*0.02 -> 23.1392 | I16: ='4、部门支出总表（分类）'!Q17*0.01 -> 1.885 | J16: =J17 -> 0 | K16: =V15-SUM(G16:I16)-U16 -> 7262.0114 | L16: =L17 -> 0 | M16: =M17 -> 0 | N16: =N17 -> 0 | O16: =O17 -> 0 | P16: =P17 -> 0 | Q16: =Q17 -> 0 | R16: =R17 -> 0 | S16: =S17 -> 0 | T16: =T17 -> 0 | U16: ='4、部门支出总表（分类）'!R17*0.15 -> 83.1 | V16: 7456.88
A17: 205 | B17: 03 | C17: 02 | D17: 084 | E17: 中职业教育 | F17: =SUM(G17:U17) -> 7456.88 | G17: ='4、部门支出总表（分类）'!H18*0.02 -> 86.7444 | H17: ='4、部门支出总表（分类）'!I18*0.02 -> 23.1392 | I17: ='4、部门支出总表（分类）'!Q18*0.01 -> 1.885 | K17: =V16-SUM(G17:I17)-U17 -> 7262.0114 | U17: ='4、部门支出总表（分类）'!R18*0.15 -> 83.1 | V17: 1395.77
A18: 205 | B18: 07 | D18: 084 | E18: 特殊教育 | F18: =F19 -> 1395.77 | G18: ='4、部门支出总表（分类）'!H19*0.02 -> 14.9418 | H18: ='4、部门支出总表（分类）'!I19*0.02 -> 4.1666 | I18: ='4、部门支出总表（分类）'!Q19*0.01 -> 0.7725 | J18: =J19 -> 0 | K18: =V17-SUM(G18:I18)-U18 -> 1357.1361 | L18: =L19 -> 0 | M18: =M19 -> 0 | N18: =N19 -> 0 | O18: =O19 -> 0 | P18: =P19 -> 0 | Q18: =Q19 -> 0 | R18: =R19 -> 0 | S18: =S19 -> 0 | T18: =T19 -> 0 | U18: ='4、部门支出总表（分类）'!R19*0.15 -> 18.753 | V18: 1395.77
A19: 205 | B19: 07 | C19: 01 | D19: 084 | E19: 特殊学校教育 | F19: =SUM(G19:U19) -> 1395.77 | G19: ='4、部门支出总表（分类）'!H20*0.02 -> 14.9418 | H19: ='4、部门支出总表（分类）'!I20*0.02 -> 4.1666 | I19: ='4、部门支出总表（分类）'!Q20*0.01 -> 0.7725 | K19: =V18-SUM(G19:I19)-U19 -> 1357.1361 | U19: ='4、部门支出总表（分类）'!R20*0.15 -> 18.753
K24: 88008.678
K25: 6769.901
K26: 41586.517
K27: 25145.329
K28: 14506.931
K29: 5727.2024
K30: 5727.2024
K31: 967.51707
K32: 967.51707

Sheet 6、基本-工资福利
Z1: 表-06
A2: 工资福利支出预算表
A3: 单位：岳阳县教育体育局(汇总) | Y3: 单位：万元
A4: 科目编码 | D4: 单位代码 | E4: 单位名称（功能科目） | F4: 总 计 | G4: 工资性支出 | O4: 社会保障缴费 | W4: 住房公积金 | X4: 其他工资福利支出
A5: 类 | B5: 款 | C5: 项 | G5: 合计 | H5: 基本工资 | I5: 基本工资提标 | J5: 规范性公务员津补贴 | K5: 特殊岗位津贴 | L5: 津贴补贴提标 | M5: 绩效工资 | N5: 绩效工资提标 | O5: 合计 | P5: 机关事业单位基本养老保险缴费 | Q5: 职工基本医疗保险缴费 | R5: 公务员医疗补助缴费 | S5: 生育保险 | T5: 工伤保险 | U5: 残疾人保障金 | V5: 医疗费 | X5: 合计 | Y5: 定额补助 | Z5: 工勤人员经费 | AA5: 其他工资福利支出
A7: ** | B7: ** | C7: ** | D7: ** | E7: ** | F7: 1 | G7: 2 | H7: 3 | I7: 4 | J7: 5 | K7: 6 | L7: 7 | M7: 8 | N7: 9 | O7: 10 | P7: 11 | Q7: 12 | R7: 13 | S7: 14 | T7: 15 | U7: 16 | V7: 17 | W7: 18 | X7: 19 | Y7: 20 | Z7: 21 | AA7: 22
A8: 合计 | D8: 084 | E8: 岳阳县教育体育局(汇总) 教育支出 | F8: =G8+O8+W8+X8 -> 64447.867 | G8: =H8+L8+M8 -> 38469.454 | H8: =H9 -> 21959.153 | I8: =I9 -> 0 | J8: =J9 -> 0 | K8: =K9 -> 0 | L8: =L9 -> 4207.248 | M8: =M9 -> 12303.053 | N8: =N9 -> 0 | O8: =P8+Q8+R8+S8+T8 -> 11157.168 | P8: =P9 -> 5745.13 | Q8: =Q9 -> 3742.1361 | R8: =R9 -> 642.40495 | S8: =S9 -> 646.31495 | T8: =T9 -> 381.18186 | U8: =U9 -> 0 | V8: =V9 -> 0 | W8: =W9 -> 3208.399 | X8: =AA8 -> 11612.846 | Y8: =Y9 -> 0 | Z8: =Z9 -> 0 | AA8: =AA9 -> 11612.846
A9: 205 | D9: 084 | E9: 教育支出 | F9: =F10+F12+F17+F19 -> 64447.867 | G9: =H9+L9+M9 -> 38469.454 | H9: =H10+H12+H17+H19 -> 21959.153 | I9: =I10+I12+I17+I19 -> 0 | J9: =J10+J12+J17+J19 -> 0 | K9: =K10+K12+K17+K19 -> 0 | L9: =L10+L12+L17+L19 -> 4207.248 | M9: =M10+M12+M17+M19 -> 12303.053 | N9: =N10+N12+N17+N19 -> 0 | O9: =P9+Q9+R9+S9+T9 -> 11157.168 | P9: =P10+P12+P17+P19 -> 5745.13 | Q9: =Q10+Q12+Q17+Q19 -> 3742.1361 | R9: =R10+R12+R17+R19 -> 642.40495 | S9: =S10+S12+S17+S19 -> 646.31495 | T9: =T10+T12+T17+T19 -> 381.18186 | U9: =U10+U12+U17+U19 -> 0 | V9: =V10+V12+V17+V19 -> 0 | W9: =W10+W12+W17+W19 -> 3208.399 | X9: =AA9 -> 11612.846 | Y9: =Y10+Y12+Y17+Y19 -> 0 | Z9: =Z10+Z12+Z17+Z19 -> 0 | AA9: =AA10+AA12+AA17+AA19 -> 11612.846
A10: 205 | B10: 01 | D10: 084 | E10: 教育管理事务 | F10: =F11 -> 584.30815 | G10: =G11 -> 387.18892 | H10: =H11 -> 237.72638 | I10: =I11 -> 0 | J10: =J11 -> 0 | K10: =K11 -> 0 | L10: =L11 -> 37.142546 | M10: =M11 -> 112.32 | ... AA10: =AA11 -> 65.25
A11: 205 | B11: 01 | C11: 02 | D11: 084 | E11: 一般行政管理事务 | F11: =G11+O11+W11+X11 -> 584.30815 | G11: =H11+L11+M11 -> 387.18892 | H11: 237.72638 | I11: 0 | J11: 0 | K11: 0 | L11: 37.142546 | M11: 112.32 | N11: 0 | O11: =P11+Q11+R11+S11+T11 -> 102.89022 | P11: 53.14 | Q11: 33.810217 | R11: 5.74 | S11: 5.68 | T11: 4.52 | U11: 0 | V11: 0 | W11: 28.979008 | X11: =AA11 -> 65.25 | Y11: 0 | Z11: 0 | AA11: 65.25 | AB11: 0 | AC11: 65.25
A12: 205 | B12: 02 | D12: 084 | E12: 普通教育 | F12: =F13+F14+F15+F16 -> 55050.84 | G12: =G13+G14+G15+G16 -> 32080.986 | H12: =H13+H14+H15+H16 -> 18036.477 | I12: =I13+I14+I15+I16 -> 0 | J12: =J13+J14+J15+J16 -> 0 | K12: =K13+K14+K15+K16 -> 0 | L12: =L13+L14+L15+L16 -> 3577.038 | M12: =M13+M14+M15+M16 -> 10467.471 | ... AA12: =AA13+AA14+AA15+AA16 -> 10699.296 | AC12: 5959.6063
A13: 205 | B13: 02 | C13: 01 | D13: 084 | E13: 学前教育 | F13: =G13+O13+W13+X13 -> 5957.92 | G13: =H13+L13+M13 -> 2798.9954 | H13: 1718.1096 | I13: 0 | J13: 0 | K13: 0 | L13: 275.46457 | M13: 805.42118 | N13: 0 | O13: =P13+Q13+R13+S13+T13 -> 732.51468 | P13: 378.52 | Q13: 244.88282 | R13: 42.54 | S13: 42.32 | T13: 24.251864 | U13: 0 | V13: 0 | W13: 211.52 | X13: =AA13 -> 2214.89 | Y13: 0 | Z13: 0 | AA13: 2214.89 | AB13: 0 | AC13: 475.2
A14: 205 | B14: 02 | C14: 02 | D14: 084 | E14: 小学教育 | F14: =G14+O14+W14+X14 -> 21491.606 | G14: =H14+L14+M14 -> 12892.454 | H14: 6251.73 | I14: 0 | J14: 0 | K14: 0 | L14: 1688.1388 | M14: 4952.5852 | N14: 0 | O14: =P14+Q14+R14+S14+T14 -> 4495.0515 | P14: 2322.84 | Q14: 1504.2795 | R14: 257.86601 | S14: 257.86601 | T14: 152.2 | U14: 0 | V14: 0 | W14: 1295.4 | X14: =AA14 -> 2808.7 | Y14: 0 | Z14: 0 | AA14: 2808.7 | AB14: 0 | AC14: 2808.7
A15: 205 | B15: 02 | C15: 03 | D15: 084 | E15: 初中教育 | F15: =G15+O15+W15+X15 -> 16619.21 | G15: =H15+L15+M15 -> 10384.118 | H15: 6376.4027 | I15: 0 | J15: 0 | K15: 0 | L15: 1022.1534 | M15: 2985.5623 | N15: 0 | O15: =P15+Q15+R15+S15+T15 -> 2733.672 | P15: 1412.65 | Q15: 909.56411 | R15: 155.91894 | S15: 162.91894 | T15: 92.62 | U15: 0 | V15: 0 | W15: 785.2 | X15: =AA15 -> 2716.22 | Y15: 0 | Z15: 0 | AA15: 2716.22 | AB15: 0 | AC15: 1716.22
A16: 205 | B16: 02 | C16: 04 | D16: 084 | E16: 高中教育 | F16: =G16+O16+W16+X16 -> 10982.104 | G16: =H16+L16+M16 -> 6005.4186 | H16: 3690.2349 | I16: 0 | J16: 0 | K16: 0 | L16: 591.28122 | M16: 1723.9025 | N16: 0 | O16: =P16+Q16+R16+S16+T16 -> 1564.9989 | P16: 811.21 | Q16: 524.74889 | R16: 87.54 | S16: 87.65 | T16: 53.85 | U16: 0 | V16: 0 | W16: 452.2 | X16: =AA16 -> 2959.4863 | Y16: 0 | Z16: 0 | AA16: 2959.4863 | AB16: 0 | AC16: 959.48627
A17: 205 | B17: 03 | D17: 084 | E17: 职业教育 | F17: =F18 -> 7545.7327 | G17: =G18 -> 5148.0493 | H17: =H18 -> 3161.5719 | I17: =I18 -> 0 | J17: =J18 -> 0 | K17: =K18 -> 0 | L17: =L18 -> 507.82755 | M17: =M18 -> 1478.6498 | ... AA17: =AA18 -> 716.47 | AB17: 0 | AC17: 716.47
A18: 205 | B18: 03 | C18: 02 | D18: 084 | E18: 中职业教育 | F18: =G18+O18+W18+X18 -> 7545.7327 | G18: =H18+L18+M18 -> 5148.0493 | H18: 3161.5719 | I18: 0 | J18: 0 | K18: 0 | L18: 507.82755 | M18: 1478.6498 | N18: 0 | O18: 1308.6134 | P18: 658.23 | Q18: 449.57338 | R18: 79.56 | S18: 75.63 | T18: 45.62 | U18: 0 | V18: 0 | W18: 372.6 | X18: =AA18 -> 716.47 | Y18: 0 | Z18: 0 | AA18: 716.47 | AB18: 0 | AC18: 716.47
A19: 205 | B19: 07 | D19: 084 | E19: 特殊教育 | F19: =F20 -> 1266.9868 | G19: =G20 -> 853.22969 | H19: =H20 -> 523.37768 | I19: =I20 -> 0 | J19: =J20 -> 0 | K19: =K20 -> 0 | L19: =L20 -> 85.239979 | M19: =M20 -> 244.61203 | ... AA19: =AA20 -> 131.83 | AB19: 0 | AC19: 131.83
A20: 205 | B20: 07 | C20: 01 | D20: 084 | E20: 特殊学校教育 | F20: =G20+O20+W20+X20 -> 1266.9868 | G20: =H20+L20+M20 -> 853.22969 | H20: 523.37768 | I20: 0 | J20: 0 | K20: 0 | L20: 85.239979 | M20: 244.61203 | N20: 0 | O20: 219.42715 | P20: 108.54 | Q20: 75.277146 | R20: 13.24 | S20: 14.25 | T20: 8.12 | U20: 0 | V20: 0 | W20: 62.5 | X20: =AA20 -> 131.83 | Y20: 0 | Z20: 0 | AA20: 131.83 | AB20: 0 | AC20: 131.83
F21: =G21+O21+W21+X21 -> 0
E22: 61940.972 | F22: =G22+O22+W22+X22 -> 0.049782858 | H22: =H8/$F$8 -> 0.34072738 | I22: =I8/$F$8 -> 0 | J22: =J8/$F$8 -> 0 | K22: =K8/$F$8 -> 0 | L22: =L8/$F$8 -> 0.065281416 | M22: =M8/$F$8 -> 0.1908993 | N22: =N8/$F$8 -> 0 | P22: =P8/$F$8 -> 0.089143834 | Q22: =Q8/$F$8 -> 0.058064545 | R22: =R8/$F$8 -> 0.0099678232 | S22: =S8/$F$8 -> 0.010028492 | T22: =T8/$F$8 -> 0.0059145768 | U22: =U8/$F$8 -> 0 | V22: =V8/$F$8 -> 0 | W22: =W8/$F$8 -> 0.049782858 | Y22: =Y8/$F$8 -> 0 | Z22: =Z8/$F$8 -> 0 | AA22: =AA8/$F$8 -> 0.18018977
F23: =G23+O23+W23+X23 -> 3083.5986 | H23: =$E$22*H22 -> 21104.985 | I23: =$E$22*I22 -> 0 | J23: =$E$22*J22 -> 0 | K23: =$E$22*K22 -> 0 | L23: =$E$22*L22 -> 4043.5943 | M23: =$E$22*M22 -> 11824.488 | N23: =$E$22*N22 -> 0 | O23: =$E$22*O22 -> 0 | ... AA23: =$E$22*AA22 -> 11161.129
A24: 205 | B24: 01 | C24: 02 | D24: 084 | E24: 一般行政管理事务 | F24: =G24+O24+W24+X24 -> 584.30815 | G24: =$E$22*F24 -> 565.4644 | H24: =$G$24*H22 -> 231.96404 | I24: =$G$24*I22 -> 0 | J24: =$G$24*J22 -> 0 | K24: =$G$24*K22 -> 0 | L24: =$G$24*L22 -> 37.169669 | M24: =$G$24*M22 -> 108.69347 | N24: =$G$24*N22 -> 0 | O24: =$G$24*O22 -> 0 | ... AA24: =$G$24*AA22 -> 60.722101
A25: 205 | B25: 02 | D25: 084 | E25: 普通教育 | F25: =G25+O25+W25+X25 -> 584.30815 | G25: =$E$22*F25 -> 0
A26: 205 | B26: 02 | C26: 01 | D26: 084 | E26: 学前教育 | F26: =G26+O26+W26+X26 -> 584.30815 | G26: =$E$22*F26 -> 4082.1935 | H26: =$G$26*H22 -> 1674.5919 | I26: =$G$26*I22 -> 0 | J26: =$G$26*J22 -> 0 | K26: =$G$26*K22 -> 0 | L26: =$G$26*L22 -> 268.33481 | M26: =$G$26*M22 -> 784.67856 | N26: =$G$26*N22 -> 0 | O26: =$G$26*O22 -> 0 | ... AA26: =$G$26*AA22 -> 438.36423
A27: 205 | B27: 02 | C27: 02 | D27: 084 | E27: 小学教育 | F27: =G27+O27+W27+X27 -> 584.30815 | G27: =$E$22*F27 -> 24956.872 | H27: =$G$27*H22 -> 10237.774 | I27: =$G$27*I22 -> 0 | J27: =$G$27*J22 -> 0 | K27: =$G$27*K22 -> 0 | L27: =$G$27*L22 -> 1640.49 | M27: =$G$27*M22 -> 4797.2059 | N27: =$G$27*N22 -> 0 | O27: =$G$27*O22 -> 0 | ... AA27: =$G$27*AA22 -> 2679.9808
A28: 205 | B28: 02 | C28: 03 | D28: 084 | E28: 初中教育 | F28: =G28+O28+W28+X28 -> 584.30815 | G28: =$E$22*F28 -> 15115.496 | H28: =$G$28*H22 -> 6200.6582 | I28: =$G$28*I22 -> 0 | J28: =$G$28*J22 -> 0 | K28: =$G$28*K22 -> 0 | L28: =$G$28*L22 -> 993.58683 | M28: =$G$28*M22 -> 2905.4981 | N28: =$G$28*N22 -> 0 | O28: =$G$28*O22 -> 0 | ... AA28: =$G$28*AA22 -> 1623.1697
A29: 205 | B29: 02 | C29: 04 | D29: 084 | E29: 高中教育 | F29: =G29+O29+W29+X29 -> 584.30815 | G29: =$E$22*F29 -> 8692.4338 | H29: =$G$29*H22 -> 3565.7984 | I29: =$G$29*I22 -> 0 | J29: =$G$29*J22 -> 0 | K29: =$G$29*K22 -> 0 | L29: =$G$29*L22 -> 571.37972 | M29: =$G$29*M22 -> 1670.8582 | N29: =$G$29*N22 -> 0 | O29: =$G$29*O22 -> 0 | ... AA29: =$G$29*AA22 -> 933.4325
A30: 205 | B30: 03 | D30: 084 | E30: 职业教育 | F30: =G30+O30+W30+X30 -> 584.30815 | G30: =$E$22*F30 -> 0
A31: 205 | B31: 03 | C31: 02 | D31: 084 | E31: 中职业教育 | F31: =G31+O31+W31+X31 -> 584.30815 | G31: =$E$22*F31 -> 7302.3852 | H31: =$G$31*H22 -> 2995.5746 | I31: =$G$31*I22 -> 0 | J31: =$G$31*J22 -> 0 | K31: =$G$31*K22 -> 0 | L31: =$G$31*L22 -> 480.00766 | M31: =$G$31*M22 -> 1403.6633 | N31: =$G$31*N22 -> 0 | O31: =$G$31*O22 -> 0 | ... AA31: =$G$31*AA22 -> 784.16285
A32: 205 | B32: 07 | D32: 084 | E32: 特殊教育 | F32: =G32+O32+W32+X32 -> 584.30815 | G32: =$E$22*F32 -> 1226.1269 | H32: =$G$32*H22 -> 502.98012 | I32: =$G$32*I22 -> 0 | J32: =$G$32*J22 -> 0 | K32: =$G$32*K22 -> 0 | L32: =$G$32*L22 -> 80.596995 | M32: =$G$32*M22 -> 235.68592 | N32: =$G$32*N22 -> 0 | O32: =$G$32*O22 -> 0 | ... AA32: =$G$32*AA22 -> 131.667
F33: =G33+O33+W33+X33 -> 0
F34: =G34+O34+W34+X34 -> 0
E35: 61940.972 | F35: =G35+O35+W35+X35 -> 0.070017167 | H35: 0.40551592 | I35: 0 | J35: 0 | K35: 0 | L35: 0.06399778 | M35: 0.20398688 | N35: 0 | P35: 0.12867446 | Q35: 0.056817064 | R35: 0.00079625285 | S35: 0.0039458752 | T35: 0.0056268534 | U35: 0 | V35: 0 | W35: 0.070017167 | Y35: 0 | Z35: 0 | AA35: 0.060621749
F36: =G36+O36+W36+X36 -> 4336.9314 | H36: 25118.05 | I36: 0 | J36: 0 | K36: 0 | L36: 3964.0847 | M36: 12635.145 | N36: 0 | O36: 0 | P36: 7970.2211 | Q36: 3519.3042 | R36: 49.320675 | S36: 244.41134 | T36: 348.53277 | U36: 0 | V36: 0 | W36: 4336.9314 | X36: 0 | Y36: 0 | Z36: 0 | AA36: 3754.97
A37: 205 | B37: 01 | C37: 02 | D37: 084 | E37: 一般行政管理事务 | F37: =G37+O37+W37+X37 -> 1554.9113 | G37: 1453.1648 | H37: 589.28145 | I37: 0 | J37: 0 | K37: 0 | L37: 92.999319 | M37: 296.42654 | N37: 0 | O37: 0 | P37: 186.98519 | Q37: 82.564556 | R37: 1.1570866 | S37: 5.7340069 | T37: 8.1767452 | U37: 0 | V37: 0 | W37: 101.74648 | X37: 0 | Y37: 0 | Z37: 0 | AA37: 88.09339
A38: 205 | B38: 02 | D38: 084 | E38: 普通教育 | F38: =G38+O38+W38+X38 -> 0 | G38: 0
A39: 205 | B39: 02 | C39: 01 | D39: 084 | E39: 学前教育 | F39: =G39+O39+W39+X39 -> 4757.3638 | G39: 4446.063 | H39: 1802.9494 | I39: 0 | J39: 0 | K39: 0 | L39: 284.53816 | M39: 906.93851 | N39: 0 | O39: 0 | P39: 572.09476 | Q39: 252.61225 | R39: 3.5401904 | S39: 17.54361 | T39: 25.017345 | U39: 0 | V39: 0 | W39: 311.30074 | X39: 0 | Y39: 0 | Z39: 0 | AA39: 269.52812
A40: 205 | B40: 02 | C40: 02 | D40: 084 | E40: 小学教育 | F40: =G40+O40+W40+X40 -> 28000.048 | G40: 26167.849 | H40: 10611.48 | I40: 0 | J40: 0 | K40: 0 | L40: 1674.6842 | M40: 5337.8978 | N40: 0 | O40: 0 | P40: 3367.1339 | Q40: 1486.7804 | R40: 20.836224 | S40: 103.25507 | T40: 147.24265 | U40: 0 | V40: 0 | W40: 1832.1987 | X40: 0 | Y40: 0 | Z40: 0 | AA40: 1586.3408
A41: 205 | B41: 02 | C41: 03 | D41: 084 | E41: 初中教育 | F41: =G41+O41+W41+X41 -> 17022.745 | G41: 15908.852 | H41: 6451.293 | I41: 0 | J41: 0 | K41: 0 | L41: 1018.1312 | M41: 3245.1971 | N41: 0 | O41: 0 | P41: 2047.063 | Q41: 903.89429 | R41: 12.667469 | S41: 62.774346 | T41: 89.516781 | U41: 0 | V41: 0 | W41: 1113.8928 | X41: 0 | Y41: 0 | Z41: 0 | AA41: 964.42246
A42: 205 | B42: 02 | C42: 04 | D42: 084 | E42: 高中教育 | F42: =G42+O42+W42+X42 -> 10387.678 | G42: 9707.9546 | H42: 3936.7302 | I42: 0 | J42: 0 | K42: 0 | L42: 621.28754 | M42: 1980.2953 | N42: 0 | O42: 0 | P42: 1249.1658 | Q42: 551.57748 | R42: 7.7299865 | S42: 38.306377 | T42: 54.625238 | U42: 0 | V42: 0 | W42: 679.72348 | X42: 0 | Y42: 0 | Z42: 0 | AA42: 588.51319
A43: 205 | B43: 03 | D43: 084 | E43: 职业教育 | F43: =G43+O43+W43+X43 -> 0 | G43: 0
A44: 205 | B44: 03 | C44: 02 | D44: 084 | E44: 中职业教育 | F44: =G44+O44+W44+X44 -> 3909.4333 | G44: 3653.6173 | H44: 1481.6 | I44: 0 | J44: 0 | K44: 0 | L44: 233.8234 | M44: 745.28998 | N44: 0 | O44: 0 | P44: 470.12724 | Q44: 207.58781 | R44: 2.9092032 | S44: 14.416718 | T44: 20.558369 | U44: 0 | V44: 0 | W44: 255.81593 | X44: 0 | Y44: 0 | Z44: 0 | AA44: 221.48867
A45: 205 | B45: 07 | D45: 084 | E45: 特殊教育 | F45: =G45+O45+W45+X45 -> 645.72369 | G45: 603.4704 | H45: 244.71686 | I45: 0 | J45: 0 | K45: 0 | L45: 38.620766 | M45: 123.10004 | N45: 0 | O45: 0 | P45: 77.651228 | Q45: 34.287417 | R45: 0.48051502 | S45: 2.3812189 | T45: 3.3956395 | U45: 0 | V45: 0 | W45: 42.253288 | X45: 0 | Y45: 0 | Z45: 0 | AA45: 36.583431
F46: =G46+O46+W46+X46 -> 0
F47: =G47+O47+W47+X47 -> 0

Sheet 7、工资福利(政府预算)
N1: 表-07
A2: 工资福利支出(按政府预算经济分类)
A3: 单位：岳阳县教育体育局(汇总) | M3: 单位：万元
A4: 科目编码 | D4: 单位编码 | E4: 单位名称 | F4: 合计 | G4: 机关工资福利支出 | L4: 对事业单位经常性补助
A5: 类 | B5: 款 | C5: 项 | G5: 小计 | H5: 工资奖金津补贴 | I5: 社会保障缴费 | J5: 住房公积金 | K5: 其他工资福利支出 | L5: 小计 | M5: 工资福利支出 | N5: 其他对事业单位补助
A7: 合计 | D7: 084 | E7: 岳阳县教育体育局(汇总) | F7: =F8 -> 64447.867 | G7: =G8 -> 116.12846 | H7: =H8 -> 0 | I7: =I8 -> 0 | J7: =J8 -> 0 | K7: =K8 -> 116.12846 | L7: =SUM(M7:N7) -> 0 | M7: =M8 -> 0 | N7: =N8 -> 0
A8: 205 | D8: 084 | E8: 教育支出 | F8: =F9+F11+F16+F18 -> 64447.867 | G8: =SUM(H8:K8) -> 116.12846 | K8: ='6、基本-工资福利'!AA9*0.01 -> 116.12846 | L8: =SUM(M8:N8) -> 0
A9: 205 | B9: 01 | D9: 084 | E9: 教育管理事务 | F9: =F10 -> 584.30815 | G9: =SUM(H9:K9) -> 0.6525 | K9: ='6、基本-工资福利'!AA10*0.01 -> 0.6525 | L9: =SUM(M9:N9) -> 0 | O9: 084 | P9: 教育管理事务 | Q9: 584.30815
A10: 205 | B10: 01 | C10: 02 | D10: 084 | E10: 一般行政管理事务 | F10: =G10+L10 -> 584.30815 | G10: =SUM(H10:K10) -> 0.6525 | K10: ='6、基本-工资福利'!AA11*0.01 -> 0.6525 | L10: =SUM(M10:N10) -> 583.65565 | N10: =Q10-G10 -> 583.65565 | O10: 084 | P10: 一般行政管理事务 | Q10: 584.30815
A11: 205 | B11: 02 | D11: 084 | E11: 普通教育 | F11: =G11+L11 -> 55050.84 | G11: =SUM(H11:K11) -> 106.99296 | K11: ='6、基本-工资福利'!AA12*0.01 -> 106.99296 | L11: =SUM(M11:N11) -> 54943.847 | N11: =Q11-G11 -> 54943.847 | O11: 084 | P11: 普通教育 | Q11: 55050.84
A12: 205 | B12: 02 | C12: 01 | D12: 084 | E12: 学前教育 | F12: =G12+L12 -> 5957.92 | G12: =SUM(H12:K12) -> 22.1489 | K12: ='6、基本-工资福利'!AA13*0.01 -> 22.1489 | L12: =SUM(M12:N12) -> 5935.7711 | N12: =Q12-G12 -> 5935.7711 | O12: 084 | P12: 学前教育 | Q12: 5957.92
A13: 205 | B13: 02 | C13: 02 | D13: 084 | E13: 小学教育 | F13: =G13+L13 -> 21491.606 | G13: =SUM(H13:K13) -> 28.087 | K13: ='6、基本-工资福利'!AA14*0.01 -> 28.087 | L13: =SUM(M13:N13) -> 21463.519 | N13: =Q13-G13 -> 21463.519 | O13: 084 | P13: 小学教育 | Q13: 21491.606
A14: 205 | B14: 02 | C14: 03 | D14: 084 | E14: 初中教育 | F14: =G14+L14 -> 16619.21 | G14: =SUM(H14:K14) -> 27.1622 | K14: ='6、基本-工资福利'!AA15*0.01 -> 27.1622 | L14: =SUM(M14:N14) -> 16592.048 | N14: =Q14-G14 -> 16592.048 | O14: 084 | P14: 初中教育 | Q14: 16619.21
A15: 205 | B15: 02 | C15: 04 | D15: 084 | E15: 高中教育 | F15: =G15+L15 -> 10982.104 | G15: =SUM(H15:K15) -> 29.594863 | K15: ='6、基本-工资福利'!AA16*0.01 -> 29.594863 | L15: =SUM(M15:N15) -> 10952.509 | N15: =Q15-G15 -> 10952.509 | O15: 084 | P15: 高中教育 | Q15: 10982.104
A16: 205 | B16: 03 | D16: 084 | E16: 职业教育 | F16: =G16+L16 -> 7545.7327 | G16: =SUM(H16:K16) -> 7.1647 | K16: ='6、基本-工资福利'!AA17*0.01 -> 7.1647 | L16: =SUM(M16:N16) -> 7538.568 | N16: =Q16-G16 -> 7538.568 | O16: 084 | P16: 职业教育 | Q16: 7545.7327
A17: 205 | B17: 03 | C17: 02 | D17: 084 | E17: 中职业教育 | F17: =G17+L17 -> 7545.7327 | G17: =SUM(H17:K17) -> 7.1647 | K17: ='6、基本-工资福利'!AA18*0.01 -> 7.1647 | L17: =SUM(M17:N17) -> 7538.568 | N17: =Q17-G17 -> 7538.568 | O17: 084 | P17: 中职业教育 | Q17: 7545.7327
A18: 205 | B18: 07 | D18: 084 | E18: 特殊教育 | F18: =G18+L18 -> 1266.9868 | G18: =SUM(H18:K18) -> 1.3183 | K18: ='6、基本-工资福利'!AA19*0.01 -> 1.3183 | L18: =SUM(M18:N18) -> 1265.6685 | N18: =Q18-G18 -> 1265.6685 | O18: 084 | P18: 特殊教育 | Q18: 1266.9868
A19: 205 | B19: 07 | C19: 01 | D19: 084 | E19: 特殊学校教育 | F19: =G19+L19 -> 1266.9868 | G19: =SUM(H19:K19) -> 1.3183 | K19: ='6、基本-工资福利'!AA20*0.01 -> 1.3183 | L19: =SUM(M19:N19) -> 1265.6685 | N19: =Q19-G19 -> 1265.6685 | O19: 084 | P19: 特殊学校教育 | Q19: 1266.9868

Sheet 8、基本-一般商品服务
Y1: 表-08
A2: 一般商品和服务支出预算表
A3: 单位：岳阳县教育体育局(汇总) | Y3: 单位:万元
A4: 科目编码 | D4: 单位代码 | E4: 单位名称（功能科目） | F4: 总计 | G4: 办公费 | H4: 印刷费 | I4: 水费 | J4: 电费 | K4: 邮电费 | L4: 物业管理费 | M4: 差旅费 | N4: 因公出国(境)费用 | O4: 维修（护）费 | P4: 会议费 | Q4: 培训费 | R4: 公务接待费 | S4: 工会经费 | T4: 福利费 | U4: 公务用车运行维护费 | V4: 公务交通补贴 | W4: 其他交通费用 | X4: 离退休公用支出 | Y4: 离退休党建经费 | Z4: 其他
A5: 类 | B5: 款 | C5: 项
A7: ** | B7: ** | C7: ** | D7: ** | E7: ** | F7: 1 | G7: 2 | H7: 3 | I7: 4 | J7: 5 | K7: 6 | L7: 7 | M7: 8 | N7: 9 | O7: 10 | P7: 11 | Q7: 12 | R7: 13 | S7: 14 | T7: 15 | U7: 16 | V7: 17 | W7: 18 | X7: 19 | Y7: 20 | Z7: 21
A8: 合计 | D8: 084 | E8: 岳阳县教育体育局(汇总)教育支出 | F8: =SUM(G8:Z8) -> 15336.171 | G8: =G9 -> 1002.42 | H8: =H9 -> 708.58 | I8: =I9 -> 528.57277 | J8: =J9 -> 927.10229 | K8: =K9 -> 195.57768 | L8: =L9 -> 929.52133 | M8: =M9 -> 319.4785 | N8: =N9 -> 0 | ... Z8: =Z9 -> 4106.6095
A9: 205 | E9: 教育支出 | F9: =SUM(G9:Z9) -> 15336.171 | G9: =G10+G12+G17+G19 -> 1002.42 | H9: =H10+H12+H17+H19 -> 708.58 | I9: =I10+I12+I17+I19 -> 528.57277 | J9: =J10+J12+J17+J19 -> 927.10229 | K9: =K10+K12+K17+K19 -> 195.57768 | L9: =L10+L12+L17+L19 -> 929.52133 | M9: =M10+M12+M17+M19 -> 319.4785 | N9: =N10+N12+N17+N19 -> 0 | ... Z9: =Z10+Z12+Z17+Z19 -> 4106.6095
A10: 205 | B10: 01 | E10: 教育管理事务 | F10: =SUM(G10:Z10) -> 275.45 | G10: =G11 -> 24.52 | H10: =H11 -> 15.82 | I10: =I11 -> 11.85 | J10: =J11 -> 21.05 | K10: =K11 -> 4.62 | L10: =L11 -> 21.05 | M10: =M11 -> 7.75 | N10: =N11 -> 0 | ... Z10: =Z11 -> 11.85
A11: 205 | B11: 01 | C11: 02 | D11: 084 | E11: 一般行政管理事务 | F11: =SUM(G11:Z11) -> 275.45 | G11: 24.52 | H11: 15.82 | I11: 11.85 | J11: 21.05 | K11: 4.62 | L11: 21.05 | M11: 7.75 | O11: 75.45 | P11: 6.45 | Q11: 28.05 | R11: 4.52 | S11: 25.42 | T11: 1.05 | W11: 11.65 | Y11: 4.35 | Z11: 11.85
A12: 205 | B12: 02 | E12: 普通教育 | F12: =SUM(G12:Z12) -> 14331.698 | G12: =G13+G14+G15+G16 -> 920.4 | H12: =H13+H14+H15+H16 -> 650.7 | I12: =I13+I14+I15+I16 -> 486.23535 | J12: =J13+J14+J15+J16 -> 849.80102 | K12: =K13+K14+K15+K16 -> 179.05891 | L12: =L13+L14+L15+L16 -> 850.6105 | M12: =M13+M14+M15+M16 -> 290.31863 | N12: =N13+N14+N15+N16 -> 0 | ... Z12: =Z13+Z14+Z15+Z16 -> 4051.2501
A13: 205 | B13: 02 | C13: 01 | D13: 084 | E13: 学前教育 | F13: =SUM(G13:Z13) -> 1566.0024 | G13: 88.2 | H13: 65.06 | I13: 45.229265 | J13: 83.513522 | K13: 17.596872 | L13: 83.335306 | M13: 28.530834 | N13: 0 | O13: 295.39 | P13: 25.000472 | Q13: 110.70617 | R13: 14.15 | S13: 98.05 | T13: 3 | U13: 0 | V13: 0 | W13: 42.26 | X13: 0 | Y13: 15.6 | Z13: 550.38
A14: 205 | B14: 02 | C14: 02 | D14: 084 | E14: 小学教育 | F14: =SUM(G14:Z14) -> 6081.5076 | G14: 428.75 | H14: 306.41 | I14: 227.05786 | J14: 400.78622 | K14: 84.448408 | L14: 399.93095 | M14: 136.92112 | N14: 0 | O14: 1368.2 | P14: 119.97871 | Q14: 531.28533 | R14: 23.84 | S14: 485.58098 | T14: 19.197762 | U14: 0 | V14: 0 | W14: 213.34999 | X14: 0 | Y14: 79.938192 | Z14: 1255.8321
A15: 205 | B15: 02 | C15: 03 | D15: 084 | E15: 初中教育 | F15: =SUM(G15:Z15) -> 3886.5608 | G15: 246.2 | H15: 172.02 | I15: 136.16727 | J15: 225.57561 | K15: 47.53033 | L15: 225.09424 | M15: 77.063692 | N15: 0 | O15: 772.2 | P15: 65.23 | Q15: 299.02478 | R15: 24.7338 | S15: 273.30088 | T15: 10.805129 | U15: 0 | V15: 0 | W15: 120.08036 | X15: 0 | Y15: 44.991833 | Z15: 1146.5429
A16: 205 | B16: 02 | C16: 04 | D16: 084 | E16: 高中教育 | F16: =SUM(G16:Z16) -> 2797.627 | G16: 157.25 | H16: 107.21 | I16: 77.78096 | J16: 139.92566 | K16: 29.483298 | L16: 142.25 | M16: 47.802987 | N16: 0 | O16: 477.52105 | P16: 41.88792 | Q16: 184.05 | R16: 15.342498 | S16: 169.52988 | T16: 6.702475 | U16: 0 | V16: 0 | W16: 74.486441 | X16: 0 | Y16: 27.908655 | Z16: 1098.4952
A17: 205 | B17: 03 | D17: 084 | E17: 职业教育 | F17: =SUM(G17:Z17) -> 598.51348 | G17: =G18 -> 48 | H17: =H18 -> 34.96 | I17: =I18 -> 25.402736 | J17: =J18 -> 46.867308 | K17: =K18 -> 9.9149086 | L17: =L18 -> 48.5 | M17: =M18 -> 18.2 | N17: =N18 -> 0 | ... Z17: =Z18 -> 25.419329
A18: 205 | B18: 03 | C18: 02 | D18: 084 | E18: 中职业教育 | F18: =SUM(G18:Z18) -> 598.51348 | G18: 48 | H18: 34.96 | I18: 25.402736 | J18: 46.867308 | K18: 9.9149086 | L18: 48.5 | M18: 18.2 | N18: 0 | O18: 162.25 | P18: 15.02 | Q18: 62.12253 | R18: 6.12 | S18: 58.52 | T18: 2.31 | U18: 0 | V18: 0 | W18: 25.52 | X18: 0 | Y18: 9.3866638 | Z18: 25.419329
A19: 205 | B19: 07 | D19: 084 | E19: 特殊教育 | F19: =SUM(G19:Z19) -> 130.50987 | G19: =G20 -> 9.5 | H19: =H20 -> 7.1 | I19: =I20 -> 5.0846787 | J19: =J20 -> 9.383964 | K19: =K20 -> 1.9838619 | L19: =L20 -> 9.3608318 | M19: =M20 -> 3.2098687 | N19: =N20 -> 0 | ... Z19: =Z20 -> 18.09
A20: 205 | B20: 07 | C20: 01 | D20: 084 | E20: 特殊学校教育 | F20: =SUM(G20:Z20) -> 130.50987 | G20: 9.5 | H20: 7.1 | I20: 5.0846787 | J20: 9.383964 | K20: 1.9838619 | L20: 9.3608318 | M20: 3.2098687 | N20: 0 | O20: 31.811958 | P20: 2.8144181 | Q20: 12.433009 | R20: 1.0442538 | S20: 11.362318 | T20: 0.45713641 | U20: 0 | V20: 0 | W20: 4.9954545 | X20: 0 | Y20: 1.8781146 | Z20: 18.09
C24: 11779.11

Sheet 9、商品服务(政府预算)
T1: 表-09
A2: 一般商品和服务支出预算(按政府预算)
A3: 单位：岳阳县教育体育局(汇总) | S3: 单位：万元
A4: 科目编码 | D4: 单位显示编码 | E4: 功能科目名称 | F4: 总计 | G4: 机关商品和服务支出 | R4: 对事业单位经常性补助
G5: 小计 | H5: 办公经费 | I5: 会议费 | J5: 培训费 | K5: 专用材料购置费 | L5: 委托业务费 | M5: 公务接待费 | N5: 因公出国(境费用 | O5: 公务用车运行维护费 | P5: 维修(护费 | Q5: 其他商品和服务支出 | R5: 小计 | S5: 商品和服务支出 | T5: 其他对事业单位补助
A6: 类 | B6: 款 | C6: 项
A7: 合计 | D7: 084 | E7: 岳阳县教育体育局(汇总) | F7: =F8 -> 15336.174 | G7: =G8 -> 185.58639 | H7: =H8 -> 19.181799 | I7: =I8 -> 6.7316766 | J7: =J8 -> 24.101881 | K7: =K8 -> 0 | L7: =L8 -> 0 | M7: =M8 -> 1.9530608 | ... Q7: =Q8 -> 112.5684 | R7: =S7+T7 -> 15150.588 | T7: 15150.588
A8: 205 | E8: 教育支出 | F8: =F9+F11+F16+F18 -> 15336.174 | G8: =G9+G11+G16+G18 -> 185.58639 | H8: =H9+H11+H16+H18 -> 19.181799 | I8: =I9+I11+I16+I18 -> 6.7316766 | J8: =J9+J11+J16+J18 -> 24.101881 | K8: =K9+K11+K16+K18 -> 0 | L8: =L9+L11+L16+L18 -> 0 | M8: =M9+M11+M16+M18 -> 1.9530608 | ... Q8: =Q9+Q11+Q16+Q18 -> 112.5684 | R8: =S8+T8 -> 15150.588 | T8: 15150.588 | U8: 一般行政管理事务 | V8: 274.35
A9: 205 | B9: 01 | E9: 教育管理事务 | F9: =F10 -> 274.35 | G9: =G10 -> 4.2677353 | H9: =H10 -> 0.37066344 | I9: =I10 -> 0.12933133 | J9: =J10 -> 0.46 | K9: =K10 -> 0 | L9: =L10 -> 0 | M9: =M10 -> 0.037740504 | ... Q9: =Q10 -> 2.14 | R9: =S9+T9 -> 270.08226 | T9: 270.08226 | U9: 普通教育 | V9: 14345.803
A10: 205 | B10: 01 | C10: 02 | D10: 084 | E10: 一般行政管理事务 | F10: =G10+R10 -> 274.35 | G10: =SUM(H10:Q10) -> 4.2677353 | H10: 0.37066344 | I10: 0.12933133 | J10: 0.46 | K10: 0 | L10: 0 | M10: 0.037740504 | N10: 0 | O10: 0 | P10: 1.13 | Q10: 2.14 | R10: =S10+T10 -> 270.08226 | T10: 270.08226 | U10: 学前教育 | V10: 1560.0024
A11: 205 | B11: 02 | E11: 普通教育 | F11: =G11+R11 -> 14345.803 | G11: =G12+G13+G14+G15 -> 169.28277 | H11: 17.711588 | I11: 6.2229847 | J11: 22.263305 | K11: 0 | L11: 0 | M11: 1.8033792 | N11: 0 | O11: 0 | P11: 55.061361 | Q11: 103.97389 | R11: =S11+T11 -> 14176.52 | T11: 14176.52 | U11: 小学教育 | V11: 6101.6128
A12: 205 | B12: 02 | C12: 01 | D12: 084 | E12: 学前教育 | F12: =G12+R12 -> 1560.0024 | G12: =SUM(H12:Q12) -> 21.362774 | H12: 2.9355477 | I12: 1.28 | J12: 2.4329659 | K12: 0 | L12: 0 | M12: 0.19707587 | N12: 0 | O12: 0 | P12: 6.0171846 | Q12: 8.5 | R12: =S12+T12 -> 1538.6397 | T12: 1538.6397 | U12: 初中教育 | V12: 3886.5608 | W12: 1131.17
A13: 205 | B13: 02 | C13: 02 | D13: 084 | E13: 小学教育 | F13: =G13+R13 -> 6101.6128 | G13: =SUM(H13:Q13) -> 85.163677 | H13: 6.2698307 | I13: 2.45 | J13: 10.25 | K13: 0 | L13: 0 | M13: 0.94384648 | N13: 0 | O13: 0 | P13: 24 | Q13: 41.25 | R13: =S13+T13 -> 6016.4492 | T13: 6016.4492 | U13: 高中教育 | V13: 2797.627 | W13: 4741.87
A14: 205 | B14: 02 | C14: 03 | D14: 084 | E14: 初中教育 | F14: =G14+R14 -> 3886.5608 | G14: =SUM(H14:Q14) -> 31.120314 | H14: 3.25 | I14: 1.023695 | J14: 4.1068747 | K14: 0 | L14: 0 | M14: 0.33266635 | N14: 0 | O14: 0 | P14: 10.157077 | Q14: 12.25 | R14: =S14+T14 -> 3855.4405 | T14: 3855.4405 | U14: 职业教育 | V14: 598.51348 | W14: 2837.4
A15: 205 | B15: 02 | C15: 04 | D15: 084 | E15: 高中教育 | F15: =G15+R15 -> 2797.627 | G15: =SUM(H15:Q15) -> 31.636007 | H15: 3.12 | I15: 1.0148453 | J15: 4.0713713 | K15: 0 | L15: 0 | M15: 0.32979049 | N15: 0 | O15: 0 | P15: 9.5 | Q15: 13.6 | R15: =S15+T15 -> 2765.991 | T15: 2765.991 | U15: 中职业教育 | V15: 598.51348 | W15: 1951.18
A16: 205 | B16: 03 | E16: 职业教育 | F16: =G16+R16 -> 598.51348 | G16: =G17 -> 9.9048291 | H16: 0.9171554 | I16: 0.31586511 | J16: 1.1496206 | K16: 0 | L16: 0 | M16: 0.093372841 | N16: 0 | O16: 0 | P16: 2.8488151 | Q16: 5.3837935 | R16: =S16+T16 -> 588.60865 | T16: 588.60865 | U16: 特殊教育 | V16: 117.50785
A17: 205 | B17: 03 | C17: 02 | D17: 084 | E17: 中职业教育 | F17: =G17+R17 -> 598.51348 | G17: =SUM(H17:Q17) -> 9.9048291 | H17: 0.9171554 | I17: 0.31586511 | J17: 1.1496206 | K17: 0 | L17: 0 | M17: 0.093372841 | N17: 0 | O17: 0 | P17: 2.8488151 | Q17: 4.58 | R17: =S17+T17 -> 588.60865 | T17: 588.60865 | U17: 特殊学校教育 | V17: 117.50785
A18: 205 | B18: 07 | E18: 特殊教育 | F18: =G18+R18 -> 117.50785 | G18: =G19 -> 2.1310516 | H18: 0.18239267 | I18: 0.063495406 | J18: 0.22895592 | K18: 0 | L18: 0 | M18: 0.01856823 | N18: 0 | O18: 0 | P18: 0.56692915 | Q18: 1.0707102 | R18: =S18+T18 -> 115.3768 | T18: 115.3768
A19: 205 | B19: 07 | C19: 01 | D19: 084 | E19: 特殊学校教育 | F19: =G19+R19 -> 117.50785 | G19: =SUM(H19:Q19) -> 2.1310516 | H19: 0.18239267 | I19: 0.063495406 | J19: 0.22895592 | K19: 0 | L19: 0 | M19: 0.01856823 | N19: 0 | O19: 0 | P19: 0.56692915 | Q19: 1.0707102 | R19: =S19+T19 -> 115.3768 | T19: 115.3768

Sheet 10、基本-个人和家庭
L1: 表-10
A2: 对个人和家庭的补助支出预算表
A3: 单位：岳阳县教育体育局(汇总) | K3: 单位：万元
A4: 科目编码 | D4: 单位编码 | E4: 单位名称（功能科目） | F4: 总计 | G4: 离休费 | H4: 离休生活补贴 | I4: 老干费 | J4: 医疗费补助 | K4: 助学金 | L4: 其他
A5: 类 | B5: 款 | C5: 项
A7: ** | B7: ** | C7: ** | D7: ** | E7: ** | F7: 1 | G7: 2 | H7: 3 | I7: 4 | J7: 5 | K7: 6 | L7: 7
A8: 合计 | D8: 084 | E8: 岳阳县教育体育局(汇总) | F8: =F9 -> 15667.989 | G8: =G9 -> 160.89947 | H8: =H9 -> 0 | I8: =I9 -> 12231.615 | J8: =J9 -> 21.04 | K8: =K9 -> 1471.0342 | L8: =L9 -> 1783.4005
A9: 205 | D9: 084 | E9: 教育支出 | F9: =F10+F12+F17+F19 -> 15667.989 | G9: =G10+G12+G17+G19 -> 160.89947 | H9: =H10+H12+H17+H19 -> 0 | I9: =I10+I12+I17+I19 -> 12231.615 | J9: =J10+J12+J17+J19 -> 21.04 | K9: =K10+K12+K17+K19 -> 1471.0342 | L9: =L10+L12+L17+L19 -> 1783.4005
A10: 205 | B10: 01 | D10: 084 | E10: 教育管理事务 | F10: =F11 -> 496.56 | G10: =G11 -> 4.97 | H10: =H11 -> 0 | I10: =I11 -> 381.17 | J10: =J11 -> 0.65 | K10: =K11 -> 45.52 | L10: =L11 -> 64.25
A11: 205 | B11: 01 | C11: 02 | D11: 084 | E11: 一般行政管理事务 | F11: =SUM(G11:L11) -> 496.56 | G11: 4.97 | I11: 381.17 | J11: 0.65 | K11: 45.52 | L11: 64.25
A12: 205 | B12: 02 | E12: 普通教育 | F12: =SUM(F13+F14+F15+F16) -> 14204.384 | G12: =SUM(G13+G14+G15+G16) -> 146.26748 | H12: =SUM(H13+H14+H15+H16) -> 0 | I12: =SUM(I13+I14+I15+I16) -> 11116.329 | J12: =SUM(J13+J14+J15+J16) -> 19.19 | K12: =SUM(K13+K14+K15+K16) -> 1336.85 | L12: =SUM(L13+L14+L15+L16) -> 1585.7475
A13: 205 | B13: 02 | C13: 01 | D13: 084 | E13: 学前教育 | F13: =SUM(G13:L13) -> 486.56445 | G13: 4.8755827 | I13: 370.54429 | J13: 0.63 | K13: 43.2 | L13: 67.314586
A14: 205 | B14: 02 | C14: 02 | D14: 084 | E14: 小学教育 | F14: =SUM(G14:L14) -> 2538.8823 | G14: 24.377914 | I14: 1852.7214 | J14: 3.21 | K14: 222 | L14: 436.57293
A15: 205 | B15: 02 | C15: 03 | D15: 084 | E15: 初中教育 | F15: =SUM(G15:L15) -> 4296.4988 | G15: 43.880244 | I15: 3334.8986 | J15: 5.74 | K15: 410.15 | L15: 501.83
A16: 205 | B16: 02 | C16: 04 | D16: 084 | E16: 高中教育 | F16: =SUM(G16:L16) -> 6882.438 | G16: 73.133741 | I16: 5558.1643 | J16: 9.61 | K16: 661.5 | L16: 580.03
A17: 205 | B17: 03 | D17: 084 | E17: 职业教育 | F17: =SUM(G17:L17) -> 806.0419 | G17: 8.0516599 | H17: 0 | I17: 611.92615 | J17: 1.02 | K17: 73.874092 | L17: 111.17
A18: 205 | B18: 03 | C18: 02 | D18: 084 | E18: 中职业教育 | F18: =SUM(G18:L18) -> 806.0419 | G18: 8.0516599 | I18: 611.92615 | J18: 1.02 | K18: 73.874092 | L18: 111.17
A19: 205 | B19: 07 | D19: 084 | E19: 特殊教育 | F19: =SUM(G19:L19) -> 161.00345 | G19: 1.610332 | H19: 0 | I19: 122.19 | J19: 0.18 | K19: 14.790123 | L19: 22.233
A20: 205 | B20: 07 | C20: 01 | D20: 084 | E20: 特殊学校教育 | F20: =SUM(G20:L20) -> 161.00345 | G20: 1.610332 | I20: 122.19 | J20: 0.18 | K20: 14.790123 | L20: 22.233
E22: 16030.47
A23: 科目编码 | D23: 单位编码 | E23: 单位名称（功能科目） | F23: 总计 | G23: 离休费 | H23: 离休生活补贴 | I23: 老干费 | J23: 医疗费补助 | K23: 助学金 | L23: 其他
A24: 类 | B24: 款 | C24: 项
A26: ** | B26: ** | C26: ** | D26: ** | E26: ** | F26: 1 | G26: 2 | H26: 3 | I26: 4 | J26: 5 | L26: 6
A27: 合计 | D27: 084 | E27: 岳阳县教育体育局(汇总) | F27: =SUM(G27:L27) -> 16103.317 | G27: =G28 -> 160.89947 | I27: =I28 -> 12231.81 | J27: =J28 -> 21.29235 | K27: =K28 -> 1478.588 | L27: =L28 -> 2210.7268
A28: 205 | D28: 084 | E28: 教育支出 | F28: =SUM(G28:L28) -> 16103.317 | G28: =G29+G31+G36+G38 -> 160.89947 | I28: =I29+I31+I36+I38 -> 12231.81 | J28: =J29+J31+J36+J38 -> 21.29235 | K28: =K29+K31+K36+K38 -> 1478.588 | L28: =L29+L31+L36+L38 -> 2210.7268
A29: 205 | B29: 01 | D29: 084 | E29: 教育管理事务 | F29: =SUM(G29:L29) -> 502.11 | G29: =G30 -> 4.97 | H29: =H30 -> 0 | I29: =I30 -> 381.17 | J29: =J30 -> 0.66 | K29: =K30 -> 46.06 | L29: =L30 -> 69.25
A30: 205 | B30: 01 | C30: 02 | D30: 084 | E30: 一般行政管理事务 | F30: =SUM(G30:L30) -> 502.11 | G30: 4.97 | I30: 381.17 | J30: 0.66 | K30: 46.06 | L30: 69.25
A31: 205 | B31: 02 | D31: 084 | E31: 普通教育 | F31: =SUM(G31:L31) -> 14633.892 | G31: =SUM(G32:G35) -> 146.26748 | H31: =SUM(H32:H35) -> 0 | I31: =SUM(I32:I35) -> 11116.329 | J31: =SUM(J32:J35) -> 19.353583 | K31: =SUM(K32:K35) -> 1343.8637 | L31: =SUM(L32:L35) -> 2008.0788
A32: 205 | B32: 02 | C32: 01 | D32: 084 | E32: 学前教育 | F32: =SUM(G32:L32) -> 488.17503 | G32: 4.8755827 | I32: 370.54429 | J32: 0.64511943 | K32: 44.795458 | L32: 67.314586
A33: 205 | B33: 02 | C33: 02 | D33: 084 | E33: 小学教育 | F33: =SUM(G33:L33) -> 2440.8752 | G33: 24.377914 | I33: 1852.7214 | J33: 3.2255971 | K33: 223.97729 | L33: 336.57293
A34: 205 | B34: 02 | C34: 03 | D34: 084 | E34: 初中教育 | F34: =SUM(G34:L34) -> 4393.5753 | G34: 43.880244 | I34: 3334.8986 | J34: 5.8060749 | K34: 403.15912 | L34: 605.83127
A35: 205 | B35: 02 | C35: 04 | D35: 084 | E35: 高中教育 | F35: =SUM(G35:L35) -> 7311.2667 | G35: 73.133741 | I35: 5558.1643 | J35: 9.6767914 | K35: 671.93187 | L35: 998.36
A36: 205 | B36: 03 | D36: 084 | E36: 职业教育 | F36: =SUM(G36:L36) -> 806.08268 | G36: =G37 -> 8.0516599 | H36: =H37 -> 0 | I36: =I37 -> 611.92615 | J36: =J37 -> 1.0657759 | K36: =K37 -> 73.874092 | L36: =L37 -> 111.165
A37: 205 | B37: 03 | C37: 02 | D37: 084 | E37: 中职业教育 | F37: =SUM(G37:L37) -> 806.08268 | G37: 8.0516599 | I37: 611.92615 | J37: 1.0657759 | K37: 73.874092 | L37: 111.165
A38: 205 | B38: 07 | D38: 084 | E38: 特殊教育 | F38: =SUM(G38:L38) -> 161.23168 | G38: =G39 -> 1.610332 | H38: =H39 -> 0 | I38: =I39 -> 122.38523 | J38: =J39 -> 0.21299085 | K38: =K39 -> 14.790123 | L38: =L39 -> 22.233
A39: 205 | B39: 07 | C39: 01 | D39: 084 | E39: 特殊学校教育 | F39: =SUM(G39:L39) -> 161.23168 | G39: 1.610332 | I39: 122.38523 | J39: 0.21299085 | K39: 14.790123 | L39: 22.233

Sheet 11、个人家庭(政府预算)
K1: 表-11
A2: 对个人和家庭的补助支出预算表（按政府预算）
A3: 单位：岳阳县教育体育局(汇总) | J3: 单位：万元
A4: 科目编码 | D4: 单位显示编码 | E4: 功能科目名称 | F4: 对个人和家庭的补助
A5: 类 | B5: 款 | C5: 项 | F5: 小计 | G5: 社会福利和救助 | H5: 助学金 | I5: 个人农业生产补贴 | J5: 离退休费 | K5: 其他对个人和家庭补助
A7: 合计 | D7: 084 | E7: 教育支出 | F7: =F8 -> 15667.989 | G7: =G8 -> 0 | H7: =H8 -> 1471.0342 | I7: =I8 -> 0 | J7: =J8 -> 160.89947 | K7: =K8 -> 14454.385
A8: 205 | D8: 084 | E8: 教育支出 | F8: =F9+F11+F16+F18 -> 15667.989 | G8: =G9+G11+G16+G18 -> 0 | H8: =H9+H11+H16+H18 -> 1471.0342 | I8: =I9+I11+I16+I18 -> 0 | J8: =J9+J11+J16+J18 -> 160.89947 | K8: =K9+K11+K16+K18 -> 14454.385 | M8: 教育支出 | N8: =N9+N11+N16+N18 -> 30474.519 | O8: 16030.467
A9: 205 | B9: 01 | D9: 084 | E9: 教育管理事务 | F9: =F10 -> 496.56 | G9: =G10 -> 0 | H9: =H10 -> 45.52 | I9: =I10 -> 0 | J9: =J10 -> 4.97 | K9: =K10 -> 446.07 | M9: 教育管理事务 | N9: =N10 -> 999.25 | O9: 502.11 | T9: 教育管理事务 | U9: 496.56
A10: 205 | B10: 01 | C10: 02 | D10: 084 | E10: 一般行政管理事务 | F10: =SUM(G10:K10) -> 496.56 | H10: 45.52 | J10: 4.97 | K10: 446.07 | M10: 一般行政管理事务 | N10: =SUM(O10:T10) -> 999.25 | O10: 502.11 | P10: =O10-J10 -> 497.14 | T10: 一般行政管理事务 | U10: 496.56 | V10: =U10-J10-H10 -> 446.07
A11: 205 | B11: 02 | D11: 084 | E11: 普通教育 | F11: =SUM(F12:F15) -> 14204.384 | G11: =G12+G13+G14+G15 -> 0 | H11: 1336.85 | I11: 0 | J11: 146.26748 | K11: 13139.596 | M11: 普通教育 | N11: =N12+N13+N14+N15 -> 27638.667 | O11: 14560.892 | T11: 普通教育 | U11: 14204.384 | V11: =U11-J11-H11 -> 12721.266
A12: 205 | B12: 02 | C12: 01 | D12: 084 | E12: 学前教育 | F12: =SUM(G12:K12) -> 486.56445 | H12: 43.2 | J12: 4.8755827 | K12: 438.48887 | M12: 学前教育 | N12: =SUM(O12:T12) -> 928.27448 | O12: 488.17503 | Q12: =O12-(H12+J12) -> 440.09945 | T12: 学前教育 | U12: 486.56445 | V12: =U12-J12-H12 -> 438.48887
A13: 205 | B13: 02 | C13: 02 | D13: 084 | E13: 小学教育 | F13: =SUM(G13:K13) -> 2538.8823 | H13: 222 | J13: 24.377914 | K13: 2292.5044 | M13: 小学教育 | N13: =SUM(O13:T13) -> 4635.3724 | O13: 2440.8752 | Q13: =O13-(H13+J13) -> 2194.4972 | T13: 小学教育 | U13: 2538.8823 | V13: =U13-J13-H13 -> 2292.5044
A14: 205 | B14: 02 | C14: 03 | D14: 084 | E14: 初中教育 | F14: =SUM(G14:K14) -> 4296.4988 | H14: 410.15 | J14: 43.880244 | K14: 3842.4686 | M14: 初中教育 | N14: =SUM(O14:T14) -> 8273.1203 | O14: 4363.5753 | Q14: =O14-(H14+J14) -> 3909.545 | T14: 初中教育 | U14: 4296.4988 | V14: =U14-J14-H14 -> 3842.4686
A15: 205 | B15: 02 | C15: 04 | D15: 084 | E15: 高中教育 | F15: =SUM(G15:K15) -> 6882.438 | H15: 661.5 | J15: 73.133741 | K15: 6147.8043 | M15: 高中教育 | N15: =SUM(O15:T15) -> 13801.9 | O15: 7268.2667 | Q15: =O15-(H15+J15) -> 6533.633 | T15: 高中教育 | U15: 6882.438 | V15: =U15-J15-H15 -> 6147.8043
A16: 205 | B16: 03 | D16: 084 | E16: 职业教育 | F16: =SUM(G16:K16) -> 806.0419 | G16: =G17 -> 0 | H16: 73.874092 | I16: 0 | J16: 8.0516583 | K16: 724.11615 | M16: 职业教育 | N16: =N17 -> 1530.2396 | O16: 806.08268 | Q16: =O16-(H16+J16) -> 724.15693 | T16: 职业教育 | U16: 806.0419 | V16: =U16-J16-H16 -> 724.11615
A17: 205 | B17: 03 | C17: 02 | D17: 084 | E17: 中职业教育 | F17: =SUM(G17:K17) -> 806.0419 | H17: 73.874092 | J17: 8.0516583 | K17: 724.11615 | M17: 中职业教育 | N17: =SUM(O17:T17) -> 1530.2396 | O17: 806.08268 | Q17: =O17-(H17+J17) -> 724.15693 | T17: 中职业教育 | U17: 806.0419 | V17: =U17-J17-H17 -> 724.11615
A18: 205 | B18: 07 | D18: 084 | E18: 特殊教育 | F18: =SUM(G18:K18) -> 161.00358 | G18: =G19 -> 0 | H18: 14.790123 | I18: 0 | J18: 1.6103317 | K18: 144.60312 | M18: 特殊教育 | N18: =N19 -> 306.3629 | O18: 161.38168 | Q18: =O18-(H18+J18) -> 144.98122 | T18: 特殊教育 | U18: 161.00345 | V18: =U18-J18-H18 -> 144.603
A19: 205 | B19: 07 | C19: 01 | D19: 084 | E19: 特殊学校教育 | F19: =SUM(G19:K19) -> 161.00358 | H19: 14.790123 | J19: 1.6103317 | K19: 144.60312 | M19: 特殊学校教育 | N19: =SUM(O19:T19) -> 306.3629 | O19: 161.38168 | Q19: =O19-(H19+J19) -> 144.98122 | T19: 特殊学校教育 | U19: 161.00345 | V19: =U19-J19-H19 -> 144.603

Sheet 12、财政拨款收支总表
F1: 表-12
A2: 财政拨款收支总表
A3: 单位：岳阳县教育体育局(汇总) | F3: 单位:万元
A4: 收 入 | C4: 支 出
A5: 项 目 | B5: 本年预算 | C5: 项 目 | D5: 合计 | E5: 一般公共预算 | F5: 政府性基金预算
A6: 一、一般公共预算拨款 | B6: =B7+B8 -> 96720 | C6: 一、一般公共服务支出
A7: 经费拨款 | B7: 96720 | C7: 二、国防支出
A8: 纳入一般公共预算管理的非税收入拨款 | C8: 三、公共安全支出
A9: 二、政府性基金拨款 | C9: 四、教育支出 | D9: =B26 -> 96720 | E9: =B26 -> 96720
C10: 五、科学技术支出
C11: 六、文化体育与传媒支出
C12: 七、社会保障和就业支出
C13: 八、医疗卫生与计划生育支出
C14: 九、节能环保支出
C15: 十、城乡社区支出
C16: 十一、农林水支出
C17: 十二、交通运输支出
C18: 十三、资源勘探信息等支出
C19: 十四、商业服务业等支出
C20: 十五、国土海洋气象等支出
C21: 十六、住房保障支出
... C25: 二十、债务还本支出
A26: 本 年 收 入 合 计 | B26: =B6+B9 -> 96720 | C26: 本 年 支 出 合 计 | D26: =D9 -> 96720 | E26: =E9 -> 96720

Sheet 13、一般预算支出
R1: 表-13
A2: 一般预算拨款支出预算表
A3: 单位：岳阳县教育体育局(汇总) | Q3: 单位：万元
A4: 功能科目 | C4: 单位代码 | D4: 单位名称（功能科目） | E4: 总计 | F4: 基本支出 | J4: 项目支出 | R4: 上缴上级支出
A5: 类 | B5: 款 | F5: 合计 | G5: 工资福利支出 | H5: 一般商品和服务支出 | I5: 对个人和家庭的补助 | J5: 合计 | K5: 专项商品和服务支出 | L5: 对企业补助 | M5: 债务利息及费用支出 | N5: 对社会保障基金补助 | O5: 资本性支出(基本建设) | P5: 资本性支出 | Q5: 其他支出
A7: ** | B7: ** | C7: ** | D7: ** | E7: 1 | F7: 2 | G7: 3 | H7: 4 | I7: 5 | J7: 6 | K7: 7 | L7: 8 | M7: 9 | N7: 10 | O7: 11 | P7: 12 | Q7: 13 | R7: 14
A8: 合计 | C8: 084 | D8: 岳阳县教育体育局(汇总) | E8: =E9 -> 96719.995 | F8: =F9 -> 87714.685 | G8: =G9 -> 60796.724 | H8: =H9 -> 11831.641 | I8: =I9 -> 15086.319 | J8: =SUM(K8:R8) -> 9005.3109 | K8: =K9 -> 578.13088 | L8: =L9 -> 0 | M8: =M9 -> 0 | N8: =N9 -> 0 | O8: =O9 -> 0 | P8: =P9 -> 3194.82 | Q8: =Q9 -> 5232.36
A9: 205 | C9: 084 | D9: 教育支出 | E9: =F9+J9 -> 96719.995 | F9: =SUM(F10:F13) -> 87714.685 | G9: =SUM(G10:G13) -> 60796.724 | H9: =SUM(H10:H13) -> 11831.641 | I9: =SUM(I10:I13) -> 15086.319 | J9: =SUM(K9:R9) -> 9005.3109 | K9: =SUM(K10:K13) -> 578.13088 | L9: =SUM(L10:L13) -> 0 | M9: =SUM(M10:M13) -> 0 | N9: =SUM(N10:N13) -> 0 | O9: =SUM(O10:O13) -> 0 | P9: =SUM(P10:P13) -> 3194.82 | Q9: =SUM(Q10:Q13) -> 5232.36
A10: 205 | B10: 01 | C10: 084 | D10: 教育管理事务 | E10: =F10+J10 -> 1973.9194 | F10: =SUM(G10:I10) -> 1766.8994 | G10: 1216.18 | H10: 235.65291 | I10: 315.06651 | J10: =SUM(K10:R10) -> 207.02 | K10: 58 | L10: 0 | M10: 0 | N10: 0 | O10: 0 | P10: 65 | Q10: 84.02
A11: 205 | B11: 02 | C11: 084 | D11: 普通教育 | E11: =F11+J11 -> 88121.674 | F11: =SUM(G11:I11) -> 79762.953 | G11: 55336.23 | H11: 10772.703 | I11: 13654.02 | J11: =SUM(K11:R11) -> 8358.7209 | K11: 426.08088 | P11: 2999.32 | Q11: 4933.32
A12: 205 | B12: 03 | C12: 084 | D12: 职业教育 | E12: =F12+J12 -> 5654.8819 | F12: =SUM(G12:I12) -> 5305.3819 | G12: 3642.2237 | H12: 706.95872 | I12: 956.19954 | J12: =SUM(K12:R12) -> 349.5 | K12: 82 | P12: 85.5 | Q12: 182
A13: 205 | B13: 07 | C13: 084 | D13: 特殊教育 | E13: =F13+J13 -> 969.52032 | F13: =SUM(G13:I13) -> 879.45032 | G13: 602.09061 | H13: 116.32645 | I13: 161.03326 | J13: =SUM(K13:R13) -> 90.07 | K13: 12.05 | P13: 45 | Q13: 33.02
F16: 合计 | G16: 工资福利支出 | H16: 一般商品和服务支出 | I16: 对个人和家庭的补助 | J16: 合计 | K16: 专项商品和服务支出 | L16: 对企业补助 | M16: 债务利息及费用支出 | N16: 对社会保障基金补助 | O16: 资本性支出(基本建设) | P16: 资本性支出 | Q16: 其他支出
F18: =F8/E8 -> 0.90689298 | G18: =G8/$F$8 -> 0.69311911 | H18: =H8/$F$8 -> 0.1348878 | I18: =I8/$F$8 -> 0.17199309 | J18: =J8/E8 -> 0.093107023 | K18: =K8/$J$8 -> 0.064198881 | L18: =L8/$J$8 -> 0 | M18: =M8/$J$8 -> 0 | N18: =N8/$J$8 -> 0 | O18: =O8/$J$8 -> 0 | P18: =P8/$J$8 -> 0.35477065 | Q18: =Q8/$J$8 -> 0.58103047
E19: 88745 | F19: =E19*F18 -> 80482.217 | G19: =$F$19*G18 -> 55783.763 | H19: =$F$19*H18 -> 10856.069 | I19: =$F$19*I18 -> 13842.385 | J19: =E19*J18 -> 8262.7828 | K19: =$J$19*K18 -> 530.46141 | L19: =$J$19*L18 -> 0 | M19: =$J$19*M18 -> 0 | N19: =$J$19*N18 -> 0 | O19: =$J$19*O18 -> 0 | P19: =$J$19*P18 -> 2931.3928 | Q19: =$J$19*Q18 -> 4800.9286
D21: 教育管理事务 | F21: =G10/$G$9 -> 0.020004038 | G21: =$G$19*F21 -> 1115.9005 | H21: =$H$19*F21 -> 217.16523 | I21: =$I$19*F21 -> 276.9036 | K21: =K$19*F21 -> 10.61137 | L21: =L$19*G21 -> 0 | M21: =M$19*H21 -> 0 | N21: =N$19*I21 -> 0 | O21: =O$19*J21 -> 0 | P21: =$P$19*F21 -> 58.639694 | Q21: =$Q$19*F21 -> 96.037959
D22: 普通教育 | F22: =G11/$G$9 -> 0.9101844 | G22: =$G$19*F22 -> 50773.511 | H22: =$H$19*F22 -> 9881.025 | I22: =$I$19*F22 -> 12599.123 | K22: =K$19*F22 -> 482.8177 | P22: =$P$19*F22 -> 2668.108 | Q22: =$Q$19*F22 -> 4369.7303
D23: 职业教育 | F23: =G12/$G$9 -> 0.059908222 | G23: =$G$19*F23 -> 3341.9061 | H23: =$H$19*F23 -> 650.36782 | I23: =$I$19*F23 -> 829.27267 | K23: =K$19*F23 -> 31.779 | P23: =$P$19*F23 -> 175.61453 | Q23: =$Q$19*F23 -> 287.6151
D24: 特殊教育 | F24: =G13/$G$9 -> 0.0099033397 | G24: =$G$19*F24 -> 552.44555 | H24: =$H$19*F24 -> 107.51134 | I24: =$I$19*F24 -> 137.08584 | K24: =K$19*F24 -> 5.2533395 | P24: =$P$19*F24 -> 29.030579 | Q24: =$Q$19*F24 -> 47.545226
G27: 1072.1005 | H27: 208.61669 | I27: 283.91136 | K27: 19.342445 | L27: 0 | M27: 0 | N27: 0 | O27: 0 | P27: 88.365979 | Q27: 102.56368
G28: 48780.553 | H28: 9492.0554 | I28: 12917.962 | K28: 880.08088 | P28: 4020.6504 | Q28: 4666.6457
G29: 3216.3015 | H29: 625.85006 | I29: 851.73408 | K29: 58.027334 | P29: 265.09794 | Q29: 307.69105
G30: 536.05025 | H30: 104.30834 | I30: 141.95568 | K30: 9.6712223 | P30: 44.182989 | Q30: 51.281842

Sheet 14、一般预算基本支出表
H1: 表-14
A2: 一般预算拨款基本支出预算表
A3: 单位：岳阳县教育体育局(汇总) | H3: 单位：万元
A4: 功能科目 | C4: 单位代码 | D4: 单位名称（功能科目） | E4: 基本支出
A5: 类 | B5: 款 | E5: 合计 | F5: 工资福利支出 | G5: 一般商品和服务支出 | H5: 对个人和家庭的补助
A7: ** | B7: ** | C7: ** | D7: ** | E7: 2 | F7: 3 | G7: 4 | H7: 5
A8: 合计 | C8: 084 | D8: 岳阳县教育体育局(汇总) | E8: =E9 -> 87714.685 | F8: =F9 -> 60796.724 | G8: =G9 -> 11831.641 | H8: =H9 -> 15086.319
A9: 205 | C9: 084 | D9: 教育支出 | E9: =SUM(E10:E13) -> 87714.685 | F9: =SUM(F10:F13) -> 60796.724 | G9: =SUM(G10:G13) -> 11831.641 | H9: =SUM(H10:H13) -> 15086.319
A10: 205 | B10: 01 | C10: 084 | D10: 教育管理事务 | E10: =SUM(F10:H10) -> 1766.8994 | F10: 1216.18 | G10: 235.65291 | H10: 315.06651
A11: 205 | B11: 02 | C11: 084 | D11: 普通教育 | E11: =SUM(F11:H11) -> 79762.953 | F11: 55336.23 | G11: 10772.703 | H11: 13654.02
A12: 205 | B12: 03 | C12: 084 | D12: 职业教育 | E12: =SUM(F12:H12) -> 5305.3819 | F12: 3642.2237 | G12: 706.95872 | H12: 956.19954
A13: 205 | B13: 07 | C13: 084 | D13: 特殊教育 | E13: =SUM(F13:H13) -> 879.45032 | F13: 602.09061 | G13: 116.32645 | H13: 161.03326
E18: 合计 | F18: 工资福利支出 | G18: 一般商品和服务支出 | H18: 对个人和家庭的补助
E20: 2 | F20: 3 | G20: 4 | H20: 5
E21: =E23 -> 80564.95 | F21: =F23 -> 55203.98 | G21: =G23 -> 10741.97 | H21: =H23 -> 14619
E22: 88745 | F22: =F21/$E$21 -> 0.68521088 | G22: =G21/$E$21 -> 0.13333304 | H22: =H21/$E$21 -> 0.18145608
E23: =SUM(E24:E27) -> 80564.95 | F23: =SUM(F24:F27) -> 55203.98 | G23: =SUM(G24:G27) -> 10741.97 | H23: =SUM(H24:H27) -> 14619
D24: =F24/$F$23 -> 0.020000007 | E24: =SUM(F24:H24) -> 1648.02 | F24: 1104.08 | G24: 276.94 | H24: 267
D25: =F25/$F$23 -> 0.90999997 | E25: =SUM(F25:H25) -> 73419.69 | F25: 50235.62 | G25: 9785.07 | H25: 13399
D26: =F26/$F$23 -> 0.060000022 | E26: =SUM(F26:H26) -> 4824.9 | F26: 3312.24 | G26: 634.06 | H26: 878.6
D27: =F27/$F$23 -> 0.010000004 | E27: =SUM(F27:H27) -> 672.34 | F27: 552.04 | G27: 45.9 | H27: 74.4
F28: =$E$22*F22 -> 60809.039 | G28: =$E$22*G22 -> 11832.641 | H28: =$E$22*H22 -> 16103.32
F29: =$F$28*D24 -> 1216.1812 | G29: =$G$28*D24 -> 236.65291 | H29: =$H$28*D24 -> 322.06651
F30: =$F$28*D25 -> 55336.224 | G30: =$G$28*D25 -> 10767.703 | H30: =$H$28*D25 -> 14654.02
F31: =$F$28*D26 -> 3648.5437 | G31: =$G$28*D26 -> 709.95872 | H31: =$H$28*D26 -> 966.19954
F32: =$F$28*D27 -> 608.09061 | G32: =$G$28*D27 -> 118.32645 | H32: =$H$28*D27 -> 161.03326
F35: 1216.1812 | G35: 236.65291 | H35: 322.06651
F36: 55336.224 | G36: 10767.703 | H36: 14654.02
F37: 3648.5437 | G37: 709.95872 | H37: 966.19954
F38: 608.09061 | G38: 118.32645 | H38: 161.03326

Sheet 15、一般-工资福利
AA1: 表-15
A2: 一般预算拨款——工资福利支出预算表
A3: 单位：岳阳县教育体育局(汇总) | Z3: 单位：万元
A4: 科目编码 | D4: 单位代码 | E4: 单位名称（功能科目） | F4: 总 计 | G4: 工资性支出 | O4: 社会保障缴费 | W4: 住房公积金 | X4: 其他工资福利支出
A5: 类 | B5: 款 | C5: 项 | G5: 合计 | H5: 基本工资 | I5: 基本工资提标 | J5: 规范性公务员津补贴 | K5: 特殊岗位津贴 | L5: 津贴补贴提标 | M5: 绩效工资 | N5: 绩效工资提标 | O5: 合计 | P5: 机关事业单位基本养老保险缴费 | Q5: 职工基本医疗保险缴费 | R5: 公务员医疗补助缴费 | S5: 生育保险 | T5: 工伤保险 | U5: 残疾人保障金 | V5: 医疗费 | X5: 合计 | Y5: 定额补助 | Z5: 工勤人员经费 | AA5: 其他工资福利支出
A7: ** | B7: ** | C7: ** | D7: ** | E7: ** | F7: 1 | G7: 2 | H7: 3 | I7: 4 | J7: 5 | K7: 6 | L7: 7 | M7: 8 | N7: 9 | O7: 10 | P7: 11 | Q7: 12 | R7: 13 | S7: 14 | T7: 15 | U7: 16 | V7: 17 | W7: 18 | X7: 19 | Y7: 20 | Z7: 21 | AA7: 22
A8: 合计 | D8: 084 | E8: 岳阳县教育体育局(汇总) | F8: =G8+O8+W8+X8 -> 60796.717 | G8: =G9 -> 39557.994 | H8: =H9 -> 23047.693 | L8: =L9 -> 4207.248 | M8: =M9 -> 12303.053 | O8: =SUM(P8:T8) -> 11157.168 | P8: =P9 -> 5745.13 | Q8: =Q9 -> 3742.1361 | R8: =R9 -> 642.40495 | S8: =S9 -> 646.31495 | T8: =T9 -> 381.18186 | W8: =W9 -> 3208.399 | X8: =AA8 -> 6873.1563 | AA8: =AA9 -> 6873.1563
A9: 205 | E9: 教育支出 | F9: =G9+O9+W9+X9 -> 60796.717 | G9: =G10+G12+G17+G19 -> 39557.994 | H9: =H10+H12+H17+H19 -> 23047.693 | L9: =L10+L12+L17+L19 -> 4207.248 | M9: =M10+M12+M17+M19 -> 12303.053 | O9: =SUM(P9:T9) -> 11157.168 | P9: =P10+P12+P17+P19 -> 5745.13 | Q9: =Q10+Q12+Q17+Q19 -> 3742.1361 | R9: =R10+R12+R17+R19 -> 642.40495 | S9: =S10+S12+S17+S19 -> 646.31495 | T9: =T10+T12+T17+T19 -> 381.18186 | W9: =W10+W12+W17+W19 -> 3208.399 | X9: =AA9 -> 6873.1563 | AA9: =AA10+AA12+AA17+AA19 -> 6873.1563
A10: 205 | B10: 01 | E10: 教育管理事务 | F10: =G10+O10+W10+X10 -> 584.30815 | G10: =G11 -> 387.18892 | H10: =H11 -> 237.72638 | I10: =I11 -> 0 | J10: =J11 -> 0 | K10: =K11 -> 0 | L10: =L11 -> 37.142546 | M10: =M11 -> 112.32 | N10: =N11 -> 0 | ... AA10: =AA11 -> 65.25
A11: 205 | B11: 01 | C11: 02 | D11: 084 | E11: 一般行政管理事务 | F11: =G11+O11+W11+X11 -> 584.30815 | G11: =SUM(H11:M11) -> 387.18892 | H11: 237.72638 | I11: 0 | J11: 0 | K11: 0 | L11: 37.142546 | M11: 112.32 | N11: 0 | O11: =SUM(P11:T11) -> 102.89022 | P11: 53.14 | Q11: 33.810217 | R11: 5.74 | S11: 5.68 | T11: 4.52 | U11: 0 | V11: 0 | W11: 28.979008 | X11: =AA11 -> 65.25 | Y11: 0 | Z11: 0 | AA11: 65.25
A12: 205 | B12: 02 | E12: 普通教育 | F12: =G12+O12+W12+X12 -> 51399.69 | G12: =SUM(H12:M12) -> 33169.526 | H12: =H13+H14+H15+H16 -> 19125.017 | L12: =L13+L14+L15+L16 -> 3577.038 | M12: =M13+M14+M15+M16 -> 10467.471 | O12: =SUM(P12:T12) -> 9526.2371 | P12: =P13+P14+P15+P16 -> 4925.22 | Q12: =Q13+Q14+Q15+Q16 -> 3183.4753 | R12: =R13+R14+R15+R16 -> 543.86495 | S12: =S13+S14+S15+S16 -> 550.75495 | T12: =T13+T14+T15+T16 -> 322.92186 | W12: =W13+W14+W15+W16 -> 2744.32 | X12: =AA12 -> 5959.6063 | AA12: =AA13+AA14+AA15+AA16 -> 5959.6063
A13: 205 | B13: 02 | C13: 01 | D13: 084 | E13: 学前教育 | F13: =G13+O13+W13+X13 -> 4218.23 | G13: =SUM(H13:M13) -> 2798.9954 | H13: 1718.1096 | I13: 0 | J13: 0 | K13: 0 | L13: 275.46457 | M13: 805.42118 | N13: 0 | O13: =SUM(P13:T13) -> 732.51468 | P13: 378.52 | Q13: 244.88282 | R13: 42.54 | S13: 42.32 | T13: 24.251864 | U13: 0 | V13: 0 | W13: 211.52 | X13: =AA13 -> 475.2 | Y13: 0 | Z13: 0 | AA13: 475.2
A14: 205 | B14: 02 | C14: 02 | D14: 084 | E14: 小学教育 | F14: =G14+O14+W14+X14 -> 22580.146 | G14: =SUM(H14:M14) -> 13980.994 | H14: 7340.27 | I14: 0 | J14: 0 | K14: 0 | L14: 1688.1388 | M14: 4952.5852 | N14: 0 | O14: =SUM(P14:T14) -> 4495.0515 | P14: 2322.84 | Q14: 1504.2795 | R14: 257.86601 | S14: 257.86601 | T14: 152.2 | U14: 0 | V14: 0 | W14: 1295.4 | X14: =AA14 -> 2808.7 | Y14: 0 | Z14: 0 | AA14: 2808.7
A15: 205 | B15: 02 | C15: 03 | D15: 084 | E15: 初中教育 | F15: =G15+O15+W15+X15 -> 15619.21 | G15: =SUM(H15:M15) -> 10384.118 | H15: 6376.4027 | I15: 0 | J15: 0 | K15: 0 | L15: 1022.1534 | M15: 2985.5623 | N15: 0 | O15: =SUM(P15:T15) -> 2733.672 | P15: 1412.65 | Q15: 909.56411 | R15: 155.91894 | S15: 162.91894 | T15: 92.62 | U15: 0 | V15: 0 | W15: 785.2 | X15: =AA15 -> 1716.22 | Y15: 0 | Z15: 0 | AA15: 1716.22
A16: 205 | B16: 02 | C16: 04 | D16: 084 | E16: 高中教育 | F16: =G16+O16+W16+X16 -> 8982.1038 | G16: =SUM(H16:M16) -> 6005.4186 | H16: 3690.2349 | I16: 0 | J16: 0 | K16: 0 | L16: 591.28122 | M16: 1723.9025 | N16: 0 | O16: =SUM(P16:T16) -> 1564.9989 | P16: 811.21 | Q16: 524.74889 | R16: 87.54 | S16: 87.65 | T16: 53.85 | U16: 0 | V16: 0 | W16: 452.2 | X16: =AA16 -> 959.48627 | Y16: 0 | Z16: 0 | AA16: 959.48627
A17: 205 | B17: 03 | D17: 084 | E17: 职业教育 | F17: =G17+O17+W17+X17 -> 7545.7327 | G17: =SUM(H17:M17) -> 5148.0493 | H17: =H18 -> 3161.5719 | I17: =I18 -> 0 | J17: =J18 -> 0 | K17: =K18 -> 0 | L17: =L18 -> 507.82755 | M17: =M18 -> 1478.6498 | N17: =N18 -> 0 | O17: =SUM(P17:T17) -> 1308.6134 | P17: =P18 -> 658.23 | Q17: =Q18 -> 449.57338 | R17: =R18 -> 79.56 | S17: =S18 -> 75.63 | T17: =T18 -> 45.62 | U17: =U18 -> 0 | V17: =V18 -> 0 | W17: =W18 -> 372.6 | X17: =AA17 -> 716.47 | Y17: =Y18 -> 0 | Z17: =Z18 -> 0 | AA17: =AA18 -> 716.47
A18: 205 | B18: 03 | C18: 02 | D18: 084 | E18: 中职业教育 | F18: =G18+O18+W18+X18 -> 7545.7327 | G18: =SUM(H18:M18) -> 5148.0493 | H18: 3161.5719 | I18: 0 | J18: 0 | K18: 0 | L18: 507.82755 | M18: 1478.6498 | N18: 0 | O18: =SUM(P18:T18) -> 1308.6134 | P18: 658.23 | Q18: 449.57338 | R18: 79.56 | S18: 75.63 | T18: 45.62 | U18: 0 | V18: 0 | W18: 372.6 | X18: =AA18 -> 716.47 | Y18: 0 | Z18: 0 | AA18: 716.47
A19: 205 | B19: 07 | D19: 084 | E19: 特殊教育 | F19: =G19+O19+W19+X19 -> 1266.9868 | G19: =SUM(H19:M19) -> 853.22969 | H19: =H20 -> 523.37768 | I19: =I20 -> 0 | J19: =J20 -> 0 | K19: =K20 -> 0 | L19: =L20 -> 85.239979 | M19: =M20 -> 244.61203 | N19: =N20 -> 0 | O19: =SUM(P19:T19) -> 219.42715 | P19: =P20 -> 108.54 | Q19: =Q20 -> 75.277146 | R19: =R20 -> 13.24 | S19: =S20 -> 14.25 | T19: =T20 -> 8.12 | U19: =U20 -> 0 | V19: =V20 -> 0 | W19: =W20 -> 62.5 | X19: =AA19 -> 131.83 | Y19: =Y20 -> 0 | Z19: =Z20 -> 0 | AA19: =AA20 -> 131.83
A20: 205 | B20: 07 | C20: 01 | D20: 084 | E20: 特殊学校教育 | F20: =G20+O20+W20+X20 -> 1266.9868 | G20: =SUM(H20:M20) -> 853.22969 | H20: 523.37768 | I20: 0 | J20: 0 | K20: 0 | L20: 85.239979 | M20: 244.61203 | N20: 0 | O20: =SUM(P20:T20) -> 219.42715 | P20: 108.54 | Q20: 75.277146 | R20: 13.24 | S20: 14.25 | T20: 8.12 | U20: 0 | V20: 0 | W20: 62.5 | X20: =AA20 -> 131.83 | Y20: 0 | Z20: 0 | AA20: 131.83
F21: =G21+O21+W21+X21 -> 0 | O21: =SUM(P21:T21) -> 0
F22: =G22+O22+W22+X22 -> 1.7034326 | G22: =G8/F8 -> 0.65066004 | H22: =H8/$G$8 -> 0.58263048 | I22: =I8/$G$8 -> 0 | J22: =J8/$G$8 -> 0 | K22: =K8/$G$8 -> 0 | L22: =L8/$G$8 -> 0.10635646 | M22: =M8/$G$8 -> 0.31101306 | O22: =SUM(P22:T22) -> 1 | P22: =P8/$O$8 -> 0.51492727 | Q22: =Q8/$O$8 -> 0.33540197 | R22: =R8/$O$8 -> 0.057577779 | S22: =S8/$O$8 -> 0.057928227 | T22: =T8/$O$8 -> 0.034164751 | W22: =W8/F8 -> 0.05277257 | AA22: =AA8/F8 -> 0.11305144
E23: 88745 | F23: =G23+O23+W23+X23 -> 62426.127 | G23: =E23*G22 -> 57742.825 | O23: =SUM(P23:T23) -> 0 | W23: =E23*W22 -> 4683.3017 | AA23: =E23*AA22 -> 10032.75
A24: 205 | E24: 教育支出 | F24: =G24+O24+W24+X24 -> 62426.127 | G24: =E23*G22 -> 57742.825 | O24: =SUM(P24:T24) -> 0 | W24: =E23*W22 -> 4683.3017 | AA24: =E23*AA22 -> 10032.75
A25: 205 | B25: 01 | E25: 教育管理事务 | F25: =G25+O25+W25+X25 -> 0 | O25: =SUM(P25:T25) -> 0
A26: 205 | B26: 01 | C26: 02 | D26: 084 | E26: 一般行政管理事务 | F26: =G26+O26+W26+X26 -> 0 | G26: =G24*F25 -> 0 | H26: =$G$26*H22 -> 0 | I26: =$G$26*I22 -> 0 | J26: =$G$26*J22 -> 0 | K26: =$G$26*K22 -> 0 | L26: =$G$26*L22 -> 0 | M26: =$G$26*M22 -> 0 | O26: =SUM(P26:T26) -> 0
A27: 205 | B27: 02 | E27: 普通教育 | F27: =G27+O27+W27+X27 -> 64005.116 | G27: =G24*F27 -> 53260.921 | O27: =SUM(P27:T27) -> 0
A28: 205 | B28: 02 | C28: 01 | D28: 084 | E28: 学前教育 | F28: =G28+O28+W28+X28 -> 64005.116 | G28: =$G$24*$F$27*F28 -> 4114.1674 | H28: =$G$28*H22 -> 2525.8608 | I28: =$G$28*I22 -> 0 | J28: =$G$28*J22 -> 0 | K28: =$G$28*K22 -> 0 | L28: =$G$28*L22 -> 404.74123 | M28: =$G$28*M22 -> 1183.5653 | O28: =SUM(P28:T28) -> 0
A29: 205 | B29: 02 | C29: 02 | D29: 084 | E29: 小学教育 | F29: =G29+O29+W29+X29 -> 64005.116 | G29: =$G$24*$F$27*F29 -> 25152.348 | H29: =$G$29*H22 -> 15442.087 | I29: =$G$29*I22 -> 0 | J29: =$G$29*J22 -> 0 | K29: =$G$29*K22 -> 0 | L29: =$G$29*L22 -> 2474.4234 | M29: =$G$29*M22 -> 7235.8374 | O29: =SUM(P29:T29) -> 0
A30: 205 | B30: 02 | C30: 03 | D30: 084 | E30: 初中教育 | F30: =G30+O30+W30+X30 -> 64005.116 | G30: =$G$24*$F$27*F30 -> 15233.888 | H30: =$G$30*H22 -> 9352.7265 | I30: =$G$30*I22 -> 0 | J30: =$G$30*J22 -> 0 | K30: =$G$30*K22 -> 0 | L30: =$G$30*L22 -> 1498.6709 | M30: =$G$30*M22 -> 4382.4911 | O30: =SUM(P30:T30) -> 0
A31: 205 | B31: 02 | C31: 04 | D31: 084 | E31: 高中教育 | F31: =G31+O31+W31+X31 -> 64005.116 | G31: =$G$24*$F$27*F31 -> 8760.5176 | H31: =$G$31*H22 -> 5378.4512 | I31: =$G$31*I22 -> 0 | J31: =$G$31*J22 -> 0 | K31: =$G$31*K22 -> 0 | L31: =$G$31*L22 -> 861.83725 | M31: =$G$31*M22 -> 2520.2292 | O31: =SUM(P31:T31) -> 0
A32: 205 | B32: 03 | D32: 084 | E32: 职业教育 | F32: =G32+O32+W32+X32 -> 64005.116 | G32: =G23*F32 -> 7359.5814 | O32: =SUM(P32:T32) -> 0
A33: 205 | B33: 03 | C33: 02 | D33: 084 | E33: 中职业教育 | F33: =G33+O33+W33+X33 -> 0 | O33: =SUM(P33:T33) -> 0
A34: 205 | B34: 07 | D34: 084 | E34: 特殊教育 | F34: =G34+O34+W34+X34 -> 0 | O34: =SUM(P34:T34) -> 0
A35: 205 | B35: 07 | C35: 01 | D35: 084 | E35: 特殊学校教育 | F35: =G35+O35+W35+X35 -> 0 | G35: =G24*F34 -> 0 | O35: =SUM(P35:T35) -> 0
F36: =G36+O36+W36+X36 -> 0 | O36: =SUM(P36:T36) -> 0
D37: 60809.04 | F37: =G37+O37+W37+X37 -> 0.22559932 | H37: =H10/$F$10 -> 0.40685104 | I37: =I10/$F$10 -> 0 | J37: =J10/$F$10 -> 0 | K37: =K10/$F$10 -> 0 | L37: =L10/$F$10 -> 0.063566708 | M37: =M10/$F$10 -> 0.19222734 | N37: =N10/$F$10 -> 0 | O37: =SUM(P37:T37) -> 0.17559932 | P37: 0.09 | Q37: =Q10/$F$10 -> 0.057863676 | R37: 0.01 | S37: 0.01 | T37: =T10/$F$10 -> 0.0077356443 | U37: =U10/$F$10 -> 0 | V37: =V10/$F$10 -> 0 | W37: 0.05 | Y37: =Y10/$F$10 -> 0 | Z37: =Z10/$F$10 -> 0 | AA37: 0.11 | AB37: =AB10/$F$10 -> 0 | AC37: =AC10/$F$10 -> 0
F38: =G38+O38+W38+X38 -> 1.7374646 | G38: 0.66578497 | H38: 0.6143819 | I38: 0 | J38: 0 | K38: 0 | L38: 0.098275071 | M38: 0.28734303 | O38: =SUM(P38:T38) -> 1 | P38: 0.65696992 | Q38: 0.29008944 | R38: 0.0040654079 | S38: 0.020146355 | T38: 0.028728882 | W38: 0.071679614 | AA38: 0.06
E39: 88745 | F39: =G39+O39+W39+X39 -> 65446.294 | G39: 59085.087 | O39: =SUM(P39:T39) -> 0 | W39: 6361.2074 | AA39: 5504.3654
A40: 205 | E40: 教育支出 | F40: =G40+O40+W40+X40 -> 65446.294 | G40: 59085.087 | O40: =SUM(P40:T40) -> 0 | W40: 6361.2074 | AA40: 5504.3654
A41: 205 | B41: 01 | E41: 教育管理事务 | F41: =G41+O41+W41+X41 -> 0 | O41: =SUM(P41:T41) -> 0
A42: 205 | B42: 01 | C42: 02 | D42: 084 | E42: 一般行政管理事务 | F42: =G42+O42+W42+X42 -> 64005.116 | G42: 1181.7022 | H42: 726.01642 | I42: 0 | J42: 0 | K42: 0 | L42: 116.13186 | M42: 339.55388 | O42: =SUM(P42:T42) -> 102.89022 | P42: =$O$42*P38 -> 233.80701 | Q42: =$O$42*Q38 -> 103.23904 | R42: =$O$42*R38 -> 1.4468256 | S42: =$O$42*S38 -> 7.1698244 | T42: =$O$42*T38 -> 10.224234 | W42: =W40*F41 -> 0 | AA42: =AA40*F41 -> 0
A43: 205 | B43: 02 | E43: 普通教育 | F43: =G43+O43+W43+X43 -> 64005.116 | G43: 53767.427 | O43: =SUM(P43:T43) -> 0 | W43: =W40*F43 -> 5788.6985 | AA43: =AA40*F43 -> 5008.9724
A44: 205 | B44: 02 | C44: 01 | D44: 084 | E44: 学前教育 | F44: =G44+O44+W44+X44 -> 64005.116 | G44: 4135.9576 | H44: 2541.0575 | I44: 0 | J44: 0 | K44: 0 | L44: 406.46153 | M44: 1188.4386 | O44: =SUM(P44:T44) -> 102.89022 | P44: =$O$44*P38 -> 818.32453 | Q44: =$O$44*Q38 -> 361.33664 | R44: =$O$44*R38 -> 5.0638894 | S44: =$O$44*S38 -> 25.094385 | T44: =$O$44*T38 -> 35.784819 | W44: =$W$43*F44 -> 445.28468 | AA44: =$AA$43*F44 -> 385.30572
A45: 205 | B45: 02 | C45: 02 | D45: 084 | E45: 小学教育 | F45: =G45+O45+W45+X45 -> 64005.116 | G45: 25406.586 | H45: 15609.346 | I45: 0 | J45: 0 | K45: 0 | L45: 2496.834 | M45: 7300.4054 | O45: =SUM(P45:T45) -> 102.89022 | P45: =$O$45*P38 -> 5026.8486 | Q45: =$O$45*Q38 -> 2219.6385 | R45: =$O$45*R38 -> 31.106736 | S45: =$O$45*S38 -> 154.15116 | T45: =$O$45*T38 -> 219.82094 | W45: =$W$43*F45 -> 2735.319 | AA45: =$AA$43*F45 -> 2366.877
A46: 205 | B46: 02 | C46: 03 | D46: 084 | E46: 初中教育 | F46: =G46+O46+W46+X46 -> 64005.116 | G46: 15362.117 | H46: 9438.2069 | I46: 0 | J46: 0 | K46: 0 | L46: 1509.7132 | M46: 4414.1974 | O46: =SUM(P46:T46) -> 102.89022 | P46: =$O$46*P38 -> 3039.489 | Q46: =$O$46*Q38 -> 1342.1066 | R46: =$O$46*R38 -> 18.808719 | S46: =$O$46*S38 -> 93.207652 | T46: =$O$46*T38 -> 132.91495 | W46: =$W$43*F46 -> 1653.9134 | AA46: =$AA$43*F46 -> 1431.1345
A47: 205 | B47: 02 | C47: 04 | D47: 084 | E47: 高中教育 | F47: =G47+O47+W47+X47 -> 64005.116 | G47: 8862.7662 | H47: 5445.1231 | I47: 0 | J47: 0 | K47: 0 | L47: 870.98898 | M47: 2546.6541 | O47: =SUM(P47:T47) -> 102.89022 | P47: =$O$47*P38 -> 1753.5526 | Q47: =$O$47*Q38 -> 774.29281 | R47: =$O$47*R38 -> 10.851192 | S47: =$O$47*S38 -> 53.773683 | T47: =$O$47*T38 -> 76.681754 | W47: =$W$43*F47 -> 954.18145 | AA47: =$AA$43*F47 -> 825.65512
A48: 205 | B48: 03 | D48: 084 | E48: 职业教育 | F48: =G48+O48+W48+X48 -> 3545.1065 | G48: 3545.1065 | O48: =SUM(P48:T48) -> 0 | AA48: =AA39*F48 -> 19513562
A49: 205 | B49: 03 | C49: 02 | D49: 084 | E49: 中职业教育 | F49: =G49+O49+W49+X49 -> 64005.116 | H49: =$G$48*H38 -> 2178.0493 | I49: =$G$48*I38 -> 0 | J49: =$G$48*J38 -> 0 | K49: =$G$48*K38 -> 0 | L49: =$G$48*L38 -> 348.39559 | M49: =$G$48*M38 -> 1018.6616 | O49: =SUM(P49:T49) -> 102.89022 | P49: =$O$49*P38 -> 701.42103 | Q49: =$O$49*Q38 -> 309.71712 | R49: =$O$49*R38 -> 4.3404767 | S49: =$O$49*S38 -> 21.509473 | T49: =$O$49*T38 -> 30.672702 | W49: =W40*F48 -> 22551158 | AA49: =AA40*F48 -> 19513562
A50: 205 | B50: 07 | D50: 084 | E50: 特殊教育 | F50: =G50+O50+W50+X50 -> 0 | O50: =SUM(P50:T50) -> 0
A51: 205 | B51: 07 | C51: 01 | D51: 084 | E51: 特殊学校教育 | F51: =G51+O51+W51+X51 -> 64005.116 | G51: 590.85108 | H51: =$G$51*H38 -> 363.00821 | I51: =$G$51*I38 -> 0 | J51: =$G$51*J38 -> 0 | K51: =$G$51*K38 -> 0 | L51: =$G$51*L38 -> 58.065932 | M51: =$G$51*M38 -> 169.77694 | O51: =SUM(P51:T51) -> 102.89022 | P51: =$O$51*P38 -> 116.9035 | Q51: =$O$51*Q38 -> 51.619521 | R51: =$O$51*R38 -> 0.72341278 | S51: =$O$51*S38 -> 3.5849122 | T51: =$O$51*T38 -> 5.112117 | W51: =W40*F50 -> 0 | AA51: =AA40*F50 -> 0
F52: =G52+O52+W52+X52 -> 0 | O52: =SUM(P52:T52) -> 0
F53: =G53+O53+W53+X53 -> 0 | O53: =SUM(P53:T53) -> 0
F54: =G54+O54+W54+X54 -> 0 | O54: =SUM(P54:T54) -> 0
F55: =G55+O55+W55+X55 -> 0 | O55: =SUM(P55:T55) -> 0
F56: =G56+O56+W56+X56 -> 0 | O56: =SUM(P56:T56) -> 0
F57: =G57+O57+W57+X57 -> 0 | O57: =SUM(P57:T57) -> 0
F58: =G58+O58+W58+X58 -> 0 | O58: =SUM(P58:T58) -> 0
F59: =G59+O59+W59+X59 -> 0 | O59: =SUM(P59:T59) -> 0
F60: =G60+O60+W60+X60 -> 0 | O60: =SUM(P60:T60) -> 0
F61: =G61+O61+W61+X61 -> 0 | O61: =SUM(P61:T61) -> 0
F62: =G62+O62+W62+X62 -> 0 | O62: =SUM(P62:T62) -> 0
F63: =G63+O63+W63+X63 -> 0 | O63: =SUM(P63:T63) -> 0
... F84: =G84+O84+W84+X84 -> 0 | O84: =SUM(P84:T84) -> 0
E85: 一般行政管理事务 | F85: =G85+O85+W85+X85 -> 64005.116 | G85: =$D$37*F85 -> 584.42658 | H85: =$G$85*H37 -> 237.77456 | I85: =$G$85*I37 -> 0 | J85: =$G$85*J37 -> 0 | K85: =$G$85*K37 -> 0 | L85: =$G$85*L37 -> 37.150074 | M85: =$G$85*M37 -> 112.34277 | N85: =$G$85*N37 -> 0 | O85: =SUM(P85:T85) -> 102.62491 | P85: =$G$85*P37 -> 52.598392 | Q85: =$G$85*Q37 -> 33.81707 | R85: =$G$85*R37 -> 5.8442658 | S85: =$G$85*S37 -> 5.8442658 | T85: =$G$85*T37 -> 4.5209161 | U85: =$G$85*U37 -> 0 | V85: =$G$85*V37 -> 0 | W85: =$G$85*W37 -> 29.221329 | ... AA85: =$G$85*AA37 -> 64.286924
E86: 普通教育 | F86: =G86+O86+W86+X86 -> 64005.116 | G86: =$D$37*F86 -> 0 | O86: =SUM(P86:T86) -> 0
E87: 学前教育 | F87: =G87+O87+W87+X87 -> 64005.116 | G87: =$D$37*F87 -> 4219.085 | H87: =$G$87*H37 -> 1716.5391 | I87: =$G$87*I37 -> 0 | J87: =$G$87*J37 -> 0 | K87: =$G$87*K37 -> 0 | L87: =$G$87*L37 -> 268.19335 | M87: =$G$87*M37 -> 811.02348 | N87: =$G$87*N37 -> 0 | O87: =SUM(P87:T87) -> 740.86846 | P87: =$G$87*P37 -> 379.71765 | Q87: =$G$87*Q37 -> 244.13177 | R87: =$G$87*R37 -> 42.19085 | S87: =$G$87*S37 -> 42.19085 | T87: =$G$87*T37 -> 32.637341 | U87: =$G$87*U37 -> 0 | V87: =$G$87*V37 -> 0 | W87: =$G$87*W37 -> 210.95425 | ... AA87: =$G$87*AA37 -> 464.09935
E88: 小学教育 | F88: =G88+O88+W88+X88 -> 64005.116 | G88: =$D$37*F88 -> 25793.771 | H88: =$G$88*H37 -> 10494.223 | I88: =$G$88*I37 -> 0 | J88: =$G$88*J37 -> 0 | K88: =$G$88*K37 -> 0 | L88: =$G$88*L37 -> 1639.6251 | M88: =$G$88*M37 -> 4958.268 | N88: =$G$88*N37 -> 0 | O88: =SUM(P88:T88) -> 4529.3687 | P88: =$G$88*P37 -> 2321.4394 | Q88: =$G$88*Q37 -> 1492.5224 | R88: =$G$88*R37 -> 257.93771 | S88: =$G$88*S37 -> 257.93771 | T88: =$G$88*T37 -> 199.53144 | U88: =$G$88*U37 -> 0 | V88: =$G$88*V37 -> 0 | W88: =$G$88*W37 -> 1289.6886 | ... AA88: =$G$88*AA37 -> 2837.3149
E89: 初中教育 | F89: =G89+O89+W89+X89 -> 64005.116 | G89: =$D$37*F89 -> 15622.376 | H89: =$G$89*H37 -> 6355.98 | I89: =$G$89*I37 -> 0 | J89: =$G$89*J37 -> 0 | K89: =$G$89*K37 -> 0 | L89: =$G$89*L37 -> 993.06303 | M89: =$G$89*M37 -> 3003.0478 | N89: =$G$89*N37 -> 0 | O89: =SUM(P89:T89) -> 2743.2786 | P89: =$G$89*P37 -> 1406.0139 | Q89: =$G$89*Q37 -> 903.96811 | R89: =$G$89*R37 -> 156.22376 | S89: =$G$89*S37 -> 156.22376 | T89: =$G$89*T37 -> 120.84915 | U89: =$G$89*U37 -> 0 | V89: =$G$89*V37 -> 0 | W89: =$G$89*W37 -> 781.11881 | ... AA89: =$G$89*AA37 -> 1718.4614
E90: 高中教育 | F90: =G90+O90+W90+X90 -> 64005.116 | G90: =$D$37*F90 -> 8983.9244 | H90: =$G$90*H37 -> 3655.119 | I90: =$G$90*I37 -> 0 | J90: =$G$90*J37 -> 0 | K90: =$G$90*K37 -> 0 | L90: =$G$90*L37 -> 571.0785 | M90: =$G$90*M37 -> 1726.9559 | N90: =$G$90*N37 -> 0 | O90: =SUM(P90:T90) -> 1577.571 | P90: =$G$90*P37 -> 808.55319 | Q90: =$G$90*Q37 -> 519.84288 | R90: =$G$90*R37 -> 89.839244 | S90: =$G$90*S37 -> 89.839244 | T90: =$G$90*T37 -> 69.496443 | U90: =$G$90*U37 -> 0 | V90: =$G$90*V37 -> 0 | W90: =$G$90*W37 -> 449.19622 | ... AA90: =$G$90*AA37 -> 988.23168
E91: 职业教育 | F91: =G91+O91+W91+X91 -> 64005.116 | G91: =$D$37*F91 -> 0 | O91: =SUM(P91:T91) -> 0
E92: 中职业教育 | F92: =G92+O92+W92+X92 -> 64005.116 | G92: =$D$37*F92 -> 7547.2621 | H92: =$G$92*H37 -> 3070.6114 | I92: =$G$92*I37 -> 0 | J92: =$G$92*J37 -> 0 | K92: =$G$92*K37 -> 0 | L92: =$G$92*L37 -> 479.75461 | M92: =$G$92*M37 -> 1450.7901 | N92: =$G$92*N37 -> 0 | O92: =SUM(P92:T92) -> 1325.2941 | P92: =$G$92*P37 -> 679.25359 | Q92: =$G$92*Q37 -> 436.71233 | R92: =$G$92*R37 -> 75.472621 | S92: =$G$92*S37 -> 75.472621 | T92: =$G$92*T37 -> 58.382935 | U92: =$G$92*U37 -> 0 | V92: =$G$92*V37 -> 0 | W92: =$G$92*W37 -> 377.3631 | ... AA92: =$G$92*AA37 -> 830.19883
E93: 特殊教育 | F93: =G93+O93+W93+X93 -> 64005.116 | G93: =$D$37*F93 -> 0 | O93: =SUM(P93:T93) -> 0
E94: 特殊学校教育 | F94: =G94+O94+W94+X94 -> 64005.116 | G94: =$D$37*F94 -> 1267.2436 | H94: =$G$94*H37 -> 515.57939 | I94: =$G$94*I37 -> 0 | J94: =$G$94*J37 -> 0 | K94: =$G$94*K37 -> 0 | L94: =$G$94*L37 -> 80.554507 | M94: =$G$94*M37 -> 243.59887 | N94: =$G$94*N37 -> 0 | O94: =SUM(P94:T94) -> 222.52712 | P94: =$G$94*P37 -> 114.05193 | Q94: =$G$94*Q37 -> 73.327375 | R94: =$G$94*R37 -> 12.672436 | S94: =$G$94*S37 -> 12.672436 | T94: =$G$94*T37 -> 9.802946 | U94: =$G$94*U37 -> 0 | V94: =$G$94*V37 -> 0 | W94: =$G$94*W37 -> 63.362182 | ... AA94: =$G$94*AA37 -> 139.3968
F95: =G95+O95+W95+X95 -> 0 | O95: =SUM(P95:T95) -> 0
F96: =G96+O96+W96+X96 -> 0.22411296 | H96: 0.41023898 | I96: 0 | J96: 0 | K96: 0 | L96: 0.065620854 | M96: 0.19186651 | N96: 0 | O96: =SUM(P96:T96) -> 0.17411296 | P96: 0.09 | Q96: 0.058335704 | R96: 0.01 | S96: 0.01 | T96: 0.0057772513 | U96: 0 | V96: 0 | W96: 0.05 | Y96: 0 | Z96: 0 | AA96: 0.11
F97: =G97+O97+W97+X97 -> 1.7374646 | G97: 0.66578497 | H97: 0.6143819 | I97: 0 | J97: 0 | K97: 0 | L97: 0.098275071 | M97: 0.28734303 | O97: =SUM(P97:T97) -> 1 | P97: 0.65696992 | Q97: 0.29008944 | R97: 0.0040654079 | S97: 0.020146355 | T97: 0.028728882 | W97: 0.071679614 | AA97: 0.06
E98: 一般行政管理事务 | F98: =G98+O98+W98+X98 -> 0 | O98: =SUM(P98:T98) -> 0
E99: 普通教育 | F99: =G99+O99+W99+X99 -> 0 | O99: =SUM(P99:T99) -> 0
E100: 学前教育 | F100: =G100+O100+W100+X100 -> 0 | O100: =SUM(P100:T100) -> 0
E101: 小学教育 | F101: =G101+O101+W101+X101 -> 0 | O101: =SUM(P101:T101) -> 0
E102: 初中教育 | F102: =G102+O102+W102+X102 -> 0 | O102: =SUM(P102:T102) -> 0
E103: 高中教育 | F103: =G103+O103+W103+X103 -> 0 | O103: =SUM(P103:T103) -> 0
E104: 职业教育 | F104: =G104+O104+W104+X104 -> 0 | O104: =SUM(P104:T104) -> 0
E105: 中职业教育 | F105: =G105+O105+W105+X105 -> 0 | O105: =SUM(P105:T105) -> 0
E106: 特殊教育 | F106: =G106+O106+W106+X106 -> 0 | O106: =SUM(P106:T106) -> 0
E107: 特殊学校教育 | F107: =G107+O107+W107+X107 -> 0 | O107: =SUM(P107:T107) -> 0
F108: =G108+O108+W108+X108 -> 0 | O108: =SUM(P108:T108) -> 0
F109: =G109+O109+W109+X109 -> 0 | O109: =SUM(P109:T109) -> 0
F110: =G110+O110+W110+X110 -> 0 | O110: =SUM(P110:T110) -> 0
F111: =G111+O111+W111+X111 -> 0 | O111: =SUM(P111:T111) -> 0
F112: =G112+O112+W112+X112 -> 0 | O112: =SUM(P112:T112) -> 0
F113: =G113+O113+W113+X113 -> 0 | O113: =SUM(P113:T113) -> 0
F114: =G114+O114+W114+X114 -> 0 | O114: =SUM(P114:T114) -> 0
F115: =G115+O115+W115+X115 -> 0 | O115: =SUM(P115:T115) -> 0
F116: =G116+O116+W116+X116 -> 0 | O116: =SUM(P116:T116) -> 0
F117: =G117+O117+W117+X117 -> 0 | O117: =SUM(P117:T117) -> 0
F118: =G118+O118+W118+X118 -> 0 | O118: =SUM(P118:T118) -> 0
F119: =G119+O119+W119+X119 -> 0 | O119: =SUM(P119:T119) -> 0
... F139: =G139+O139+W139+X139 -> 0 | O139: =SUM(P139:T139) -> 0
F140: =G140+O140+W140+X140 -> 484.33989 | G140: 395.66601 | H140: 162.31762 | I140: 0 | J140: 0 | K140: 0 | L140: 25.963942 | M140: 75.915058 | N140: 0 | O140: =SUM(P140:T140) -> 68.890579 | P140: 35.609941 | Q140: 23.081456 | R140: 3.9566601 | S140: 3.9566601 | T140: 2.285862 | U140: 0 | V140: 0 | W140: 19.783301 | X140: 0 | Y140: 0 | Z140: 0 | AA140: 43.523262
...

Sheet 16、工资福利(政府预算)(2)
N1: 表-16
A2: 一般预算拨款——工资福利支出预算表(按政府预算经济分类)
A3: 单位：岳阳县教育体育局(汇总) | M3: 单位：万元
A4: 科目编码 | D4: 单位编码 | E4: 单位名称 | F4: 合计 | G4: 机关工资福利支出 | L4: 对事业单位经常性补助
A5: 类 | B5: 款 | C5: 项 | G5: 小计 | H5: 工资奖金津补贴 | I5: 社会保障缴费 | J5: 住房公积金 | K5: 其他工资福利支出 | L5: 小计 | M5: 工资福利支出 | N5: 其他对事业单位补助
A7: 合计 | D7: 084 | E7: 岳阳县教育体育局(汇总) | F7: =G7+L7 -> 60796.724 | G7: =G8 -> 458.4 | H7: =H8 -> 413.2 | I7: =I8 -> 0 | J7: =J8 -> 0 | K7: =K8 -> 45.2 | L7: =L8 -> 60338.324 | M7: =M8 -> 19064.019 | N7: =N8 -> 41274.305 | T7: 岳阳县教育体育局(汇总) | U7: 60796.717
A8: 205 | D8: 084 | E8: 教育支出 | F8: =F9+F11+F16+F18 -> 60796.724 | G8: =G9+G11+G16+G18 -> 458.4 | H8: =H9+H11+H16+H18 -> 413.2 | I8: =I9+I11+I16+I18 -> 0 | J8: =J9+J11+J16+J18 -> 0 | K8: =K9+K11+K16+K18 -> 45.2 | L8: =L9+L11+L16+L18 -> 60338.324 | M8: =M9+M11+M16+M18 -> 19064.019 | N8: =N9+N11+N16+N18 -> 41274.305 | R8: 60809.039 | T8: 教育支出 | U8: 64005.116
A9: 205 | B9: 01 | D9: 084 | E9: 教育管理事务 | F9: =G9+L9 -> 465.53244 | G9: =H9+I9+J9+K9 -> 18.7 | H9: =H10 -> 15.2 | I9: =I10 -> 0 | J9: =J10 -> 0 | K9: =K10 -> 3.5 | L9: =L10 -> 446.83244 | M9: =M10 -> 169.68244 | N9: =N10 -> 277.15 | T9: 教育管理事务 | U9: 584.30815
A10: 205 | B10: 02 | C10: 02 | D10: 084 | E10: 一般行政管理事务 | F10: =G10+L10 -> 465.53244 | G10: =H10+I10+J10+K10 -> 18.7 | H10: 15.2 | K10: 3.5 | L10: =M10+N10 -> 446.83244 | M10: 169.68244 | N10: 277.15 | P10: =M10/$M$8 -> 0.008900665 | R10: =$R$8*P10 -> 541.24089 | T10: 一般行政管理事务 | U10: 584.30815 | V10: =U10-F10 -> 118.7757 | W10: =V10*0.3 -> 35.632711 | X10: =V10*0.7 -> 83.142993
A11: 205 | B11: 02 | D11: 084 | E11: 普通教育 | F11: =G11+L11 -> 53357.518 | G11: =H11+I11+J11+K11 -> 432 | H11: =H12+H13+H14+H15 -> 398 | I11: =I12+I13+I14+I15 -> 0 | J11: =J12+J13+J14+J15 -> 0 | K11: =K12+K13+K14+K15 -> 34 | L11: =L12+L13+L14+L15 -> 52925.518 | M11: =M12+M13+M14+M15 -> 16252.827 | N11: =N12+N13+N14+N15 -> 36672.691 | P11: =M11/$M$8 -> 0.85253937 | R11: =$R$8*P11 -> 51842.1 | T11: 普通教育 | U11: 54608.089 | V11: =U11-F11 -> 1250.5709 | W11: =V11*0.3 -> 375.17128 | X11: =V11*0.7 -> 875.39966
A12: 205 | B12: 02 | C12: 01 | D12: 084 | E12: 学前教育 | F12: =G12+L12 -> 5336.939 | G12: =H12+I12+J12+K12 -> 18.2 | H12: 15 | K12: 3.2 | L12: =M12+N12 -> 5318.739 | M12: 1260.009 | N12: 4058.73 | P12: =M12/$M$8 -> 0.066093567 | R12: =$R$8*P12 -> 4019.0863 | T12: 学前教育 | U12: 4218.23 | V12: =U12-F12 -> -1118.709 | W12: =V12*0.3 -> -335.61269 | X12: =V12*0.7 -> -783.09628
A13: 205 | B13: 02 | C13: 02 | D13: 084 | E13: 小学教育 | F13: =G13+L13 -> 20401.753 | G13: =H13+I13+J13+K13 -> 138.5 | H13: 126 | K13: 12.5 | L13: =M13+N13 -> 20263.253 | M13: 7695.0133 | N13: 12568.24 | P13: =M13/$M$8 -> 0.40364067 | R13: =$R$8*P13 -> 24545.001 | T13: 小学教育 | U13: 25788.544 | V13: =U13-F13 -> 5386.7911 | W13: =V13*0.3 -> 1616.0373 | X13: =V13*0.7 -> 3770.7538
A14: 205 | B14: 02 | C14: 03 | D14: 084 | E14: 初中教育 | F14: =G14+L14 -> 17591.634 | G14: =H14+I14+J14+K14 -> 249.8 | H14: 234 | K14: 15.8 | L14: =M14+N14 -> 17341.834 | M14: 4610.8231 | N14: 12731.011 | P14: =M14/$M$8 -> 0.24185997 | R14: =$R$8*P14 -> 14707.273 | T14: 初中教育 | U14: 15619.21 | V14: =U14-F14 -> -1972.4238 | W14: =V14*0.3 -> -591.72715 | X14: =V14*0.7 -> -1380.6967
A15: 205 | B15: 02 | C15: 04 | D15: 084 | E15: 高中教育 | F15: =G15+L15 -> 10027.191 | G15: =H15+I15+J15+K15 -> 25.5 | H15: 23 | K15: 2.5 | L15: =M15+N15 -> 10001.691 | M15: 2686.9811 | N15: 7314.71 | P15: =M15/$M$8 -> 0.14094516 | R15: =$R$8*P15 -> 8570.7396 | T15: 高中教育 | U15: 8982.1038 | V15: =U15-F15 -> -1045.0873 | W15: =V15*0.3 -> -313.5262 | X15: =V15*0.7 -> -731.56114
A16: 205 | B16: 03 | D16: 084 | E16: 职业教育 | F16: =G16+L16 -> 5971.8638 | G16: =G17 -> 3.5 | H16: =H17 -> 0 | I16: =I17 -> 0 | J16: =J17 -> 0 | K16: =K17 -> 3.5 | L16: =L17 -> 5968.3638 | M16: =M17 -> 2262.6698 | N16: =N17 -> 3705.694 | P16: =M16/$M$8 -> 0.11868798 | R16: =$R$8*P16 -> 7217.3018 | T16: 职业教育 | U16: 7545.7327 | V16: =U16-F16 -> 1573.8689 | W16: =V16*0.3 -> 472.16066 | X16: =V16*0.7 -> 1101.7082
A17: 205 | B17: 03 | C17: 02 | D17: 084 | E17: 中职业教育 | F17: =G17+L17 -> 5971.8638 | G17: =H17+I17+J17+K17 -> 3.5 | K17: 3.5 | L17: =M17+N17 -> 5968.3638 | M17: 2262.6698 | N17: 3705.694 | P17: =M17/$M$8 -> 0.11868798 | R17: =$R$8*P17 -> 7217.3018 | T17: 中职业教育 | U17: 7545.7327 | V17: =U17-F17 -> 1573.8689 | W17: =V17*0.3 -> 472.16066 | X17: =V17*0.7 -> 1101.7082
A18: 205 | B18: 07 | D18: 084 | E18: 特殊教育 | F18: =G18+L18 -> 1001.81 | G18: =G19 -> 4.2 | H18: =H19 -> 0 | I18: =I19 -> 0 | J18: =J19 -> 0 | K18: =K19 -> 4.2 | L18: =L19 -> 997.61 | M18: =M19 -> 378.84 | N18: =N19 -> 618.77 | P18: =M18/$M$8 -> 0.01987199 | R18: =$R$8*P18 -> 1208.3966 | T18: 特殊教育 | U18: 1266.9868 | V18: =U18-F18 -> 265.17683 | W18: =V18*0.3 -> 79.55305 | X18: =V18*0.7 -> 185.62378
A19: 205 | B19: 07 | C19: 01 | D19: 084 | E19: 特殊学校教育 | F19: =G19+L19 -> 1001.81 | G19: =H19+I19+J19+K19 -> 4.2 | K19: 4.2 | L19: =M19+N19 -> 997.61 | M19: 378.84 | N19: 618.77 | P19: =M19/$M$8 -> 0.01987199 | R19: =$R$8*P19 -> 1208.3966 | T19: 特殊学校教育 | U19: 1266.9868 | V19: =U19-F19 -> 265.17683 | W19: =V19*0.3 -> 79.55305 | X19: =V19*0.7 -> 185.62378

Sheet 17、一般-商品和服务
Y1: 表-17
A2: 一般预算拨款——一般商品和服务支出预算表
A3: 单位：岳阳县教育体育局(汇总) | Y3: 单位：万元
A4: 科目编码 | D4: 单位代码 | E4: 单位名称（功能科目） | F4: 总计 | H4: 办公费 | I4: 印刷费 | J4: 水费 | K4: 电费 | L4: 邮电费 | M4: 物业管理费 | N4: 差旅费 | O4: 因公出国(境)费用 | P4: 维修（护）费 | Q4: 会议费 | R4: 培训费 | S4: 公务接待费 | T4: 工会经费 | U4: 福利费 | V4: 公务用车运行维护费 | W4: 公务交通补贴 | X4: 其他交通费用 | Y4: 离退休公用支出 | Z4: 离退休党建经费 | AA4: 其他
A5: 类 | B5: 款 | C5: 项
A7: ** | B7: ** | C7: ** | D7: ** | E7: ** | F7: 1 | H7: 2 | I7: 3 | J7: 4 | K7: 5 | L7: 6 | M7: 7 | N7: 8 | O7: 9 | P7: 10 | Q7: 11 | R7: 12 | S7: 13 | T7: 14 | U7: 15 | V7: 16 | W7: 17 | X7: 18 | Y7: 19 | Z7: 20 | AA7: 21
A8: 合计 | D8: 084 | E8: 岳阳县教育体育局(汇总) | F8: =F9 -> 11831.644 | H8: =H9 -> 1002.42 | I8: =I9 -> 708.58 | J8: =J9 -> 528.57277 | K8: =K9 -> 927.10229 | L8: =L9 -> 195.57768 | M8: =M9 -> 929.52133 | N8: =N9 -> 319.4785 | P8: =P9 -> 3182.823 | Q8: =Q9 -> 276.38152 | R8: =R9 -> 1227.6718 | S8: =S9 -> 82.755754 | T8: =T9 -> 1121.7641 | U8: =U9 -> 43.522503 | X8: =X9 -> 492.34225 | Z8: =Z9 -> 184.05346 | AA8: =AA9 -> 609.07746
A9: 205 | E9: 教育支出 | F9: =F10+F12+F17+F19 -> 11831.644 | H9: =H10+H12+H17+H19 -> 1002.42 | I9: =I10+I12+I17+I19 -> 708.58 | J9: =J10+J12+J17+J19 -> 528.57277 | K9: =K10+K12+K17+K19 -> 927.10229 | L9: =L10+L12+L17+L19 -> 195.57768 | M9: =M10+M12+M17+M19 -> 929.52133 | N9: =N10+N12+N17+N19 -> 319.4785 | P9: =P10+P12+P17+P19 -> 3182.823 | Q9: =Q10+Q12+Q17+Q19 -> 276.38152 | R9: =R10+R12+R17+R19 -> 1227.6718 | S9: =S10+S12+S17+S19 -> 82.755754 | T9: =T10+T12+T17+T19 -> 1121.7641 | U9: =U10+U12+U17+U19 -> 43.522503 | X9: =X10+X12+X17+X19 -> 492.34225 | Z9: =Z10+Z12+Z17+Z19 -> 184.05346 | AA9: =AA10+AA12+AA17+AA19 -> 609.07746
A10: 205 | B10: 01 | D10: 084 | E10: 教育管理事务 | F10: =F11 -> 274.35 | H10: =H11 -> 24.52 | I10: =I11 -> 15.82 | J10: =J11 -> 11.85 | K10: =K11 -> 21.05 | L10: =L11 -> 4.62 | M10: =M11 -> 21.05 | N10: =N11 -> 7.75 | P10: =P11 -> 75.45 | Q10: =Q11 -> 6.45 | R10: =R11 -> 28.05 | S10: =S11 -> 3.42 | T10: =T11 -> 25.42 | U10: =U11 -> 1.05 | X10: =X11 -> 11.65 | Z10: =Z11 -> 4.35 | AA10: =AA11 -> 11.85
A11: 205 | B11: 01 | C11: 02 | D11: 084 | E11: 一般行政管理事务 | F11: =SUM(H11:AA11) -> 274.35 | H11: 24.52 | I11: 15.82 | J11: 11.85 | K11: 21.05 | L11: 4.62 | M11: 21.05 | N11: 7.75 | P11: 75.45 | Q11: 6.45 | R11: 28.05 | S11: 3.42 | T11: 25.42 | U11: 1.05 | X11: 11.65 | Z11: 4.35 | AA11: 11.85
A12: 205 | B12: 02 | E12: 普通教育 | F12: =SUM(H12:AA12) -> 10821.273 | H12: =SUM(H13:H16) -> 920.4 | I12: =SUM(I13:I16) -> 650.7 | J12: =SUM(J13:J16) -> 486.23535 | K12: =SUM(K13:K16) -> 849.80102 | L12: =SUM(L13:L16) -> 179.05891 | M12: =SUM(M13:M16) -> 850.6105 | N12: =SUM(N13:N16) -> 290.31863 | P12: =SUM(P13:P16) -> 2913.3111 | Q12: =SUM(Q13:Q16) -> 252.09711 | R12: =SUM(R13:R16) -> 1125.0663 | S12: =SUM(S13:S16) -> 72.1715 | T12: =SUM(T13:T16) -> 1026.4617 | U12: =SUM(U13:U16) -> 39.705367 | X12: =SUM(X13:X16) -> 450.1768 | Z12: =SUM(Z13:Z16) -> 168.43868 | AA12: =SUM(AA13:AA16) -> 546.72014
A13: 205 | B13: 02 | C13: 01 | D13: 084 | E13: 学前教育 | F13: =SUM(H13:AA13) -> 1055.4724 | H13: 88.2 | I13: 65.06 | J13: 45.229265 | K13: 83.513522 | L13: 17.596872 | M13: 83.335306 | N13: 28.530834 | O13: 0 | P13: 295.39 | Q13: 25.000472 | R13: 110.70617 | S13: 8.15 | T13: 98.05 | U13: 3 | V13: 0 | W13: 0 | X13: 42.26 | Y13: 0 | Z13: 15.6 | AA13: 45.85
A14: 205 | B14: 02 | C14: 02 | D14: 084 | E14: 小学教育 | F14: =SUM(H14:AA14) -> 5081.6128 | H14: 428.75 | I14: 306.41 | J14: 227.05786 | K14: 400.78622 | L14: 84.448408 | M14: 399.93095 | N14: 136.92112 | O14: 0 | P14: 1368.2 | Q14: 119.97871 | R14: 531.28533 | S14: 23.945203 | T14: 485.58098 | U14: 19.197762 | V14: 0 | W14: 0 | X14: 213.34999 | Y14: 0 | Z14: 79.938192 | AA14: 255.8321
A15: 205 | B15: 02 | C15: 03 | D15: 084 | E15: 初中教育 | F15: =SUM(H15:AA15) -> 2886.5608 | H15: 246.2 | I15: 172.02 | J15: 136.16727 | K15: 225.57561 | L15: 47.53033 | M15: 225.09424 | N15: 77.063692 | O15: 0 | P15: 772.2 | Q15: 65.23 | R15: 299.02478 | S15: 24.7338 | T15: 273.30088 | U15: 10.805129 | V15: 0 | W15: 0 | X15: 120.08036 | Y15: 0 | Z15: 44.991833 | AA15: 146.54287
A16: 205 | B16: 02 | C16: 04 | D16: 084 | E16: 高中教育 | F16: =SUM(H16:AA16) -> 1797.627 | H16: 157.25 | I16: 107.21 | J16: 77.78096 | K16: 139.92566 | L16: 29.483298 | M16: 142.25 | N16: 47.802987 | O16: 0 | P16: 477.52105 | Q16: 41.88792 | R16: 184.05 | S16: 15.342498 | T16: 169.52988 | U16: 6.702475 | V16: 0 | W16: 0 | X16: 74.486441 | Y16: 0 | Z16: 27.908655 | AA16: 98.495167
A17: 205 | B17: 03 | D17: 084 | E17: 中职业教育 | F17: =SUM(H17:AA17) -> 598.51348 | H17: =H18 -> 48 | I17: =I18 -> 34.96 | J17: =J18 -> 25.402736 | K17: =K18 -> 46.867308 | L17: =L18 -> 9.9149086 | M17: =M18 -> 48.5 | N17: =N18 -> 18.2 | P17: =P18 -> 162.25 | Q17: =Q18 -> 15.02 | R17: =R18 -> 62.12253 | S17: =S18 -> 6.12 | T17: =T18 -> 58.52 | U17: =U18 -> 2.31 | X17: =X18 -> 25.52 | Z17: =Z18 -> 9.3866638 | AA17: =AA18 -> 25.419329
A18: 205 | B18: 03 | C18: 02 | D18: 084 | E18: 中职业教育 | F18: =SUM(H18:AA18) -> 598.51348 | H18: 48 | I18: 34.96 | J18: 25.402736 | K18: 46.867308 | L18: 9.9149086 | M18: 48.5 | N18: 18.2 | O18: 0 | P18: 162.25 | Q18: 15.02 | R18: 62.12253 | S18: 6.12 | T18: 58.52 | U18: 2.31 | V18: 0 | W18: 0 | X18: 25.52 | Y18: 0 | Z18: 9.3866638 | AA18: 25.419329
A19: 205 | B19: 07 | D19: 084 | E19: 特殊学校教育 | F19: =SUM(H19:AA19) -> 137.50785 | H19: =H20 -> 9.5 | I19: =I20 -> 7.1 | J19: =J20 -> 5.0846787 | K19: =K20 -> 9.383964 | L19: =L20 -> 1.9838619 | M19: =M20 -> 9.3608318 | N19: =N20 -> 3.2098687 | P19: =P20 -> 31.811958 | Q19: =Q20 -> 2.8144181 | R19: =R20 -> 12.433009 | S19: =S20 -> 1.0442538 | T19: =T20 -> 11.362318 | U19: =U20 -> 0.45713641 | X19: =X20 -> 4.9954545 | Z19: =Z20 -> 1.8781146 | AA19: =AA20 -> 25.087983
A20: 205 | B20: 07 | C20: 01 | D20: 084 | E20: 特殊学校教育 | F20: =SUM(H20:AA20) -> 137.50785 | H20: 9.5 | I20: 7.1 | J20: 5.0846787 | K20: 9.383964 | L20: 1.9838619 | M20: 9.3608318 | N20: 3.2098687 | O20: 0 | P20: 31.811958 | Q20: 2.8144181 | R20: 12.433009 | S20: 1.0442538 | T20: 11.362318 | U20: 0.45713641 | V20: 0 | W20: 0 | X20: 4.9954545 | Y20: 0 | Z20: 1.8781146 | AA20: 25.087983
H22: =H8/$F$8 -> 0.084723642 | I22: =I8/$F$8 -> 0.059888548 | J22: =J8/$F$8 -> 0.044674497 | K22: =K8/$F$8 -> 0.078357856 | L22: =L8/$F$8 -> 0.01653005 | M22: =M8/$F$8 -> 0.078562311 | N22: =N8/$F$8 -> 0.027002037 | O22: =O8/$F$8 -> 0 | ... AA22: =AA8/$F$8 -> 0.051478682
E23: 11832.64 | F23: =F11/F8 -> 0.023187817 | G23: =$E$23*F23 -> 274.37309 | H23: =$G$23*H22 -> 23.245887 | I23: =$G$23*I22 -> 16.431806 | J23: =$G$23*J22 -> 12.25748 | K23: =$G$23*K22 -> 21.499287 | L23: =$G$23*L22 -> 4.535401 | M23: =$G$23*M22 -> 21.555384 | N23: =$G$23*N22 -> 7.4086323 | O23: =$G$23*O22 -> 0 | ... AA23: =$G$23*AA22 -> 14.124365
G24: =$E$23*F24 -> 0
F25: =F13/$F$8 -> 0.089207587 | G25: =$E$23*F25 -> 1055.5613 | H25: =$G25*H22 -> 89.430994 | I25: =$G25*I22 -> 63.216031 | J25: =$G25*J22 -> 47.156669 | K25: =$G25*K22 -> 82.711517 | L25: =$G25*L22 -> 17.448481 | M25: =$G25*M22 -> 82.927332 | N25: =$G25*N22 -> 28.502304 | O25: =$G25*O22 -> 0 | ... AA25: =$G25*AA22 -> 54.338902
F26: =F14/$F$8 -> 0.42949337 | G26: =$E$23*F26 -> 5082.0404 | H26: =$G26*H22 -> 430.56897 | I26: =$G26*I22 -> 304.35602 | J26: =$G26*J22 -> 227.0376 | K26: =$G26*K22 -> 398.21779 | L26: =$G26*L22 -> 84.006385 | M26: =$G26*M22 -> 399.25684 | N26: =$G26*N22 -> 137.22545 | O26: =$G26*O22 -> 0 | ... AA26: =$G26*AA22 -> 261.61674
F27: =F15/$F$8 -> 0.24396954 | G27: =$E$23*F27 -> 2886.8037 | H27: =$G27*H22 -> 244.58052 | I27: =$G27*I22 -> 172.88648 | J27: =$G27*J22 -> 128.9665 | K27: =$G27*K22 -> 226.20375 | L27: =$G27*L22 -> 47.719011 | M27: =$G27*M22 -> 226.79397 | N27: =$G27*N22 -> 77.949581 | O27: =$G27*O22 -> 0 | ... AA27: =$G27*AA22 -> 148.60885
F28: =F16/$F$8 -> 0.15193383 | G28: =$E$23*F28 -> 1797.7783 | H28: =$G28*H22 -> 152.31432 | I28: =$G28*I22 -> 107.66633 | J28: =$G28*J22 -> 80.31484 | K28: =$G28*K22 -> 140.87005 | L28: =$G28*L22 -> 29.717365 | M28: =$G28*M22 -> 141.23762 | N28: =$G28*N22 -> 48.543676 | O28: =$G28*O22 -> 0 | ... AA28: =$G28*AA22 -> 92.547255
G29: =$E$23*F29 -> 0
G30: =$E$23*F30 -> 0
F31: 0.05 | G31: =$E$23*F31 -> 591.632 | H31: =$G31*H22 -> 50.125217 | I31: =$G31*I22 -> 35.431981 | J31: =$G31*J22 -> 26.430862 | K31: =$G31*K22 -> 46.359015 | L31: =$G31*L22 -> 9.7797068 | M31: =$G31*M22 -> 46.479977 | N31: =$G31*N22 -> 15.975269 | O31: =$G31*O22 -> 0 | ... AA31: =$G31*AA22 -> 30.456435
G32: =$E$23*F32 -> 0
F33: 0.01 | G33: =$E$23*F33 -> 118.3264 | H33: =$G33*H22 -> 10.025043 | I33: =$G33*I22 -> 7.0863962 | J33: =$G33*J22 -> 5.2861724 | K33: =$G33*K22 -> 9.271803 | L33: =$G33*L22 -> 1.9559414 | M33: =$G33*M22 -> 9.2959955 | N33: =$G33*N22 -> 3.1950539 | O33: =$G33*O22 -> 0 | ... AA33: =$G33*AA22 -> 6.0912871
A42: 合计 | D42: 084 | E42: 岳阳县教育体育局(汇总) | F42: 11737.757 | H42: 1011.4683 | I42: 711.81191 | J42: 502.66074 | K42: 928.05819 | L42: 195.5965 | M42: 926.04094 | N42: 317.11371 | P42: 3167.3902 | Q42: 277.86907 | R42: 1230.1503 | S42: 101.85839 | T42: 1124.3829 | U42: 44.545473 | X42: 494.11297 | Z42: 185.16146 | AA42: 519.5364
A43: 205 | E43: 教育支出 | F43: 11737.757 | H43: 1011.4683 | I43: 711.81191 | J43: 502.66074 | K43: 928.05819 | L43: 195.5965 | M43: 926.04094 | N43: 317.11371 | P43: 3167.3902 | Q43: 277.86907 | R43: 1230.1503 | S43: 101.85839 | T43: 1124.3829 | U43: 44.545473 | X43: 494.11297 | Z43: 185.16146 | AA43: 519.5364
A44: 205 | B44: 01 | D44: 084 | E44: 教育管理事务 | F44: 279.23321 | H44: 23.968139 | I44: 16.819766 | J44: 11.937973 | K44: 22.005902 | L44: 4.638816 | M44: 21.919509 | N44: 7.5443372 | P44: 76.053519 | Q44: 6.5950681 | R44: 29.091889 | S44: 2.4184178 | T44: 26.652579 | U44: 1.0954741 | X44: 11.781149 | Z44: 4.4009439 | AA44: 12.309728
A45: 205 | B45: 01 | C45: 02 | D45: 084 | E45: 一般行政管理事务 | F45: 279.23321 | H45: 23.968139 | I45: 16.819766 | J45: 11.937973 | K45: 22.005902 | L45: 4.638816 | M45: 21.919509 | N45: 7.5443372 | O45: 0 | P45: 76.053519 | Q45: 6.5950681 | R45: 29.091889 | S45: 2.4184178 | T45: 26.652579 | U45: 1.0954741 | V45: 0 | W45: 0 | X45: 11.781149 | Y45: 0 | Z45: 4.4009439 | AA45: 12.309728
A46: 205 | B46: 02 | E46: 普通教育 | F46: 10748.566 | H46: 926.28168 | I46: 651.82148 | J46: 460.23535 | K46: 849.80102 | L46: 179.05891 | M46: 847.98756 | N46: 290.31863 | P46: 2900.0962 | Q46: 254.39506 | R46: 1126.5028 | S46: 93.178548 | T46: 1029.5943 | U46: 40.705686 | X46: 452.37344 | Z46: 169.49574 | AA46: 476.71936
A47: 205 | B47: 02 | C47: 01 | D47: 084 | E47: 学前教育 | F47: 1056.3068 | H47: 91.029598 | I47: 64.057239 | J47: 45.229265 | K47: 83.513522 | L47: 17.596872 | M47: 83.335306 | N47: 28.530834 | O47: 0 | P47: 285.00465 | Q47: 25.000472 | R47: 110.70617 | S47: 9.157048 | T47: 101.18257 | U47: 4.000319 | V47: 0 | W47: 0 | X47: 44.456641 | Y47: 0 | Z47: 16.657059 | AA47: 46.849217
A48: 205 | B48: 02 | C48: 02 | D48: 084 | E48: 小学教育 | F48: 5069.2773 | H48: 436.8563 | I48: 307.41439 | J48: 217.05786 | K48: 400.78622 | L48: 84.448408 | M48: 399.93095 | N48: 136.92112 | O48: 0 | P48: 1367.7538 | Q48: 119.97871 | R48: 531.28533 | S48: 43.945203 | T48: 485.58098 | U48: 19.197762 | V48: 0 | W48: 0 | X48: 213.34999 | Y48: 0 | Z48: 79.938192 | AA48: 224.8321
A49: 205 | B49: 02 | C49: 03 | D49: 084 | E49: 初中教育 | F49: 2853.1553 | H49: 245.87704 | I49: 173.02289 | J49: 122.16727 | K49: 225.57561 | L49: 47.53033 | M49: 225.09424 | N49: 77.063692 | O49: 0 | P49: 769.81665 | Q49: 67.52795 | R49: 299.02478 | S49: 24.7338 | T49: 273.30088 | U49: 10.805129 | V49: 0 | W49: 0 | X49: 120.08036 | Y49: 0 | Z49: 44.991833 | AA49: 126.54287
A50: 205 | B50: 02 | C50: 04 | D50: 084 | E50: 高中教育 | F50: 1769.8263 | H50: 152.51874 | I50: 107.32695 | J50: 75.78096 | K50: 139.92566 | L50: 29.483298 | M50: 139.62706 | N50: 47.802987 | O50: 0 | P50: 477.52105 | Q50: 41.88792 | R50: 185.48654 | S50: 15.342498 | T50: 169.52988 | U50: 6.702475 | V50: 0 | W50: 0 | X50: 74.486441 | Y50: 0 | Z50: 27.908655 | AA50: 78.495167
A51: 205 | B51: 03 | D51: 084 | E51: 中职业教育 | F51: 591.632 | H51: 51.001729 | I51: 35.968847 | J51: 25.402736 | K51: 46.867308 | L51: 9.9149086 | M51: 46.773039 | N51: 16.040871 | P51: 159.42853 | Q51: 14.064527 | R51: 62.12253 | S51: 5.21717 | T51: 56.773709 | U51: 2.2871771 | X51: 24.962927 | Z51: 9.3866638 | AA51: 25.419329
A52: 205 | B52: 03 | C52: 02 | D52: 084 | E52: 中职业教育 | F52: 591.632 | H52: 51.001729 | I52: 35.968847 | J52: 25.402736 | K52: 46.867308 | L52: 9.9149086 | M52: 46.773039 | N52: 16.040871 | O52: 0 | P52: 159.42853 | Q52: 14.064527 | R52: 62.12253 | S52: 5.21717 | T52: 56.773709 | U52: 2.2871771 | V52: 0 | W52: 0 | X52: 24.962927 | Y52: 0 | Z52: 9.3866638 | AA52: 25.419329
A53: 205 | B53: 07 | D53: 084 | E53: 特殊学校教育 | F53: 118.3264 | H53: 10.216723 | I53: 7.2018261 | J53: 5.0846787 | K53: 9.383964 | L53: 1.9838619 | M53: 9.3608318 | N53: 3.2098687 | P53: 31.811958 | Q53: 2.8144181 | R53: 12.433009 | S53: 1.0442538 | T53: 11.362318 | U53: 0.45713641 | X53: 4.9954545 | Z53: 1.8781146 | AA53: 5.0879833
A54: 205 | B54: 07 | C54: 01 | D54: 084 | E54: 特殊学校教育 | F54: 118.3264 | H54: 10.216723 | I54: 7.2018261 | J54: 5.0846787 | K54: 9.383964 | L54: 1.9838619 | M54: 9.3608318 | N54: 3.2098687 | O54: 0 | P54: 31.811958 | Q54: 2.8144181 | R54: 12.433009 | S54: 1.0442538 | T54: 11.362318 | U54: 0.45713641 | V54: 0 | W54: 0 | X54: 4.9954545 | Y54: 0 | Z54: 1.8781146 | AA54: 5.0879833

Sheet 18、商品服务(政府预算)(2)
T1: 表-18
A2: 一般预算拨款——一般商品和服务支出预算表（按政府预算）
A3: 单位：岳阳县教育体育局(汇总) | S3: 单位：万元
A4: 科目编码 | D4: 单位显示编码 | E4: 功能科目名称 | F4: 总计 | G4: 机关商品和服务支出 | R4: 对事业单位经常性补助
G5: 小计 | H5: 办公经费 | I5: 会议费 | J5: 培训费 | K5: 专用材料购置费 | L5: 委托业务费 | M5: 公务接待费 | N5: 因公出国(境费用 | O5: 公务用车运行维护费 | P5: 维修(护费 | Q5: 其他商品和服务支出 | R5: 小计 | S5: 商品和服务支出 | T5: 其他对事业单位补助
A6: 类 | B6: 款 | C6: 项
A7: 合计 | D7: 084 | E7: 教育支出 | F7: =F9+F11+F16+F18 -> 11831.644 | G7: =SUM(H7:Q7) -> 224.14392 | H7: =H9+H11+H16+H18 -> 19.181799 | I7: =I9+I11+I16+I18 -> 6.7316766 | J7: =J9+J11+J16+J18 -> 24.101881 | K7: =K9+K11+K16+K18 -> 0 | L7: =L9+L11+L16+L18 -> 0 | M7: =M9+M11+M16+M18 -> 1.9530608 | N7: =N9+N11+N16+N18 -> 0 | O7: =O9+O11+O16+O18 -> 0 | ... T7: =T9+T11+T16+T18 -> 0
A8: 205 | D8: 084 | E8: 教育支出 | F8: =F9+F11+F16+F18 -> 11831.644 | G8: =SUM(H8:Q8) -> 224.14392 | H8: =H9+H11+H16+H18 -> 19.181799 | I8: =I9+I11+I16+I18 -> 6.7316766 | J8: =J9+J11+J16+J18 -> 24.101881 | K8: =K9+K11+K16+K18 -> 0 | L8: =L9+L11+L16+L18 -> 0 | M8: =M9+M11+M16+M18 -> 1.9530608 | N8: =N9+N11+N16+N18 -> 0 | O8: =O9+O11+O16+O18 -> 0 | ... T8: =T9+T11+T16+T18 -> 0
A9: 205 | B9: 01 | D9: 084 | E9: 教育管理事务 | F9: =F10 -> 274.35 | G9: =SUM(H9:Q9) -> 4.2677353 | H9: =H10 -> 0.37066344 | I9: =I10 -> 0.12933133 | J9: =J10 -> 0.46 | K9: =K10 -> 0 | L9: =L10 -> 0 | M9: =M10 -> 0.037740504 | N9: =N10 -> 0 | O9: =O10 -> 0 | ... T9: =T10 -> 0
A10: 205 | B10: 01 | C10: 02 | D10: 084 | E10: 一般行政管理事务 | F10: =G10+R10 -> 274.35 | G10: =SUM(H10:Q10) -> 4.2677353 | H10: 0.37066344 | I10: 0.12933133 | J10: 0.46 | K10: 0 | L10: 0 | M10: 0.037740504 | N10: 0 | O10: 0 | P10: 1.13 | Q10: 2.14 | R10: =S10+T10 -> 270.08226 | S10: ='17、一般-商品和服务'!F11-'18、商品服务(政府预算)(2)'!G10 -> 270.08226
A11: 205 | B11: 02 | D11: 084 | E11: 普通教育 | F11: =F12+F13+F14+F15 -> 10821.273 | G11: =SUM(H11:Q11) -> 207.03651 | H11: =H12+H13+H14+H15 -> 17.711588 | I11: =I12+I13+I14+I15 -> 6.2229847 | J11: =J12+J13+J14+J15 -> 22.263305 | K11: =K12+K13+K14+K15 -> 0 | L11: =L12+L13+L14+L15 -> 0 | M11: =M12+M13+M14+M15 -> 1.8033792 | N11: =N12+N13+N14+N15 -> 0 | O11: =O12+O13+O14+O15 -> 0 | ... R11: =R12+R13+R14+R15 -> 10614.237 | S11: ='17、一般-商品和服务'!F12-'18、商品服务(政府预算)(2)'!G11 -> 10614.237
A12: 205 | B12: 02 | C12: 01 | D12: 084 | E12: 学前教育 | F12: =G12+R12 -> 1055.4724 | G12: =SUM(H12:Q12) -> 23.22519 | H12: 1.9355477 | I12: 1.28 | J12: 2.4329659 | K12: 0 | L12: 0 | M12: 0.19707587 | N12: 0 | O12: 0 | P12: 6.0171846 | Q12: 11.362416 | R12: =S12+T12 -> 1032.2473 | S12: ='17、一般-商品和服务'!F13-'18、商品服务(政府预算)(2)'!G12 -> 1032.2473
A13: 205 | B13: 02 | C13: 02 | D13: 084 | E13: 小学教育 | F13: =G13+R13 -> 5081.6128 | G13: =SUM(H13:Q13) -> 108.00555 | H13: 9.2698307 | I13: 2.9044444 | J13: 11.652093 | K13: 0 | L13: 0 | M13: 0.94384648 | N13: 0 | O13: 0 | P13: 28.817828 | Q13: 54.417504 | R13: =S13+T13 -> 4973.6073 | S13: ='17、一般-商品和服务'!F14-'18、商品服务(政府预算)(2)'!G13 -> 4973.6073
A14: 205 | B14: 02 | C14: 03 | D14: 084 | E14: 初中教育 | F14: =G14+R14 -> 2886.5608 | G14: =SUM(H14:Q14) -> 38.067431 | H14: 3.2672271 | I14: 1.023695 | J14: 4.1068747 | K14: 0 | L14: 0 | M14: 0.33266635 | N14: 0 | O14: 0 | P14: 10.157077 | Q14: 19.179891 | R14: =S14+T14 -> 2848.4934 | S14: ='17、一般-商品和服务'!F15-'18、商品服务(政府预算)(2)'!G14 -> 2848.4934
A15: 205 | B15: 02 | C15: 04 | D15: 084 | E15: 高中教育 | F15: =G15+R15 -> 1797.627 | G15: =SUM(H15:Q15) -> 37.738343 | H15: 3.2389823 | I15: 1.0148453 | J15: 4.0713713 | K15: 0 | L15: 0 | M15: 0.32979049 | N15: 0 | O15: 0 | P15: 10.069271 | Q15: 19.014083 | R15: =S15+T15 -> 1759.8887 | S15: ='17、一般-商品和服务'!F16-'18、商品服务(政府预算)(2)'!G15 -> 1759.8887
A16: 205 | B16: 03 | D16: 084 | E16: 职业教育 | F16: =F17 -> 598.51348 | G16: =SUM(H16:Q16) -> 10.708623 | H16: =H17 -> 0.9171554 | I16: =I17 -> 0.31586511 | J16: =J17 -> 1.1496206 | K16: =K17 -> 0 | L16: =L17 -> 0 | M16: =M17 -> 0.093372841 | N16: =N17 -> 0 | O16: =O17 -> 0 | ... R16: =R17 -> 587.80485 | S16: ='17、一般-商品和服务'!F17-'18、商品服务(政府预算)(2)'!G16 -> 587.80485 | T16: =T17 -> 0
A17: 205 | B17: 03 | C17: 02 | D17: 084 | E17: 中职业教育 | F17: =G17+R17 -> 598.51348 | G17: =SUM(H17:Q17) -> 10.708623 | H17: 0.9171554 | I17: 0.31586511 | J17: 1.1496206 | K17: 0 | L17: 0 | M17: 0.093372841 | N17: 0 | O17: 0 | P17: 2.8488151 | Q17: 5.3837935 | R17: =S17+T17 -> 587.80485 | S17: ='17、一般-商品和服务'!F18-'18、商品服务(政府预算)(2)'!G17 -> 587.80485
A18: 205 | B18: 07 | D18: 084 | E18: 特殊教育 | F18: =F19 -> 137.50785 | G18: =SUM(H18:Q18) -> 2.1310516 | H18: =H19 -> 0.18239267 | I18: =I19 -> 0.063495406 | J18: =J19 -> 0.22895592 | K18: =K19 -> 0 | L18: =L19 -> 0 | M18: =M19 -> 0.01856823 | N18: =N19 -> 0 | O18: =O19 -> 0 | ... R18: =R19 -> 135.3768 | S18: ='17、一般-商品和服务'!F19-'18、商品服务(政府预算)(2)'!G18 -> 135.3768 | T18: =T19 -> 0
A19: 205 | B19: 07 | C19: 01 | D19: 084 | E19: 特殊学校教育 | F19: =G19+R19 -> 137.50785 | G19: =SUM(H19:Q19) -> 2.1310516 | H19: 0.18239267 | I19: 0.063495406 | J19: 0.22895592 | K19: 0 | L19: 0 | M19: 0.01856823 | N19: 0 | O19: 0 | P19: 0.56692915 | Q19: 1.0707102 | R19: =S19+T19 -> 135.3768 | S19: ='17、一般-商品和服务'!F20-'18、商品服务(政府预算)(2)'!G19 -> 135.3768
F22: 11831.644
G24: =G7/F7 -> 0.018944444 | H24: =H7/$G$7 -> 0.085578049 | I24: =I7/$G$7 -> 0.030032831 | J24: =J7/$G$7 -> 0.1075286 | K24: =K7/$G$7 -> 0 | L24: =L7/$G$7 -> 0 | M24: =M7/$G$7 -> 0.0087134229 | N24: =N7/$G$7 -> 0 | O24: =O7/$G$7 -> 0 | ... Q24: =Q7/$G$7 -> 0.50221481 | S24: =S7/$F$7 -> 0.98105556
G25: =F22*G24 -> 224.14392 | S25: =F22*S24 -> 11607.5
F27: =F10/F7 -> 0.023187817 | G27: =$G$25*F27 -> 5.1974081 | H27: =$G$27*H24 -> 0.44478404 | I27: =$G$27*I24 -> 0.15609288 | J27: =$G$27*J24 -> 0.55887 | K27: =$G$27*K24 -> 0 | L27: =$G$27*L24 -> 0 | M27: =$G$27*M24 -> 0.045287215 | N27: =$G$27*N24 -> 0 | O27: =$G$27*O24 -> 0 | ... Q27: =$G$27*Q24 -> 2.6102153 | S27: =$S$25*F27 -> 269.15259
G28: =$G$25*F28 -> 0 | S28: =$S$25*F28 -> 0
G29: =$G$25*F29 -> 0 | S29: =$S$25*F29 -> 0
F30: =F11/F7 -> 0.91460432 | G30: =$G$25*F30 -> 205.003 | S30: =SUM(S31:S34) -> 10594.615
F31: =F12/$F$11 -> 0.097536809 | G31: =$G$30*F31 -> 19.995338 | H31: =$G$31*H24 -> 1.711162 | I31: 1.28 | J31: =$G$31*J24 -> 2.1500707 | K31: =$G$31*K24 -> 0 | L31: =$G$31*L24 -> 0 | M31: =$G$31*M24 -> 0.17422784 | N31: =$G$31*N24 -> 0 | O31: =$G$31*O24 -> 0 | P31: =$G$31*P24 -> 5.317406 | Q31: =$G$31*Q24 -> 10.041955 | S31: =$S$25*F31 -> 1132.1586
F32: =F13/$F$11 -> 0.46959473 | G32: =$G$30*F32 -> 96.268328 | H32: =$G$32*H24 -> 8.2384556 | I32: =$G$32*I24 -> 2.8912105 | J32: =$G$32*J24 -> 10.351598 | K32: =$G$32*K24 -> 0 | L32: =$G$32*L24 -> 0 | M32: =$G$32*M24 -> 0.83882665 | N32: =$G$32*N24 -> 0 | O32: =$G$32*O24 -> 0 | ... Q32: =$G$32*Q24 -> 48.34738 | S32: =$S$25*F32 -> 5450.8211
F33: =F14/$F$11 -> 0.26674873 | G33: =$G$30*F33 -> 54.684289 | H33: =$G$33*H24 -> 4.6797747 | I33: =$G$33*I24 -> 1.642324 | J33: =$G$33*J24 -> 5.8801248 | K33: =$G$33*K24 -> 0 | L33: =$G$33*L24 -> 0 | M33: =$G$33*M24 -> 0.47648733 | N33: =$G$33*N24 -> 0 | O33: =$G$33*O24 -> 0 | ... Q33: =$G$33*Q24 -> 27.46326 | S33: 2083.4
F34: =F15/$F$11 -> 0.16611973 | G34: =$G$30*F34 -> 34.055043 | H34: =$G$34*H24 -> 2.9143642 | I34: =$G$34*I24 -> 1.0227694 | J34: =$G$34*J24 -> 3.661891 | K34: =$G$34*K24 -> 0 | L34: =$G$34*L24 -> 0 | M34: =$G$34*M24 -> 0.29673599 | N34: =$G$34*N24 -> 0 | O34: =$G$34*O24 -> 0 | ... Q34: =$G$34*Q24 -> 17.102947 | S34: =$S$25*F34 -> 1928.2349
S35: =$S$25*F35 -> 0
F36: =0.05 -> 0.05 | G36: =$G$25*F36 -> 11.207196 | H36: =$G$36*H24 -> 0.95908997 | I36: =$G$36*I24 -> 0.33658383 | J36: =$G$36*J24 -> 1.2050941 | K36: =$G$36*K24 -> 0 | L36: =$G$36*L24 -> 0 | M36: =$G$36*M24 -> 0.097653038 | N36: =$G$36*N24 -> 0 | O36: =$G$36*O24 -> 0 | ... Q36: =$G$36*Q24 -> 5.6284198 | S36: =$S$25*F36 -> 580.37502
G37: =$G$25*F37 -> 0 | S37: =$S$25*F37 -> 0
G38: =$G$25*F38 -> 0 | S38: =$S$25*F38 -> 0
F39: =0.01 -> 0.01 | G39: =$G$25*F39 -> 2.2414392 | H39: =$G$39*H24 -> 0.19181799 | I39: =$G$39*I24 -> 0.067316766 | J39: =$G$39*J24 -> 0.24101881 | K39: =$G$39*K24 -> 0 | L39: =$G$39*L24 -> 0 | M39: =$G$39*M24 -> 0.019530608 | N39: =$G$39*N24 -> 0 | O39: =$G$39*O24 -> 0 | ... Q39: =$G$39*Q24 -> 1.125684 | S39: =$S$25*F39 -> 116.075

Sheet 19、一般-个人和家庭
L1: 表-19
A2: 一般预算拨款——对个人和家庭的补助支出预算表
A3: 单位：岳阳县教育体育局(汇总) | J3: 单位：万元
A4: 科目编码 | D4: 单位编码 | E4: 单位名称（功能科目） | F4: 总计 | G4: 离休费 | H4: 离休生活补贴 | I4: 老干费 | J4: 医疗费补助 | K4: 助学金 | L4: 其他
A5: 类 | B5: 款 | C5: 项
A7: ** | B7: ** | C7: ** | D7: ** | E7: ** | F7: 1 | G7: 2 | H7: 3 | I7: 4 | J7: 5 | L7: 6
A8: 合计 | D8: 084 | E8: 岳阳县教育体育局(汇总) | F8: =SUM(G8:L8) -> 15086.319 | G8: =G9 -> 160.89947 | I8: =I9 -> 9937.649 | J8: =J9 -> 21.07 | K8: =K9 -> 1898.6942 | L8: =L9 -> 3068.0059
A9: 205 | D9: 084 | E9: 教育支出 | F9: =SUM(G9:L9) -> 15086.319 | G9: =G10+G12+G17+G19 -> 160.89947 | I9: =I10+I12+I17+I19 -> 9937.649 | J9: =J10+J12+J17+J19 -> 21.07 | K9: =K10+K12+K17+K19 -> 1898.6942 | L9: =L10+L12+L17+L19 -> 3068.0059
A10: 205 | B10: 01 | D10: 084 | E10: 教育管理事务 | F10: =SUM(G10:L10) -> 315.07 | G10: =G11 -> 4.97 | H10: =H11 -> 0 | I10: =I11 -> 199.68 | J10: =J11 -> 0.65 | K10: =K11 -> 45.52 | L10: =L11 -> 64.25
A11: 205 | B11: 01 | C11: 02 | D11: 084 | E11: 一般行政管理事务 | F11: =SUM(G11:L11) -> 315.07 | G11: 4.97 | I11: 199.68 | J11: 0.65 | K11: 45.52 | L11: 64.25
A12: 205 | B12: 02 | D12: 084 | E12: 普通教育 | F12: =SUM(G12:L12) -> 13654.023 | G12: =SUM(G13:G16) -> 146.26748 | H12: =SUM(H13:H16) -> 0 | I12: =SUM(I13:I16) -> 9003.8629 | J12: =SUM(J13:J16) -> 19.19 | K12: =SUM(K13:K16) -> 1764.51 | L12: =SUM(L13:L16) -> 2720.1929
A13: 205 | B13: 02 | C13: 01 | D13: 084 | E13: 学前教育 | F13: =SUM(G13:L13) -> 702.67987 | G13: 4.8755827 | I13: 370.54429 | J13: 0.63 | K13: 43.2 | L13: 283.43
A14: 205 | B14: 02 | C14: 02 | D14: 084 | E14: 小学教育 | F14: =SUM(G14:L14) -> 2005.7008 | G14: 24.377914 | I14: 1419.54 | J14: 3.21 | K14: 222 | L14: 336.57293
A15: 205 | B15: 02 | C15: 03 | D15: 084 | E15: 初中教育 | F15: =SUM(G15:L15) -> 5324.1588 | G15: 43.880244 | I15: 3334.8986 | J15: 5.74 | K15: 837.81 | L15: 1101.83
A16: 205 | B16: 02 | C16: 04 | D16: 084 | E16: 高中教育 | F16: =SUM(G16:L16) -> 5621.4837 | G16: 73.133741 | I16: 3878.88 | J16: 9.61 | K16: 661.5 | L16: 998.36
A17: 205 | B17: 03 | D17: 084 | E17: 职业教育 | F17: =SUM(G17:L17) -> 956.2019 | G17: =G18 -> 8.0516599 | H17: =H18 -> 0 | I17: =I18 -> 611.92615 | J17: =J18 -> 1.02 | K17: =K18 -> 73.874092 | L17: =L18 -> 261.33
A18: 205 | B18: 03 | C18: 02 | D18: 084 | E18: 中职业教育 | F18: =SUM(G18:L18) -> 956.2019 | G18: 8.0516599 | I18: 611.92615 | J18: 1.02 | K18: 73.874092 | L18: 261.33
A19: 205 | B19: 07 | D19: 084 | E19: 特殊教育 | F19: =SUM(G19:L19) -> 161.02345 | G19: =G20 -> 1.610332 | H19: =H20 -> 0 | I19: =I20 -> 122.18 | J19: =J20 -> 0.21 | K19: =K20 -> 14.790123 | L19: =L20 -> 22.233
A20: 205 | B20: 07 | C20: 01 | D20: 084 | E20: 特殊学校教育 | F20: =SUM(G20:L20) -> 161.02345 | G20: 1.610332 | I20: 122.18 | J20: 0.21 | K20: 14.790123 | L20: 22.233
G22: 0.01 | H22: =H8/$F8 -> 0 | I22: 0.76 | J22: =J8/$F8 -> 0.0013966297 | K22: =K8/$F8 -> 0.12585537 | L22: =L8/$F8 -> 0.20336346
E23: 16103.32 | G23: =$E$23*G22 -> 161.0332 | H23: =$E$23*H22 -> 0 | I23: =$E$23*I22 -> 12238.523 | J23: =$E$23*J22 -> 22.490374 | K23: =$E$23*K22 -> 2026.6893 | L23: 2223.3
E24: 教育管理事务 | F24: =G11/G9 -> 0.030888852 | G24: =$G$23*F24 -> 4.9741306 | I24: =$I$23*F24 -> 378.03393 | J24: =$J$23*F24 -> 0.69470183 | K24: =$K$23*F24 -> 62.602105 | L24: =$L$23*F24 -> 68.675184
E25: 一般行政管理事务 | G25: =$G$23*F25 -> 0 | I25: =$I$23*F25 -> 0 | J25: =$J$23*F25 -> 0 | K25: =$K$23*F25 -> 0 | L25: =$L$23*F25 -> 0
E26: 普通教育 | G26: =$G$23*F26 -> 0 | I26: =$I$23*F26 -> 0 | J26: =$J$23*F26 -> 0 | K26: =$K$23*F26 -> 0 | L26: =$L$23*F26 -> 0
E27: 学前教育 | F27: =G13/G$9 -> 0.030302043 | G27: =$G$23*F27 -> 4.8796348 | I27: =$I$23*F27 -> 370.85225 | J27: =$J$23*F27 -> 0.68150427 | K27: =$K$23*F27 -> 61.412825 | L27: =$L$23*F27 -> 67.370532 | N27: 4.8755827 | P27: 370.54429 | Q27: 0.64511943 | R27: 44.795458 | S27: 67.314586
E28: 小学教育 | F28: =G14/G$9 -> 0.15151021 | G28: =$G$23*F28 -> 24.398174 | I28: =$I$23*F28 -> 1854.2612 | J28: =$J$23*F28 -> 3.4075214 | K28: =$K$23*F28 -> 307.06412 | L28: =$L$23*F28 -> 336.85266 | N28: 24.377914 | P28: 1852.7214 | Q28: 3.2255971 | R28: 223.97729 | S28: 336.57293
E29: 初中教育 | F29: =G15/G$9 -> 0.27271838 | G29: =$G$23*F29 -> 43.916714 | I29: =$I$23*F29 -> 3337.6702 | J29: =$J$23*F29 -> 6.1335385 | K29: =$K$23*F29 -> 552.71542 | L29: =$L$23*F29 -> 606.33478 | N29: 43.880244 | P29: 3334.8986 | Q29: 5.8060749 | R29: 403.15912 | S29: 605.83127
E30: 高中教育 | F30: =G16/G$9 -> 0.45453064 | G30: =$G$23*F30 -> 73.194523 | I30: =$I$23*F30 -> 5562.7837 | J30: =$J$23*F30 -> 10.222564 | K30: =$K$23*F30 -> 921.19237 | L30: =$L$23*F30 -> 1010.558 | N30: 73.133741 | P30: 5558.1643 | Q30: 9.6767914 | R30: 671.93187 | S30: 1009.7188
E31: 职业教育 | G31: =$G$23*F31 -> 0 | I31: =$I$23*F31 -> 0 | J31: =$J$23*F31 -> 0 | K31: =$K$23*F31 -> 0 | L31: =$L$23*F31 -> 0
E32: 中职业教育 | F32: =0.05 -> 0.05 | G32: =$G$23*F32 -> 8.0516599 | I32: =$I$23*F32 -> 611.92615 | J32: =$J$23*F32 -> 1.1245187 | K32: =$K$23*F32 -> 101.33446 | L32: =$L$23*F32 -> 111.165 | N32: 611.92615 | O32: 1.0657759 | P32: 73.874092 | Q32: 111.165
E33: 特殊教育 | G33: =$G$23*F33 -> 0 | I33: =$I$23*F33 -> 0 | J33: =$J$23*F33 -> 0 | K33: =$K$23*F33 -> 0 | L33: =$L$23*F33 -> 0 | N33: 0 | O33: 0 | P33: 0 | Q33: 0
E34: 特殊学校教育 | F34: 0.01 | G34: =$G$23*F34 -> 1.610332 | I34: =$I$23*F34 -> 122.38523 | J34: =$J$23*F34 -> 0.22490374 | K34: =$K$23*F34 -> 20.266893 | L34: =$L$23*F34 -> 22.233 | N34: 122.38523 | O34: 0.21315517 | P34: 14.774818 | Q34: 22.233

Sheet 20、个人家庭(政府预算)(2)
K2: 表-20
A3: 一般预算拨款——对个人和家庭的补助支出预算表（按政府预算）
A4: 单位：岳阳县教育体育局(汇总) | J4: 单位：万元
A5: 科目编码 | D5: 单位显示编码 | E5: 功能科目名称 | F5: 对个人和家庭的补助
A6: 类 | B6: 款 | C6: 项 | F6: 小计 | G6: 社会福利和救助 | H6: 助学金 | I6: 个人农业生产补贴 | J6: 离退休费 | K6: 其他对个人和家庭补助
A8: 合计 | D8: 084 | E8: 教育支出 | F8: =SUM(G8:K8) -> 0
A9: 205 | E9: 教育支出 | F9: =F10+F12+F17+F19 -> 15086.319 | G9: =G10+G12+G17+G19 -> 0 | H9: =H10+H12+H17+H19 -> 1898.6942 | I9: =I10+I12+I17+I19 -> 0 | J9: =J10+J12+J17+J19 -> 0 | K9: =K10+K12+K17+K19 -> 13187.624
A10: 205 | B10: 01 | E10: 教育管理事务 | F10: =F11 -> 315.07 | G10: =G11 -> 0 | H10: =H11 -> 45.52 | I10: =I11 -> 0 | J10: =J11 -> 0 | K10: =K11 -> 269.55
A11: 205 | B11: 01 | C11: 02 | D11: 084 | E11: 一般行政管理事务 | F11: =SUM(G11:K11) -> 315.07 | H11: 45.52 | K11: =N11-H11 -> 269.55 | M11: ='19、一般-个人和家庭'!F11 -> 315.07 | N11: 315.07
A12: 205 | B12: 02 | E12: 普通教育 | F12: =SUM(G12:K12) -> 13654.023 | H12: 1764.51 | K12: =N12-H12 -> 11889.513 | N12: 13654.023
A13: 205 | B13: 02 | C13: 01 | D13: 084 | E13: 学前教育 | F13: =SUM(G13:K13) -> 702.67987 | H13: 43.2 | K13: =N13-H13 -> 659.47987 | M13: ='19、一般-个人和家庭'!F13 -> 702.67987 | N13: 702.67987
A14: 205 | B14: 02 | C14: 02 | D14: 084 | E14: 小学教育 | F14: =SUM(G14:K14) -> 2005.7008 | H14: 222 | K14: =N14-H14 -> 1783.7008 | M14: ='19、一般-个人和家庭'!F14 -> 2005.7008 | N14: 2005.7008
A15: 205 | B15: 02 | C15: 03 | D15: 084 | E15: 初中教育 | F15: =SUM(G15:K15) -> 5324.1588 | H15: 837.81 | K15: =N15-H15 -> 4486.3488 | M15: ='19、一般-个人和家庭'!F15 -> 5324.1588 | N15: 5324.1588
A16: 205 | B16: 02 | C16: 04 | D16: 084 | E16: 高中教育 | F16: =SUM(G16:K16) -> 5621.4837 | H16: 661.5 | K16: =N16-H16 -> 4959.9837 | M16: ='19、一般-个人和家庭'!F16 -> 5621.4837 | N16: 5621.4837
A17: 205 | B17: 03 | E17: 职业教育 | F17: =SUM(G17:K17) -> 956.2019 | H17: 73.874092 | K17: =N17-H17 -> 882.32781 | N17: 956.2019
A18: 205 | B18: 03 | C18: 02 | D18: 084 | E18: 中职业教育 | F18: =SUM(G18:K18) -> 956.2019 | H18: 73.874092 | K18: =N18-H18 -> 882.32781 | M18: ='19、一般-个人和家庭'!F18 -> 956.2019 | N18: 956.2019
A19: 205 | B19: 07 | E19: 特殊教育 | F19: =SUM(G19:K19) -> 161.02345 | H19: 14.790123 | K19: =N19-H19 -> 146.23333 | N19: 161.02345
A20: 205 | B20: 07 | C20: 01 | D20: 084 | E20: 特殊学校教育 | F20: =SUM(G20:K20) -> 161.02345 | H20: 14.790123 | K20: =N20-H20 -> 146.23333 | M20: ='19、一般-个人和家庭'!F20 -> 161.02345 | N20: 161.02345
H23: =H8/$F$8 -> #DIV/0! | I23: =I8/$F$8 -> #DIV/0! | J23: 0.01 | K23: 0.9
H24: =$B$25*H23 -> #DIV/0! | I24: =$B$25*I23 -> #DIV/0! | J24: =$B$25*J23 -> 161.03317 | K24: =$B$25*K23 -> 14492.985
B25: 16103.317 | E25: 教育管理事务
E26: 一般行政管理事务
E27: 普通教育
E28: 学前教育 | F28: =H13/$H$8 -> #DIV/0! | H28: =$H$24*F28 -> #DIV/0! | J28: =$J$24*F28 -> #DIV/0! | K28: =$K$24*F28 -> #DIV/0! | O28: 22.490284 | P28: 2024.1256
E29: 小学教育 | F29: =H14/$H$8 -> #DIV/0! | H29: =$H$24*F29 -> #DIV/0! | J29: =$J$24*F29 -> #DIV/0! | K29: =$K$24*F29 -> #DIV/0! | O29: 28.568739 | P29: 2571.1865
E30: 初中教育 | F30: =H15/$H$8 -> #DIV/0! | H30: =$H$24*F30 -> #DIV/0! | J30: =$J$24*F30 -> #DIV/0! | K30: =$K$24*F30 -> #DIV/0! | O30: 56.89434 | P30: 5120.4906
E31: 高中教育 | F31: =H16/$H$8 -> #DIV/0! | H31: =$H$24*F31 -> #DIV/0! | J31: =$J$24*F31 -> #DIV/0! | K31: =$K$24*F31 -> #DIV/0! | O31: 43.157032 | P31: 3884.1328
E32: 职业教育 | F32: 0.05 | H32: =$H$24*F32 -> #DIV/0! | J32: =$J$24*F32 -> 8.0516583 | K32: =$K$24*F32 -> 724.64924 | O32: 8.0516583 | P32: 724.64924
E33: 中职业教育 | H33: =$H$24*F33 -> #DIV/0! | J33: =$J$24*F33 -> 0 | K33: =$K$24*F33 -> 0 | O33: 0 | P33: 0
E34: 特殊教育 | F34: 0.01 | H34: =$H$24*F34 -> #DIV/0! | J34: =$J$24*F34 -> 1.6103317 | K34: =$K$24*F34 -> 144.92985 | O34: 1.6103317 | P34: 144.92985

Sheet 21、项目明细表
N1: 表-21
A2: 支出预算项目明细表
A3: 单位：岳阳县教育体育局(汇总) | N3: 单位：万元
A4: 功能科目编码 | B4: 功能科目名称 | C4: 单位名称（项目名称） | D4: 总 计 | E4: 一般预算拨款（补助） | H4: 纳入专户管理的非税收入拨款 | I4: 政府性基金拨款 | J4: 事业单位经营收入 | K4: 上级补助收入 | L4: 附属单位上缴收入 | M4: 其他收入 | N4: 上年结转
E5: 小计 | F5: 经费拨款 | G5: 纳入预算管理的非税收入拨款
A6: ** | B6: ** | C6: ** | D6: 1 | E6: 2 | F6: 3 | G6: 4 | H6: 5 | I6: 6 | J6: 7 | K6: 8 | L6: 9 | M6: 10 | N6: 11
A7: 合计 | C7: 岳阳县教育体育局(汇总) | D7: =D8 -> 9005.31 | E7: =E8 -> 9005.31 | F7: =F8 -> 9005.31
A8: 310 | B8: 其他资本性支出 | C8: 岳阳县教育体育局(汇总) | D8: =SUM(E8,H8:N8) -> 9005.31 | E8: =F8+G8 -> 9005.31 | F8: 9005.31

Sheet 22、政府性基金
U1: 表-22
A2: 政府性基金拨款支出预算表
A3: 单位：岳阳县教育体育局(汇总) | T3: 单位：万元
A4: 功能科目 | D4: 单位代码 | E4: 单位名称（功能科目） | F4: 经济科目 | G4: 基本支出 | K4: 项目支出 | S4: 事业单位经营支出 | T4: 对附属单位补助支出 | U4: 上缴上级支出
A5: 类 | B5: 款 | C5: 项 | G5: 合计 | H5: 工资福利支出 | I5: 一般商品和服务支出 | J5: 对个人和家庭的补助 | K5: 合计 | L5: 专项商品和服务支出 | M5: 对企业补助 | N5: 债务利息及费用支出 | O5: 对社会保障基金补助 | P5: 资本性支出(基本建设) | Q5: 资本性支出 | R5: 其他支出
F6: 总 计
A7: ** | B7: ** | C7: ** | D7: ** | E7: ** | F7: 1 | G7: 2 | H7: 3 | I7: 4 | J7: 5 | K7: 6 | L7: 7 | M7: 8 | N7: 9 | O7: 10 | P7: 11 | Q7: 12 | R7: 13 | S7: 14 | T7: 15 | U7: 16
A10: 本单位2022年没有政府性基金预算拨款,所以公开的附件22、23表为空。

Sheet 23、政府性基金(政府预算)
U1: 表-23
A2: 政府性基金拨款支出预算表(按政府预算经济分类)
A3: 单位：岳阳县教育体育局(汇总) | T3: 单位：万元
A4: 功能科目 | D4: 单位编码 | E4: 功能科目名称 | F4: 总 计 | G4: 机关工资福利支出 | H4: 机关商品和服务支出 | I4: 机关资本性支出(一) | J4: 机关资本性支出(二) | K4: 对事业单位经常性补助 | L4: 对事业单位资本性补助 | M4: 对企业补助 | N4: 对企业资本性支出 | O4: 对个人和家庭的补助 | P4: 对社会保障基金补助 | Q4: 债务利息及费用支出 | R4: 债务还本支出 | S4: 转移性支出 | T4: 预备费及预留 | U4: 其他支出
A5: 类 | B5: 款 | C5: 项
A10: 本单位2022年没有政府性基金预算拨款,所以公开的附件22、23表为空。

Sheet 24、专户
U1: 表-24
A2: 纳入专户管理的非税收入拨款支出预算表
A3: 单位：岳阳县教育体育局(汇总) | T3: 单位：万元
A4: 功能科目 | D4: 单位代码 | E4: 单位名称（功能科目） | F4: 经济科目 | G4: 基本支出 | K4: 项目支出 | S4: 事业单位经营支出 | T4: 对附属单位补助支出 | U4: 上缴上级支出
A5: 类 | B5: 款 | C5: 项 | G5: 合计 | H5: 工资福利支出 | I5: 一般商品和服务支出 | J5: 对个人和家庭的补助 | K5: 合计 | L5: 专项商品和服务支出 | M5: 对企业补助 | N5: 债务利息及费用支出 | O5: 对社会保障基金补助 | P5: 资本性支出(基本建设) | Q5: 资本性支出 | R5: 其他支出
F6: 总 计
A7: ** | B7: ** | C7: ** | D7: ** | E7: ** | F7: 1 | G7: 2 | H7: 3 | I7: 4 | J7: 5 | K7: 6 | L7: 7 | M7: 8 | N7: 9 | O7: 10 | P7: 11 | Q7: 12 | R7: 13 | S7: 14 | T7: 15 | U7: 16
A8: 合计 | D8: 084 | E8: 教育支出 | F8: =G8+K8 -> 10167.002 | G8: =G9 -> 8687.7519 | H8: =H9 -> 4739.6899 | I8: =I9 -> 3766.062 | J8: =J9 -> 182 | K8: =Q8+R8 -> 1479.25 | L8: =L9 -> 0 | M8: =M9 -> 0 | N8: =N9 -> 0 | O8: =O9 -> 0 | P8: =P9 -> 0 | Q8: =Q9 -> 1125.25 | R8: =R9 -> 354
A9: 205 | D9: 084 | E9: 教育支出 | F9: =G9+K9 -> 10167.002 | G9: =G10+G12+G17+G19 -> 8687.7519 | H9: =H10+H12+H17+H19 -> 4739.6899 | I9: =I10+I12+I17+I19 -> 3766.062 | J9: =J10+J12+J17+J19 -> 182 | K9: =Q9+R9 -> 1479.25 | L9: =L10+L12+L17+L19 -> 0 | M9: =M10+M12+M17+M19 -> 0 | N9: =N10+N12+N17+N19 -> 0 | O9: =O10+O12+O17+O19 -> 0 | P9: =P10+P12+P17+P19 -> 0 | Q9: =Q10+Q12+Q17+Q19 -> 1125.25 | R9: =R10+R12+R17+R19 -> 354
A10: 205 | B10: 01 | D10: 084 | E10: 教育管理事务 | F10: =G10+K10 -> 767 | G10: =G11 -> 667 | H10: =H11 -> 382 | I10: =I11 -> 285 | J10: =J11 -> 0 | K10: =Q10+R10 -> 100 | L10: =L11 -> 0 | M10: =M11 -> 0 | N10: =N11 -> 0 | O10: =O11 -> 0 | P10: =P11 -> 0 | Q10: =Q11 -> 85 | R10: =R11 -> 15 | Z10: 2793
A11: 205 | B11: 01 | C11: 02 | D11: 084 | E11: 一般行政管理事务 | F11: =G11+K11 -> 767 | G11: =H11+I11+J11 -> 667 | H11: 382 | I11: 285 | K11: =Q11+R11 -> 100 | Q11: 85 | R11: 15 | V11: =F11/$F$8 -> 0.075440135 | Z11: =$Z$10*V11 -> 210.7043
A12: 205 | B12: 02 | D12: 084 | E12: 普通教育 | F12: =G12+K12 -> 7766.7519 | G12: =H12+I12+J12 -> 6591.7519 | H12: =H16+H15+H14 -> 3517.6899 | I12: =I16+I15+I14 -> 2939.062 | J12: =J16+J15+J14 -> 135 | K12: =K16+K15+K14 -> 1175 | L12: =L16+L15+L14 -> 0 | M12: =M16+M15+M14 -> 0 | N12: =N16+N15+N14 -> 0 | O12: =O16+O15+O14 -> 0 | ... R12: =R16+R15+R14 -> 295 | Z12: =$Z$10*V12 -> 0
A13: 205 | B13: 02 | C13: 01 | D13: 084 | E13: 学前教育 | F13: =G13+K13 -> 0 | G13: =H13+I13+J13 -> 0 | K13: =Q13+R13 -> 0 | V13: =F13/$F$8 -> 0 | Y13: 6078.4 | Z13: =$Z$10*V13 -> 0
A14: 205 | B14: 02 | C14: 02 | D14: 084 | E14: 小学教育 | F14: =G14+K14 -> 1886.1298 | G14: =H14+I14+J14 -> 1606.1298 | H14: 889.12977 | I14: 682 | J14: 35 | K14: =Q14+R14 -> 280 | L14: 0 | M14: 0 | N14: 0 | O14: 0 | P14: 0 | Q14: 215 | R14: 65 | V14: =F14/$F$8 -> 0.18551484 | W14: =F14/($F$12+$F$17+$F$19) -> 0.20065206 | Y14: =$Y$13*W14 -> 1219.6435 | Z14: =$Z$10*V14 -> 518.14296
A15: 205 | B15: 02 | C15: 03 | D15: 084 | E15: 初中教育 | F15: =G15+K15 -> 2363.6222 | G15: =H15+I15+J15 -> 1913.6222 | H15: 1013.5602 | I15: 855.062 | J15: 45 | K15: =Q15+R15 -> 450 | L15: 0 | M15: 0 | N15: 0 | O15: 0 | P15: 0 | Q15: 345 | R15: 105 | V15: =F15/$F$8 -> 0.23247976 | W15: =F15/($F$12+$F$17+$F$19) -> 0.25144911 | Y15: =$Y$13*W15 -> 1528.4083 | Z15: =$Z$10*V15 -> 649.31597
A16: 205 | B16: 02 | C16: 04 | D16: 084 | E16: 高中教育 | F16: =G16+K16 -> 3517 | G16: =H16+I16+J16 -> 3072 | H16: 1615 | I16: 1402 | J16: 55 | K16: =Q16+R16 -> 445 | Q16: 320 | R16: 125 | V16: =F16/$F$8 -> 0.34592302 | W16: =F16/($F$12+$F$17+$F$19) -> 0.37414886 | Y16: =$Y$13*W16 -> 2274.2264 | Z16: =$Z$10*V16 -> 966.16299
A17: 205 | B17: 03 | D17: 084 | E17: 职业教育 | F17: =G17+K17 -> 1337 | G17: =H17+I17+J17 -> 1177 | H17: =H18 -> 695 | I17: =I18 -> 450 | J17: =J18 -> 32 | K17: =Q17+R17 -> 160 | L17: =L18 -> 0 | M17: =M18 -> 0 | N17: =N18 -> 0 | O17: =O18 -> 0 | P17: =P18 -> 0 | Q17: =Q18 -> 128 | R17: =R18 -> 32 | Y17: =$Y$13*W17 -> 0 | Z17: =$Z$10*V17 -> 0
A18: 205 | B18: 03 | C18: 02 | D18: 084 | E18: 中职业教育 | F18: =G18+K18 -> 1337 | G18: =H18+I18+J18 -> 1177 | H18: 695 | I18: 450 | J18: 32 | K18: =Q18+R18 -> 160 | Q18: 128 | R18: 32 | V18: =F18/$F$8 -> 0.13150386 | W18: =F18/($F$12+$F$17+$F$19) -> 0.14223401 | Y18: =$Y$13*W18 -> 864.55523 | Z18: =$Z$10*V18 -> 367.29028
A19: 205 | B19: 07 | D19: 084 | E19: 特殊教育 | F19: =G19+K19 -> 296.25 | G19: =H19+I19+J19 -> 252 | H19: =H20 -> 145 | I19: =I20 -> 92 | J19: =J20 -> 15 | K19: =Q19+R19 -> 44.25 | L19: =L20 -> 0 | M19: =M20 -> 0 | N19: =N20 -> 0 | O19: =O20 -> 0 | P19: =P20 -> 0 | Q19: =Q20 -> 32.25 | R19: =R20 -> 12 | W19: =F19/($F$12+$F$17+$F$19) -> 0.031515951 | Y19: =$Y$13*W19 -> 191.56656 | Z19: =$Z$10*V19 -> 0
A20: 205 | B20: 07 | C20: 01 | D20: 084 | E20: 特殊学校教育 | F20: =G20+K20 -> 296.25 | G20: =H20+I20+J20 -> 252 | H20: 145 | I20: 92 | J20: 15 | K20: =Q20+R20 -> 44.25 | Q20: 32.25 | R20: 12 | V20: =F20/$F$8 -> 0.029138383 | Z20: =$Z$10*V20 -> 81.383505
E26: 8374
H27: =H16/$F$16 -> 0.45919818 | I27: =I16/$F$16 -> 0.3986352 | J27: =J16/$F$16 -> 0.015638328 | L27: =L16/$F$16 -> 0 | M27: =M16/$F$16 -> 0 | N27: =N16/$F$16 -> 0 | O27: =O16/$F$16 -> 0 | P27: =P16/$F$16 -> 0 | Q27: =Q16/$F$16 -> 0.090986636
E28: 2268.35
E30: =E28*0.42 -> 952.707 | H30: =$E$30*H27 -> 437.48132 | I30: =$E$30*I27 -> 379.78255 | J30: =$E$30*J27 -> 14.898745 | K30: =$E$30*K27 -> 0 | L30: =$E$30*L27 -> 0 | M30: =$E$30*M27 -> 0 | N30: =$E$30*N27 -> 0 | O30: =$E$30*O27 -> 0 | ... Q30: =$E$30*Q27 -> 86.683605
E31: =E28*0.58 -> 1315.643 | H31: =$E$31*H27 -> 604.14087 | I31: =$E$31*I27 -> 524.46161 | J31: =$E$31*J27 -> 20.574457 | K31: =$E$31*K27 -> 0 | L31: =$E$31*L27 -> 0 | M31: =$E$31*M27 -> 0 | N31: =$E$31*N27 -> 0 | O31: =$E$31*O27 -> 0 | ... Q31: =$E$31*Q27 -> 119.70593

Sheet 25、专户(政府预算)
U1: 表-25
A2: 纳入专户管理的非税收入拨款支出预算表(按政府预算经济分类)
A3: 单位：岳阳县教育体育局(汇总) | T3: 单位：万元
A4: 功能科目 | D4: 单位编码 | E4: 功能科目名称 | F4: 总 计 | G4: 机关工资福利支出 | H4: 机关商品和服务支出 | I4: 机关资本性支出(一) | J4: 机关资本性支出(二) | K4: 对事业单位经常性补助 | L4: 对事业单位资本性补助 | M4: 对企业补助 | N4: 对企业资本性支出 | O4: 对个人和家庭的补助 | P4: 对社会保障基金补助 | Q4: 债务利息及费用支出 | R4: 债务还本支出 | S4: 转移性支出 | T4: 预备费及预留 | U4: 其他支出
A5: 类 | B5: 款 | C5: 项
A7: 合计 | D7: 084 | E7: 岳阳县教育体育局(汇总) | F7: =SUM(G7:K7) -> 10167.002 | G7: =G8 -> 245 | H7: =H8 -> 230 | I7: =I8 -> 0 | J7: =J8 -> 0 | K7: =K8 -> 9692.0019
A8: 205 | E8: 教育支出 | F8: =SUM(G8:K8) -> 10167.002 | G8: =G9+G11+G16+G18 -> 245 | H8: =H9+H11+H16+H18 -> 230 | I8: =I9+I11+I16+I18 -> 0 | J8: =J9+J11+J16+J18 -> 0 | K8: =K9+K11+K16+K18 -> 9692.0019
A9: 205 | B9: 01 | E9: 教育管理事务 | F9: =SUM(G9:K9) -> 767 | G9: =G10 -> 245 | H9: =H10 -> 230 | I9: =I10 -> 0 | J9: =J10 -> 0 | K9: =K10 -> 292
A10: 205 | B10: 01 | C10: 02 | D10: 084 | E10: 一般行政管理事务 | F10: =SUM(G10:K10) -> 767 | G10: 245 | H10: 230 | K10: ='24、专户'!F11-SUM(G10:H10) -> 292
A11: 205 | B11: 02 | E11: 普通教育 | F11: =SUM(G11:K11) -> 7766.7519 | G11: =G12+G13+G14+G15 -> 0 | H11: =H12+H13+H14+H15 -> 0 | I11: =I12+I13+I14+I15 -> 0 | J11: =J12+J13+J14+J15 -> 0 | K11: ='24、专户'!F12-SUM(G11:H11) -> 7766.7519
A12: 205 | B12: 02 | C12: 01 | D12: 084 | E12: 学前教育 | F12: =SUM(G12:K12) -> 0 | K12: ='24、专户'!F13-SUM(G12:H12) -> 0
A13: 205 | B13: 02 | C13: 02 | D13: 084 | E13: 小学教育 | F13: =SUM(G13:K13) -> 1886.1298 | K13: ='24、专户'!F14-SUM(G13:H13) -> 1886.1298
A14: 205 | B14: 02 | C14: 03 | D14: 084 | E14: 初中教育 | F14: =SUM(G14:K14) -> 2363.6222 | K14: ='24、专户'!F15-SUM(G14:H14) -> 2363.6222
A15: 205 | B15: 02 | C15: 04 | D15: 084 | E15: 高中教育 | F15: =SUM(G15:K15) -> 3517 | K15: ='24、专户'!F16-SUM(G15:H15) -> 3517
A16: 205 | B16: 03 | D16: 084 | E16: 职业教育 | F16: =SUM(G16:K16) -> 1337 | G16: =G17 -> 0 | H16: =H17 -> 0 | I16: =I17 -> 0 | J16: =J17 -> 0 | K16: ='24、专户'!F17-SUM(G16:H16) -> 1337
A17: 205 | B17: 03 | C17: 02 | D17: 084 | E17: 中职业教育 | F17: =SUM(G17:K17) -> 1337 | K17: ='24、专户'!F18-SUM(G17:H17) -> 1337
A18: 205 | B18: 07 | D18: 084 | E18: 特殊教育 | F18: =SUM(G18:K18) -> 296.25 | G18: =G19 -> 0 | H18: =H19 -> 0 | I18: =I19 -> 0 | J18: =J19 -> 0 | K18: ='24、专户'!F19-SUM(G18:H18) -> 296.25
A19: 205 | B19: 07 | C19: 01 | D19: 084 | E19: 特殊学校教育 | F19: =SUM(G19:K19) -> 296.25 | K19: ='24、专户'!F20-SUM(G19:H19) -> 296.25

Sheet 26、经费拨款
V1: 表-26
A2: 经费拨款支出预算表
A3: 单位：岳阳县教育体育局(汇总) | U3: 单位：万元
A4: 功能科目 | D4: 单位代码 | E4: 单位名称（功能科目） | F4: 总计 | G4: 基本支出 | K4: 项目支出 | S4: 附:一般预算拨款(补助)拨付方式
A5: 类 | B5: 款 | C5: 项 | G5: 合计 | H5: 工资福利支出 | I5: 一般商品和服务支出 | J5: 对个人和家庭的补助 | K5: 合计 | L5: 专项商品和服务支出 | M5: 对企业补助 | N5: 债务利息及费用支出 | O5: 对社会保障基金补助 | P5: 资本性支出(基本建设) | Q5: 资本性支出 | R5: 其他支出 | S5: 合计 | T5: 下单位 | U5: 审批专款 | V5: 财政代扣
A7: ** | B7: ** | C7: ** | D7: ** | E7: ** | F7: 1 | G7: 2 | H7: 3 | I7: 4 | J7: 5 | K7: 6 | L7: 7 | M7: 8 | N7: 9 | O7: 10 | P7: 11 | Q7: 12 | R7: 13 | S7: 14 | T7: 15 | U7: 16 | V7: 17
A8: 205 | D8: 084 | E8: 教育支出 | F8: =G8+K8 -> 96719.995 | G8: =SUM(H8:J8) -> 87714.681 | H8: =H9+H11+H16+H18 -> 60796.718 | I8: =I9+I11+I16+I18 -> 11831.638 | J8: =J9+J11+J16+J18 -> 15086.325 | K8: =K9+K11+K16+K18 -> 9005.3146 | L8: =L9+L11+L16+L18 -> 578.13362 | P8: =P9+P11+P16+P18 -> 0 | Q8: =Q9+Q11+Q16+Q18 -> 3194.8243 | R8: =R9+R11+R16+R18 -> 5232.3567
A9: 205 | B9: 01 | D9: 084 | E9: 教育管理事务 | F9: =G9+K9 -> 1973.92 | G9: =SUM(H9:J9) -> 1766.9 | H9: =H10 -> 1216.18 | I9: =I10 -> 235.65 | J9: =J10 -> 315.07 | K9: =SUM(L9:R9) -> 207.02 | L9: =L10 -> 58 | P9: =P10 -> 0 | Q9: =Q10 -> 65 | R9: =R10 -> 84.02
A10: 205 | B10: 01 | C10: 02 | D10: 084 | E10: 一般行政管理事务 | F10: =G10+K10 -> 1973.92 | G10: =SUM(H10:J10) -> 1766.9 | H10: 1216.18 | I10: 235.65 | J10: 315.07 | K10: =SUM(L10:R10) -> 207.02 | L10: 58 | Q10: 65 | R10: 84.02
A11: 205 | B11: 02 | E11: 普通教育 | F11: =G11+K11 -> 88121.675 | G11: =SUM(H11:J11) -> 79762.951 | H11: =H12+H13+H14+H15 -> 55336.228 | I11: =I12+I13+I14+I15 -> 10772.698 | J11: =J12+J13+J14+J15 -> 13654.025 | K11: =SUM(L11:R11) -> 8358.7246 | L11: =L12+L13+L14+L15 -> 426.08362 | P11: =P12+P13+P14+P15 -> 0 | Q11: =Q12+Q13+Q14+Q15 -> 2999.3243 | R11: =R12+R13+R14+R15 -> 4933.3167
A12: 205 | B12: 02 | C12: 01 | D12: 084 | E12: 学前教育 | F12: =G12+K12 -> 5352.334 | G12: =SUM(H12:J12) -> 3940.6278 | H12: 2712.3848 | I12: 525.55828 | J12: 702.6847 | K12: =SUM(L12:R12) -> 1411.7062 | L12: 79.354468 | M12: 0 | N12: 0 | O12: 0 | Q12: 144.96621 | R12: 1187.3856
A13: 205 | B13: 02 | C13: 02 | D13: 084 | E13: 小学教育 | F13: =G13+K13 -> 11609.092 | G13: =SUM(H13:J13) -> 9831.68 | H13: 6513.33 | I13: 1312.65 | J13: 2005.7 | K13: =SUM(L13:R13) -> 1777.4125 | L13: 112.70894 | M13: 0 | N13: 0 | O13: 0 | Q13: 389.93243 | R13: 1274.7711
A14: 205 | B14: 02 | C14: 03 | D14: 084 | E14: 初中教育 | F14: =G14+K14 -> 37280.101 | G14: =SUM(H14:J14) -> 34465.745 | H14: 24411.463 | I14: 4730.12 | J14: 5324.1623 | K14: =SUM(L14:R14) -> 2814.3562 | L14: 123.19021 | M14: 0 | N14: 0 | O14: 0 | Q14: 1304.6959 | R14: 1386.47
A15: 205 | B15: 02 | C15: 04 | D15: 084 | E15: 高中教育 | F15: =G15+K15 -> 33880.147 | G15: =SUM(H15:J15) -> 31524.898 | H15: 21699.05 | I15: 4204.37 | J15: 5621.4776 | K15: =SUM(L15:R15) -> 2355.2497 | L15: 110.83 | M15: 0 | N15: 0 | O15: 0 | Q15: 1159.7297 | R15: 1084.69
A16: 205 | B16: 03 | D16: 084 | E16: 职业教育 | F16: =G16+K16 -> 5654.88 | G16: =SUM(H16:J16) -> 5305.38 | H16: =H17 -> 3642.22 | I16: =I17 -> 706.96 | J16: =J17 -> 956.2 | K16: =SUM(L16:R16) -> 349.5 | L16: =L17 -> 82 | P16: =P17 -> 0 | Q16: =Q17 -> 85.5 | R16: =R17 -> 182
A17: 205 | B17: 03 | C17: 02 | D17: 084 | E17: 中职业教育 | F17: =G17+K17 -> 5654.88 | G17: =SUM(H17:J17) -> 5305.38 | H17: 3642.22 | I17: 706.96 | J17: 956.2 | K17: =SUM(L17:R17) -> 349.5 | L17: 82 | Q17: 85.5 | R17: 182
A18: 205 | B18: 07 | D18: 084 | E18: 特殊教育 | F18: =G18+K18 -> 969.52 | G18: =SUM(H18:J18) -> 879.45 | H18: =H19 -> 602.09 | I18: =I19 -> 116.33 | J18: =J19 -> 161.03 | K18: =SUM(L18:R18) -> 90.07 | L18: =L19 -> 12.05 | P18: =P19 -> 0 | Q18: =Q19 -> 45 | R18: =R19 -> 33.02
A19: 205 | B19: 07 | C19: 01 | D19: 084 | E19: 特殊学校教育 | F19: =G19+K19 -> 969.52 | G19: =SUM(H19:J19) -> 879.45 | H19: 602.09 | I19: 116.33 | J19: 161.03 | K19: =SUM(L19:R19) -> 90.07 | L19: 12.05 | Q19: 45 | R19: 33.02
H21: =H10/$F$10 -> 0.61612426 | I21: =I10/$F$10 -> 0.11938174 | J21: =J10/$F$10 -> 0.1596164 | L21: =L10/$F$10 -> 0.029383156 | M21: =M10/$F$10 -> 0 | N21: =N10/$F$10 -> 0 | O21: =O10/$F$10 -> 0 | P21: =P10/$F$10 -> 0 | Q21: =Q10/$F$10 -> 0.032929399 | R21: =R10/$F$10 -> 0.042565048
C22: 96720 | H22: =$C$22*H21 -> 59591.538 | I22: =$C$22*I21 -> 11546.602 | J22: =$C$22*J21 -> 15438.098 | K22: =$C$22*K21 -> 0 | L22: =$C$22*L21 -> 2841.9389 | M22: =$C$22*M21 -> 0 | N22: =$C$22*N21 -> 0 | O22: =$C$22*O21 -> 0 | ... R22: =$C$22*R21 -> 4116.8915
B23: 01 | C23: 02 | D23: 084 | E23: 一般行政管理事务 | F23: =F10/$F$8 -> 0.020408603 | H23: =H$22*F23 -> 1216.1801 | I23: =I$22*F23 -> 235.65001 | J23: =J$22*F23 -> 315.07002 | L23: =L$22*F23 -> 58.000003 | P23: =P$22*F23 -> 0 | R23: =R$22*F23 -> 84.020004
B24: 02 | E24: 普通教育 | H24: =H$22*F24 -> 0 | I24: =I$22*F24 -> 0 | J24: =J$22*F24 -> 0 | L24: =L$22*F24 -> 0 | P24: =P$22*F24 -> 0 | R24: =R$22*F24 -> 0
B25: 02 | C25: 01 | D25: 084 | E25: 学前教育 | F25: =F12/$F$8 -> 0.055338444 | H25: =H$22*F25 -> 3297.703 | I25: =I$22*F25 -> 638.97097 | J25: =J$22*F25 -> 854.32032 | L25: =L$22*F25 -> 157.26847 | P25: =P$22*F25 -> 0 | R25: =R$22*F25 -> 227.82237
B26: 02 | C26: 02 | D26: 084 | E26: 小学教育 | F26: =F13/$F$8 -> 0.12002784 | H26: =H$22*F26 -> 7152.6439 | I26: =I$22*F26 -> 1385.9137 | J26: =J$22*F26 -> 1853.0016 | L26: =L$22*F26 -> 341.1118 | P26: =P$22*F26 -> 0 | R26: =R$22*F26 -> 494.14161
B27: 02 | C27: 03 | D27: 084 | E27: 初中教育 | F27: =F14/$F$8 -> 0.38544358 | H27: =H$22*F27 -> 22969.176 | I27: =I$22*F27 -> 4450.5635 | J27: =J$22*F27 -> 5950.5158 | L27: =L$22*F27 -> 1095.4071 | P27: =P$22*F27 -> 0 | R27: =R$22*F27 -> 1586.8294
B28: 02 | C28: 04 | D28: 084 | E28: 高中教育 | F28: =F15/$F$8 -> 0.35029104 | H28: =H$22*F28 -> 20874.382 | I28: =I$22*F28 -> 4044.6711 | J28: =J$22*F28 -> 5407.8273 | L28: =L$22*F28 -> 995.50571 | P28: =P$22*F28 -> 0 | R28: =R$22*F28 -> 1442.1102
B29: 03 | D29: 084 | E29: 职业教育 | H29: =H$22*F29 -> 0 | I29: =I$22*F29 -> 0 | J29: =J$22*F29 -> 0 | L29: =L$22*F29 -> 0 | P29: =P$22*F29 -> 0 | R29: =R$22*F29 -> 0
B30: 03 | C30: 02 | D30: 084 | E30: 中职业教育 | F30: =F17/$F$8 -> 0.058466504 | H30: =H$22*F30 -> 3484.1089 | I30: =I$22*F30 -> 675.08944 | J30: =J$22*F30 -> 902.61162 | L30: =L$22*F30 -> 166.15823 | P30: =P$22*F30 -> 0 | R30: =R$22*F30 -> 240.70025
B31: 07 | D31: 084 | E31: 特殊教育 | H31: =H$22*F31 -> 0 | I31: =I$22*F31 -> 0 | J31: =J$22*F31 -> 0 | L31: =L$22*F31 -> 0 | P31: =P$22*F31 -> 0 | R31: =R$22*F31 -> 0
B32: 07 | C32: 01 | D32: 084 | E32: 特殊学校教育 | F32: =F19/$F$8 -> 0.010023987 | H32: =H$22*F32 -> 597.34482 | I32: =I$22*F32 -> 115.74299 | J32: =J$22*F32 -> 154.7513 | L32: =L$22*F32 -> 28.487559 | P32: =P$22*F32 -> 0 | R32: =R$22*F32 -> 41.267668
H35: 1075.575 | I35: 269.7859 | J35: 465.19584 | L35: 89.850016 | P35: 389.55858 | R35: 584.50706
H36: 0 | I36: 0 | J36: 0 | L36: 0 | P36: 0 | R36: 0
H37: 2258.4532 | I37: 566.48658 | J37: 976.80124 | L37: 188.66378 | P37: 817.98087 | R37: 1227.3266
H38: 12702.716 | I38: 3186.2153 | J38: 5494.0383 | L38: 1061.1433 | P38: 4600.75 | R38: 6903.1232
H39: 8197.2629 | I39: 2056.115 | J39: 3545.3897 | L39: 684.77249 | P39: 2968.9366 | R39: 4454.6944
H40: 6385.6419 | I40: 1601.7071 | J40: 2761.8473 | L40: 533.43561 | P40: 2312.7922 | R40: 3470.1928
H41: 0 | I41: 0 | J41: 0 | L41: 0 | P41: 0 | R41: 0
H42: 2024.6425 | I42: 507.83998 | J42: 875.67604 | L42: 169.13201 | P42: 733.29785 | R42: 1100.2653
H43: 0 | I43: 0 | J43: 0 | L43: 0 | P43: 0 | R43: 0
H44: 562.46551 | I44: 141.08292 | J44: 243.27137 | L44: 46.986526 | P44: 203.71732 | R44: 305.66446
F48: 88046.68
B50: 01 | C50: 02 | D50: 084 | E50: 一般行政管理事务 | F50: =F37/$F$8 -> 0
B51: 02 | E51: 普通教育
B52: 02 | C52: 01 | D52: 084 | E52: 学前教育 | F52: 0.05 | H52: =$F$48*$F$52*H21 -> 2712.3848 | I52: =$F$48*$F$52*I21 -> 525.55828 | J52: =$F$48*$F$52*J21 -> 702.6847 | K52: =$F$48*$F$52*K21 -> 0 | L52: =$F$48*$F$52*L21 -> 129.35447 | M52: =$F$48*$F$52*M21 -> 0 | N52: =$F$48*$F$52*N21 -> 0 | O52: =$F$48*$F$52*O21 -> 0 | ... R52: =$F$48*$F$52*R21 -> 187.38556
B53: 02 | C53: 02 | D53: 084 | E53: 小学教育 | F53: 0.1 | H53: =$F$48*$F$53*H21 -> 5424.7696 | I53: =$F$48*$F$53*I21 -> 1051.1166 | J53: =$F$48*$F$53*J21 -> 1405.3694 | K53: =$F$48*$F$53*K21 -> 0 | L53: =$F$48*$F$53*L21 -> 258.70894 | M53: =$F$48*$F$53*M21 -> 0 | N53: =$F$48*$F$53*N21 -> 0 | O53: =$F$48*$F$53*O21 -> 0 | ... R53: =$F$48*$F$53*R21 -> 374.77112
B54: 02 | C54: 03 | D54: 084 | E54: 初中教育 | F54: 0.45 | H54: =$F$48*$F$54*H21 -> 24411.463 | I54: =$F$48*$F$54*I21 -> 4730.0246 | J54: =$F$48*$F$54*J21 -> 6324.1623 | K54: =$F$48*$F$54*K21 -> 0 | L54: =$F$48*$F$54*L21 -> 1164.1902 | M54: =$F$48*$F$54*M21 -> 0 | N54: =$F$48*$F$54*N21 -> 0 | O54: =$F$48*$F$54*O21 -> 0 | ... V54: =$F$48*$F$54*V21 -> 0
B55: 02 | C55: 04 | D55: 084 | E55: 高中教育 | F55: 0.4 | H55: =$F$48*$F$55*H21 -> 21699.078 | I55: =$F$48*$F$55*I21 -> 4204.4663 | J55: =$F$48*$F$55*J21 -> 5621.4776 | K55: =$F$48*$F$55*K21 -> 0 | L55: =$F$48*$F$55*L21 -> 1034.8357 | M55: =$F$48*$F$55*M21 -> 0 | N55: =$F$48*$F$55*N21 -> 0 | O55: =$F$48*$F$55*O21 -> 0 | ... R55: =$F$48*$F$55*R21 -> 1499.0845
B56: 03 | D56: 084 | E56: 职业教育
B57: 03 | C57: 02 | D57: 084 | E57: 中职业教育 | F57: =F44/$F$8 -> 0
B58: 07 | D58: 084 | E58: 特殊教育 | H58: 2712.3848 | I58: 525.55828 | J58: 702.6847 | K58: 0 | L58: 129.35447 | M58: 0 | N58: 0 | O58: 0 | P58: 144.96621 | Q58: 0 | R58: 187.38556 | Z58: =ROUND(H58,2) -> 2712.38 | AA58: =ROUND(I58,2) -> 525.56 | AB58: =ROUND(J58,2) -> 702.68 | AC58: =ROUND(K58,2) -> 0 | AD58: =ROUND(L58,2) -> 129.35 | AE58: =ROUND(M58,2) -> 0 | AF58: =ROUND(N58,2) -> 0 | AG58: =ROUND(O58,2) -> 0 | ... AJ58: =ROUND(R58,2) -> 187.39
B59: 07 | C59: 01 | D59: 084 | E59: 特殊学校教育 | F59: =F46/$F$8 -> 0 | H59: 5424.7696 | I59: 1051.1166 | J59: 1405.3694 | K59: 0 | L59: 258.70894 | M59: 0 | N59: 0 | O59: 0 | P59: 289.93243 | Q59: 0 | R59: 374.77112 | Z59: =ROUND(H59,2) -> 5424.77 | AA59: =ROUND(I59,2) -> 1051.12 | AB59: =ROUND(J59,2) -> 1405.37 | AC59: =ROUND(K59,2) -> 0 | AD59: =ROUND(L59,2) -> 258.71 | AE59: =ROUND(M59,2) -> 0 | AF59: =ROUND(N59,2) -> 0 | AG59: =ROUND(O59,2) -> 0 | ... AJ59: =ROUND(R59,2) -> 374.77
H60: 24411.463 | I60: 4730.0246 | J60: 6324.1623 | K60: 0 | L60: 1164.1902 | M60: 0 | N60: 0 | O60: 0 | P60: 1304.6959 | Q60: 0 | R60: 1686.47 | Z60: =ROUND(H60,2) -> 24411.46 | AA60: =ROUND(I60,2) -> 4730.02 | AB60: =ROUND(J60,2) -> 6324.16 | AC60: =ROUND(K60,2) -> 0 | AD60: =ROUND(L60,2) -> 1164.19 | AE60: =ROUND(M60,2) -> 0 | AF60: =ROUND(N60,2) -> 0 | AG60: =ROUND(O60,2) -> 0 | ... AJ60: =ROUND(R60,2) -> 1686.47
H61: 21699.078 | I61: 4204.4663 | J61: 5621.4776 | K61: 0 | L61: 1034.8357 | M61: 0 | N61: 0 | O61: 0 | P61: 1159.7297 | Q61: 0 | R61: 1499.0845 | Z61: =ROUND(H61,2) -> 21699.08 | AA61: =ROUND(I61,2) -> 4204.47 | AB61: =ROUND(J61,2) -> 5621.48 | AC61: =ROUND(K61,2) -> 0 | AD61: =ROUND(L61,2) -> 1034.84 | AE61: =ROUND(M61,2) -> 0 | AF61: =ROUND(N61,2) -> 0 | AG61: =ROUND(O61,2) -> 0 | ... AJ61: =ROUND(R61,2) -> 1499.08

Sheet 27、经费拨款(政府预算)
U1: 表-27
A2: 经费拨款支出预算表(按政府预算经济分类)
A3: 单位：岳阳县教育体育局(汇总) | T3: 单位：万元
A4: 功能科目 | D4: 单位编码 | E4: 功能科目名称 | F4: 总 计 | G4: 机关工资福利支出 | H4: 机关商品和服务支出 | I4: 机关资本性支出(一) | J4: 机关资本性支出(二) | K4: 对事业单位经常性补助 | L4: 对事业单位资本性补助 | M4: 对企业补助 | N4: 对企业资本性支出 | O4: 对个人和家庭的补助 | P4: 对社会保障基金补助 | Q4: 债务利息及费用支出 | R4: 债务还本支出 | S4: 转移性支出 | T4: 预备费及预留 | U4: 其他支出
A5: 类 | B5: 款 | C5: 项
A7: 合计 | D7: 084 | E7: 岳阳县教育体育局(汇总) | F7: =SUM(G7:U7) -> 96720 | G7: =G8 -> 1841.5316 | H7: =H8 -> 1961.7148 | I7: =I8 -> 1068.4028 | J7: =J8 -> 0 | K7: =K8 -> 79007.645 | L7: =L8 -> 0 | M7: =M8 -> 0 | N7: =N8 -> 0 | ... U7: =U8 -> 8336.02
A8: 205 | E8: 教育支出 | F8: =SUM(G8:U8) -> 96720 | G8: =G9+G12+G17+G19 -> 1841.5316 | H8: =H9+H12+H17+H19 -> 1961.7148 | I8: =I9+I12+I17+I19 -> 1068.4028 | J8: =J9+J12+J17+J19 -> 0 | K8: =K9+K12+K17+K19 -> 79007.645 | L8: =L9+L12+L17+L19 -> 0 | M8: =M9+M12+M17+M19 -> 0 | N8: =N9+N12+N17+N19 -> 0 | ... U8: =U9+U12+U17+U19 -> 8336.02
A9: 205 | B9: 01 | E9: 教育管理事务 | F9: =SUM(G9:U9) -> 1943.92 | G9: =G10+G11 -> 1216.18 | H9: =H10+H11 -> 236.65 | I9: =I10+I11 -> 95 | J9: =J10+J11 -> 0 | K9: =K10+K11 -> 0 | L9: =L10+L11 -> 0 | M9: =M10+M11 -> 0 | N9: =N10+N11 -> 0 | ... U9: =U10+U11 -> 74.02
A10: 205 | B10: 01 | C10: 01 | D10: 084 | E10: 行政运行 | F10: =SUM(G10:U10) -> 0
A11: 205 | B11: 01 | C11: 02 | D11: 084 | E11: 一般行政管理事务 | F11: =SUM(G11:U11) -> 1943.92 | G11: 1216.18 | H11: 236.65 | I11: 95 | O11: 322.07 | U11: 74.02
A12: 205 | B12: 02 | E12: 普通教育 | F12: =F13+F14+F15+F16 -> 87381.851 | G12: =G13+G14+G15+G16 -> 571.83031 | H12: =H13+H14+H15+H16 -> 1589.4568 | I12: =I13+I14+I15+I16 -> 896.89737 | J12: =J13+J14+J15+J16 -> 0 | K12: =K13+K14+K15+K16 -> 72821.48 | L12: =L13+L14+L15+L16 -> 0 | M12: =M13+M14+M15+M16 -> 0 | ... U12: =U13+U14+U15+U16 -> 7651.5
A13: 205 | B13: 02 | C13: 01 | D13: 084 | E13: 学前教育 | F13: =SUM(G13:U13) -> 7493.5551 | G13: 45.228369 | H13: 123.61007 | I13: 69.736627 | J13: 0 | K13: 6098.98 | L13: 0 | M13: 0 | N13: 0 | O13: 304 | U13: 852
A14: 205 | B14: 02 | C14: 02 | D14: 084 | E14: 小学教育 | F14: =SUM(G14:U14) -> 39902.09 | G14: 272.69543 | H14: 759.02 | I14: 428.39299 | J14: 0 | K14: 34555.89 | L14: 0 | M14: 0 | N14: 0 | O14: 1832.6419 | U14: 2053.45
A15: 205 | B15: 02 | C15: 03 | D15: 084 | E15: 初中教育 | F15: =SUM(G15:U15) -> 24156.426 | G15: 159.13057 | H15: 441.94556 | I15: 249.33076 | J15: 0 | K15: 20112.51 | L15: 0 | M15: 0 | N15: 0 | O15: 1071.4594 | U15: 2122.05
A16: 205 | B16: 02 | C16: 04 | D16: 084 | E16: 高中教育 | F16: =SUM(G16:U16) -> 15829.78 | G16: 94.775936 | H16: 264.88112 | I16: 149.43699 | J16: 0 | K16: 12054.1 | L16: 0 | M16: 0 | N16: 0 | O16: 642.58562 | U16: 2624
A17: 205 | B17: 03 | D17: 084 | E17: 中等职业教育 | F17: =F18 -> 5647.5752 | G17: =G18 -> 39.972245 | H17: =H18 -> 106.12536 | I17: =I18 -> 59.872347 | J17: =J18 -> 0 | K17: =K18 -> 4832.7041 | L17: =L18 -> 0 | M17: =M18 -> 0 | ... U17: =U18 -> 350.05
A18: 205 | B18: 03 | C18: 02 | D18: 084 | E18: 中等职业教育 | F18: =SUM(G18:U18) -> 5647.5752 | G18: 39.972245 | H18: 106.12536 | I18: 59.872347 | J18: 0 | K18: 4832.7041 | L18: 0 | M18: 0 | N18: 0 | O18: 258.85112 | U18: 350.05
A19: 205 | B19: 07 | D19: 084 | E19: 特殊学校教育 | F19: =F20 -> 1746.654 | G19: =G20 -> 13.549061 | H19: =H20 -> 29.482665 | I19: =I20 -> 16.633124 | J19: =J20 -> 0 | K19: =K20 -> 1353.4612 | L19: =L20 -> 0 | M19: =M20 -> 0 | ... U19: =U20 -> 260.45
A20: 205 | B20: 07 | C20: 01 | D20: 084 | E20: 特殊学校教育 | F20: =SUM(G20:U20) -> 1746.654 | G20: 13.549061 | H20: 29.482665 | I20: 16.633124 | J20: 0 | K20: 1353.4612 | L20: 0 | M20: 0 | N20: 0 | O20: 73.077945 | U20: 260.45
G22: =G20/$F$20 -> 0.0077571521 | H22: =0.02 -> 0.02 | I22: =I20/$F$20 -> 0.0095228497 | J22: =J20/$F$20 -> 0 | K22: =0.91 -> 0.91 | L22: =L20/$F$20 -> 0 | M22: =M20/$F$20 -> 0 | N22: =N20/$F$20 -> 0 | O22: =O20/$F$20 -> 0.04183882 | P22: =P20/$F$20 -> 0 | Q22: =Q20/$F$20 -> 0 | R22: =R20/$F$20 -> 0 | S22: =S20/$F$20 -> 0 | ... U22: =U20/$F$20 -> 0.14911367
E24: 88745 | F24: =F12+F17+F19 -> 94776.08 | G24: =E24-F9 -> 86801.08
C25: 01 | D25: 084 | E25: 行政运行
C26: 02 | D26: 084 | E26: 一般行政管理事务
B27: =F12/F24 -> 0.92198212 | E27: 普通教育
C28: 01 | D28: 084 | E28: 学前教育 | F28: =G13/$G$12 -> 0.079094038 | G28: =$G$24*$B$27*F28 -> 6329.8202 | H28: =$G$28*G22 -> 49.101378 | I28: =$G$28*H22 -> 126.5964 | J28: =$G$28*I22 -> 60.277927 | K28: =$G$28*J22 -> 0 | L28: =$G$28*K22 -> 5760.1364 | M28: =$G$28*L22 -> 0 | N28: =$G$28*M22 -> 0 | O28: =$G$28*N22 -> 0 | P28: =$G$28*O22 -> 264.83221
C29: 02 | D29: 084 | E29: 小学教育 | F29: =G14/$G$12 -> 0.47688174 | G29: =$G$24*$B$27*F29 -> 38164.389 | H29: =$G$29*G22 -> 296.04697 | I29: =$G$29*H22 -> 763.28779 | J29: =$G$29*I22 -> 363.43375 | K29: =$G$29*J22 -> 0 | L29: =$G$29*K22 -> 34729.594 | M29: =$G$29*L22 -> 0 | N29: =$G$29*M22 -> 0 | O29: =$G$29*N22 -> 0 | P29: =$G$29*O22 -> 1596.753
C30: 03 | D30: 084 | E30: 初中教育 | F30: =G15/$G$12 -> 0.27828286 | G30: =$G$24*$B$27*F30 -> 22270.711 | H30: =$G$30*G22 -> 172.75729 | I30: =$G$30*H22 -> 445.41422 | J30: =$G$30*I22 -> 212.08063 | K30: =$G$30*J22 -> 0 | L30: =$G$30*K22 -> 20266.347 | M30: =$G$30*L22 -> 0 | N30: =$G$30*M22 -> 0 | O30: =$G$30*N22 -> 0 | P30: =$G$30*O22 -> 931.78027
C31: 04 | D31: 084 | E31: 高中教育 | F31: =G16/$G$12 -> 0.16574136 | G31: =$G$24*$B$27*F31 -> 13264.123 | H31: =$G$31*G22 -> 102.89182 | I31: =$G$31*H22 -> 265.28246 | J31: =$G$31*I22 -> 126.31225 | K31: =$G$31*J22 -> 0 | L31: =$G$31*K22 -> 12070.352 | M31: =$G$31*L22 -> 0 | N31: =$G$31*M22 -> 0 | O31: =$G$31*N22 -> 0 | P31: =$G$31*O22 -> 554.95525
B32: =F17/F24 -> 0.059588613 | D32: 084 | E32: 中等职业教育
C33: 02 | D33: 084 | E33: 中等职业教育 | G33: =G24*B32 -> 5172.356 | H33: =$G$33*G22 -> 40.122752 | I33: =$G$33*H22 -> 103.44712 | J33: =$G$33*I22 -> 49.255569 | K33: =$G$33*J22 -> 0 | L33: =$G$33*K22 -> 4706.8439 | M33: =$G$33*L22 -> 0 | N33: =$G$33*M22 -> 0 | O33: =$G$33*N22 -> 0 | P33: =$G$33*O22 -> 216.40527
B34: =F19/F24 -> 0.018429271 | D34: 084 | E34: 特殊学校教育
C35: 01 | D35: 084 | E35: 特殊学校教育 | G35: =G24*B34 -> 1599.6806 | H35: =$G$35*G22 -> 12.408966 | I35: =$G$35*H22 -> 31.993612 | J35: =$G$35*I22 -> 15.233518 | K35: =$G$35*J22 -> 0 | L35: =$G$35*K22 -> 1455.7094 | M35: =$G$35*L22 -> 0 | N35: =$G$35*M22 -> 0 | O35: =$G$35*N22 -> 0 | P35: =$G$35*O22 -> 66.928749
A39: 205 | B39: 01 | D39: 084 | E39: 教育管理事务 | F39: 1943.92 | G39: 1774.9
A40: 205 | B40: 01 | C40: 02 | D40: 084 | E40: 一般行政管理事务 | F40: 1943.92 | G40: 1774.9
A41: 205 | B41: 02 | E41: 普通教育 | F41: 88008.68 | G41: 58784.868
A42: 205 | B42: 02 | C42: 01 | D42: 084 | E42: 学前教育 | F42: 8035.7122 | G42: 5801.741 | I42: =F42-F13 -> 542.15717
A43: 205 | B43: 02 | C43: 02 | D43: 084 | E43: 小学教育 | F43: 31000.18 | G43: 18435.164 | I43: =F43-F14 -> -8901.9098
A44: 205 | B44: 02 | C44: 03 | D44: 084 | E44: 初中教育 | F44: 24907.171 | G44: 16798.768 | I44: =F44-F15 -> 750.74467
A45: 205 | B45: 02 | C45: 04 | D45: 084 | E45: 高中教育 | F45: 24065.617 | G45: 17749.196 | I45: =F45-F16 -> 8235.8372
A46: 205 | B46: 03 | D46: 084 | E46: 职业教育 | F46: 5727.2 | G46: 5324.7 | I46: =F46-F17 -> 79.624826
A47: 205 | B47: 03 | C47: 02 | D47: 084 | E47: 中职业教育 | F47: 5727.2 | G47: 5324.7 | I47: =F47-F18 -> 79.624826
A48: 205 | B48: 07 | D48: 084 | E48: 特殊教育 | F48: 967.52 | G48: 887.45 | I48: =F48-F19 -> -779.13404
A49: 205 | B49: 07 | C49: 01 | D49: 084 | E49: 特殊学校教育 | F49: 967.52 | G49: 887.45 | I49: =F49-F20 -> -779.13404

Sheet 28、三公
O1: 表-28
A2: 2023年“三公”经费预算公开表
A3: 单位：岳阳县教育体育局(汇总) | O3: 单位：万元
A4: 单位名称 | B4: 2022年"三公"经费预算支出 | I4: 2023年"三公"经费预算支出
B5: 合计 | C5: 公务接待费 | D5: 因公出国（境）费 | E5: 公务用车购置 | F5: 公务用车运行维护费 | G5: 其他交通工具购置 | H5: 其他交通费用 | I5: 合计 | J5: 公务接待费 | K5: 因公出国（境）费 | L5: 公务用车购置 | M5: 公务用车运行维护费 | N5: 其他交通工具购置 | O5: 其他交通费用
A7: ** | B7: 7 | C7: 8 | D7: 9 | E7: 10 | F7: 11 | G7: 12 | H7: 13 | I7: 14 | J7: 15 | K7: 16 | L7: 17 | M7: 18 | N7: 19 | O7: 20
A8: 岳阳县教育体育局(汇总) | B8: =C8 -> 94.8 | C8: 94.8 | I8: =J8+K8+L8+M8+N8+O8 -> 89.75 | J8: 89.75

Sheet 29、整体绩效
I1: 表-29
A2: 部门(单位)整体支出预算绩效目标申报表
A3: 单位：岳阳县教育体育局(汇总) | I3: 单位：万元
A4: 单位编码 | B4: 单位名称 | C4: 年度预算申请资金 | F4: 部门职能职责概述 | G4: 年度整体绩效目标 | H4: 年度整体绩效指标
C5: 总额 | D5: 基本支出 | E5: 项目支出 | H5: 产出指标 | I5: 效益指标
A6: 合计 | C6: =C7 -> 121286 | D6: =D7 -> 95452.03 | E6: =E7 -> 25833.97
A7: 084 | B7: 岳阳县教育体育局(汇总) | C7: =D7+E7 -> 121286 | D7: 95452.03 | E7: 25833.97 | F7: 按相关政策文件精神，对全县中小学校的教育教学、学校思想政治工作、德育工作、体育、卫生、艺术教育和国防教育的指导工作。 | G7: 按年初计划完成本年度的预算。 | H7: 按年初计划完成本年度的预算。 | I7: 按年初计划完成本年度的预算。

Sheet 30、项目绩效
N1: 表-30
A2: 财政支出项目预算绩效目标申报表
A3: 单位：岳阳县教育体育局(汇总) | N3: 单位：万元
A4: 单位编码 | B4: 单位名称 | C4: 项目名称 | D4: 项目属性 | E4: 项目资金 | G4: 项目立项依据 | H4: 项目保障措施 | I4: 项目年度实施进度计划 | J4: 项目长期绩效目标 | K4: 项目年度绩效目标 | L4: 项目年度产出指标 | M4: 项目绩效指标 | N4: 其他说明的问题
E5: 总计 | F5: 其中：财政拨款
A6: 合计 | E6: =SUM(E7:E17) -> 4186.2 | F6: =SUM(F7:F17) -> 4186.2
A7: 084 | B7: 岳阳县教育体育局(汇总) | C7: 教师培训费 | D7: 延续项目 | E7: =F7 -> 370 | F7: 370 | G7: 1、《中共中央 国务院关于全县深化新时代教师队伍建设改革的意见》 2、湖南省建设教育强省规划纲要（2010－2020年）》（湘发〔2010〕22号） | H7: 1、《岳阳县教师培养培训制度》（岳县教发〔2010〕53号） 2、《关于进一步规范全县中小学教师培训工作的通知》（岳县教通〔2014〕8号） 3、《关于印发<岳阳县中小学教师培训学分登记管理办法>（修订）的通知》（岳县教体通〔2018〕18号） | I7: 2023年1-12月 | J7: 贯彻落实国家、省、市、县教育规划纲要，造就高素质专业化教师队伍，通过培训教师师德素养和业务水平明显提高，培训质量明显提升，以创新教师培训体制机制为突破口，以培训农村教师为重点，努力构建开放灵活的教师培训体系和保障有力的支撑服务体系，全面提高教师素质，为基本实现教育现代化，建设教育强县提供师资保障。 | K7: 1、开展立德树人为主题的师德建设，教师师德水平有明显提升。 2、按上级教育行政部门要求选送600名左右骨干教师参加国培、省培、市培。 3、以教师信息技术应用能力提升和业务能力提升为重点，办好县级培训班，做好名师送教下乡等工作，力争培训4000人次。 | L7: 培训4600人，财政投入370万元 | M7: 1、教师师德水平和业务能力明显提高 2、教育教学质量明显提高
A8: 084 | B8: 岳阳县教育体育局(汇总) | C8: 特教专项· | D8: 延续项目 | E8: =F8 -> 100 | F8: 100 | G8: 1.根据《国务院办公厅关于转发教育部特殊教育提升计划（2014-2016）年的通知》（国办发[2014]1号）和《湖南省特殊教育提升计划实施方案（2014-2016）》（湘政办发[2014]76号）文件精神，为加快推进我县特殊教育事业发展，按照生均6000元的标准安排特殊教育学生生均公用经费 | H8: 1、《残疾人教育条例》2、《特殊教育学校暂行规程》3、国务院办公厅转发教育部等部门《关于进一步加快特殊教育事业发展的意见》 | I8: 2023年1-12月 | J8: 完成国务院2017特殊教育学校提升计划，不断提高办学水平， | K8: 争创省特殊教育先进学校，创省合格学校
A9: 084 | B9: 岳阳县教育体育局(汇总) | C9: 寄宿生生活补助 | D9: 延续项目 | E9: =F9 -> 605 | F9: 605 | G9: 湖南省财政厅 湖南省教育厅关于提前下达2021年城乡义务教育经费保障机制改革中央和省级资金预计数的通知（湘财预【2020】336号 | H9: 《关于进一步完善建档立卡等家庭经济困难学生资助政策的通知》（湘教通【2017】461号，《岳阳县学生资助工作管理暂行办法》（岳县教通【2013】49号），《岳阳县学生资助工作绩效考核细则》 | I9: 2023年1-12月 | J9: 决不让一个学生因家庭贫困而失学 | K9: 小学生每人1000元、初中生每人1250元的标准，资助困难学生5800人
A10: 084 | B10: 岳阳县教育体育局(汇总) | C10: 高中助学金 | D10: 延续项目 | E10: =F10 -> 277 | F10: 277 | G10: 湖南省财政厅 湖南省教育厅关于提前下达2021年普通高中资助中央和省级补助资金预计数的通知（湘财预【2020】379号 | H10: 《关于进一步完善建档立卡等家庭经济困难学生资助政策的通知》（湘教通【2017】461号，《岳阳县学生资助工作管理暂行办法》（岳县教通【2013】49号），《岳阳县学生资助工作绩效考核细则》 | I10: 2023年1-12月 | J10: 决不让一个学生因家庭贫困而失学 | K10: 高中生平均每人2000元的标准，资助困难学生1272人
A11: 084 | B11: 岳阳县教育体育局(汇总) | C11: 困难幼儿入园补助 | D11: 延续项目 | E11: =F11 -> 165.2 | F11: 165.2 | G11: 湖南省财政厅 湖南省教育厅关于提前下达2021年家庭经济困难幼儿入园中央和省级补助资金预计数的通知（湘财预【2021】99号 | H11: 《关于进一步完善建档立卡等家庭经济困难学生资助政策的通知》（湘教通【2017】461号，《岳阳县学生资助工作管理暂行办法》（岳县教通【2013】49号），《岳阳县学生资助工作绩效考核细则》 | I11: 2023年1-12月 | J11: 决不让一个学生因家庭贫困而失学 | K11: 每人1000元的标准，资助困难幼儿1605人
A12: 084 | B12: 岳阳县教育体育局(汇总) | C12: 中职免学费 | D12: 延续项目 | E12: =F12 -> 876 | F12: 876 | G12: 湖南省财政厅 湖南省教育厅 湖南省人力资源和社会保障厅关于提前下达2021年中职学校免学费中央和省级补助资金预计数的通知（湘财预【2020】379号 | H12: 《岳阳县学生资助工作管理暂行办法》（岳县教通【2013】49号），《岳阳县学生资助工作绩效考核细则》 | I12: 2023年1-12月 | J12: 决不让一个学生因家庭贫困而失学 | K12: 每人2400元的标准，资助困难学生3573人
A13: 084 | B13: 岳阳县教育体育局(汇总) | C13: 山区教师岗位津贴 | D13: 延续项目 | E13: =F13 -> 250 | F13: 250 | G13: 1、国家教育部教师厅函【2014】1号；2、教财函【2013】147号；3、湘教办通【2014】129号等文件精神；4、结合我县实际，依据岳县教联发【2017】4号文件《岳阳县边远乡镇教师生活补贴发放方案》实施。 | H13: 1、国家教育部教师厅函【2014】1号；2、教财函【2013】147号；3、湘教办通【2014】129号等文件精神；4、结合我县实际，依据岳县教联发【2017】4号文件。 | I13: 2023年1-12月 | J13: 1、确保山区教师安心教育工作；2、推动义务教育均衡发展；3、稳定山区教师退伍。 | K13: 1、我县四个半乡镇实行学期为单位，一期一审核，一期一发放；2、资金监管责任明确，凡离岗人员除产假外一律不得享受山区教师岗位津贴；3、每学期申报时有单位负责人初审签字、盖章并签具责任状，教体局复审后再报财政局。
A14: 084 | B14: 岳阳县教育体育局(汇总) | C14: 校舍维修 | D14: 延续项目 | E14: =F14 -> 1062 | F14: 1062 | G14: 湘财预[2020]336号 | H14: 《岳阳县防控中小学校新增债务管理办法（试行）》岳县政办发[2014]123号，《岳阳县人民政府办公室关于印发[岳阳县财政专项资金管理办法]的通知》（岳县政办发[2018]4号）、《岳阳县教育系统基本建设管理实施细则（试行）》、《岳阳县教育体育系统采购管理实施细则》 | I14: 2023年1-12月 | J14: 进一步维修改造全县中小学校危险校舍 | K14: 完成薄弱学校的维修改造
A15: 084 | B15: 岳阳县教育体育局(汇总) | C15: 安保经费 | D15: 延续项目 | E15: =F15 -> 60 | F15: 60 | G15: 《中小学幼儿园安全管理办法》 | H15: 《中小学幼儿园安全管理办法》 | I15: 2023年1-12月 | J15: 保障教育一方平安 | K15: 保障教育一方平安
A16: 084 | B16: 岳阳县教育体育局(汇总) | C16: 校车奖补资金 | D16: 延续项目 | E16: =F16 -> 351 | F16: 351 | G16: 《岳阳县校车目标管理与考核办法》和《岳阳县校车监控管理制度》 | H16: 《岳阳县校车目标管理与考核办法》和《岳阳县校车监控管理制度》通过县校车办上路督查及校车监控平台进行目标管理扣分 | I16: 2023年1-12月 | J16: 确保校车运营安全，确保乘车学生幼儿生命安全 | K16: 确保校车运营安全，确保乘车学生幼儿生命安全
A17: 084 | B17: 岳阳县教育体育局(汇总) | C17: 职业教育专项 | D17: 延续项目 | E17: =F17 -> 70 | F17: 70 | G17: 教体局制定职业教育长远规划，职业中专不断完善内部管理制度，为学生服务。 | H17: 教体局制定职业教育长远规划，职业中专不断完善内部管理制度，为学生服务。 | I17: 2023年1-12月 | J17: 完善国家级示范职业学校和县职教中心建设 | K17: 完善国家级示范职业学校和县职教中心建设
